Workbook

Sheet Winst en verlies rekening
B2: Standaardformulier W15 Financieel economische onderbouwing Waddenveren West | H2: Instructie
E3: Versie juli 2026 | H3: Vul de oranje cellen in
B4: Inschrijver
F7: 2029 | G7: 2030 | H7: 2031 | I7: 2032 | J7: 2033 | K7: 2034 | L7: 2035 | M7: 2036 | N7: 2037 | O7: 2038 | P7: 2039 | Q7: 2040 | R7: 2041 | S7: 2042 | T7: 2043
E8: Van | F8: 47127 | G8: 47484 | H8: 47849 | I8: 48214 | J8: 48580 | K8: 48945 | L8: 49310 | M8: 49675 | N8: 50041 | O8: 50406 | P8: 50771 | Q8: 51136 | R8: 51502 | S8: 51867 | T8: 52232
E9: tot en met | F9: 47483 | G9: 47848 | H9: 48213 | I9: 48579 | J9: 48944 | K9: 49309 | L9: 49674 | M9: 50040 | N9: 50405 | O9: 50770 | P9: 51135 | Q9: 51501 | R9: 51866 | S9: 52231 | T9: 52600
E10: Dagen | F10: =(DATEDIF(F8,F9,"D"))+1 -> 357 | G10: =(DATEDIF(G8,G9,"D"))+1 -> 365 | H10: =(DATEDIF(H8,H9,"D"))+1 -> 365 | I10: =(DATEDIF(I8,I9,"D"))+1 -> 366 | J10: =(DATEDIF(J8,J9,"D"))+1 -> 365 | K10: =(DATEDIF(K8,K9,"D"))+1 -> 365 | L10: =(DATEDIF(L8,L9,"D"))+1 -> 365 | M10: =(DATEDIF(M8,M9,"D"))+1 -> 366 | ... T10: =(DATEDIF(T8,T9,"D"))+1 -> 369
C11: Directe kosten
B13: A | C13: Loonkosten direct Personeel | F13: =SUM(F14:F15) -> 0 | G13: =SUM(G14:G15) -> 0 | H13: =SUM(H14:H15) -> 0 | I13: =SUM(I14:I15) -> 0 | J13: =SUM(J14:J15) -> 0 | K13: =SUM(K14:K15) -> 0 | L13: =SUM(L14:L15) -> 0 | M13: =SUM(M14:M15) -> 0 | ... T13: =SUM(T14:T15) -> 0
B14: A.01 | C14: Loonkosten direct Personeel | D14: A.01 | F14: =A.01!B7 -> 0 | G14: =A.01!C7 -> 0 | H14: =A.01!D7 -> 0 | I14: =A.01!E7 -> 0 | J14: =A.01!F7 -> 0 | K14: =A.01!G7 -> 0 | L14: =A.01!H7 -> 0 | M14: =A.01!I7 -> 0 | ... T14: =A.01!P7 -> 0
B15: A.02 | C15: Overige personeelskosten direct Pers. | F15: =SUM(F16:F17) -> 0 | G15: =SUM(G16:G17) -> 0 | H15: =SUM(H16:H17) -> 0 | I15: =SUM(I16:I17) -> 0 | J15: =SUM(J16:J17) -> 0 | K15: =SUM(K16:K17) -> 0 | L15: =SUM(L16:L17) -> 0 | M15: =SUM(M16:M17) -> 0 | ... T15: =SUM(T16:T17) -> 0
B16: A.02.1 | C16: … < specificeren > … | F16: 0 | G16: 0 | H16: 0 | I16: 0 | J16: 0 | K16: 0 | L16: 0 | M16: 0 | N16: 0 | O16: 0 | P16: 0 | Q16: 0 | R16: 0 | S16: 0 | T16: 0
B17: A.02.1 | C17: … < specificeren > … | F17: 0 | G17: 0 | H17: 0 | I17: 0 | J17: 0 | K17: 0 | L17: 0 | M17: 0 | N17: 0 | O17: 0 | P17: 0 | Q17: 0 | R17: 0 | S17: 0 | T17: 0
B19: B | C19: Kosten schepen | F19: =SUM(F20:F24) -> 0 | G19: =SUM(G20:G24) -> 0 | H19: =SUM(H20:H24) -> 0 | I19: =SUM(I20:I24) -> 0 | J19: =SUM(J20:J24) -> 0 | K19: =SUM(K20:K24) -> 0 | L19: =SUM(L20:L24) -> 0 | M19: =SUM(M20:M24) -> 0 | ... T19: =SUM(T20:T24) -> 0
B20: B.01 | C20: Afschrijvingskosten Schepen | D20: B.01 | F20: =B.01!N23 -> 0 | G20: =B.01!N24 -> 0 | H20: =B.01!N25 -> 0 | I20: =B.01!N26 -> 0 | J20: =B.01!N27 -> 0 | K20: =B.01!N28 -> 0 | L20: =B.01!N29 -> 0 | M20: =B.01!N30 -> 0 | N20: =B.01!N31 -> 0 | O20: =B.01!N32 -> 0 | P20: =B.01!N33 -> 0 | Q20: =B.01!N34 -> 0 | R20: =B.01!N35 -> 0 | S20: =B.01!N36 -> 0 | T20: =B.01!N37 -> 0
B21: B.02 | C21: Kosten Operational lease/inhuur Schepen | F21: 0 | G21: 0 | H21: 0 | I21: 0 | J21: 0 | K21: 0 | L21: 0 | M21: 0 | N21: 0 | O21: 0 | P21: 0 | Q21: 0 | R21: 0 | S21: 0 | T21: 0
B22: B.03 | C22: Onderhoudskosten Schepen | D22: B.03 | F22: =B.03!$J$9 -> 0 | G22: =B.03!$J$10 -> 0 | H22: =B.03!$J$11 -> 0 | I22: =B.03!$J$12 -> 0 | J22: =B.03!$J$13 -> 0 | K22: =B.03!$J$14 -> 0 | L22: =B.03!$J$15 -> 0 | M22: =B.03!$J$16 -> 0 | N22: =B.03!$J$17 -> 0 | O22: =B.03!$J$18 -> 0 | P22: =B.03!$J$19 -> 0 | Q22: =B.03!$J$920 -> 0 | R22: =B.03!$J$21 -> 0 | S22: =B.03!$J$22 -> 0 | T22: =B.03!$J$23 -> 0
B23: B.04 | C23: Brandstof Schepen | D23: B.04 | F23: =B.04!B28 -> 0 | G23: =B.04!C28 -> 0 | H23: =B.04!D28 -> 0 | I23: =B.04!E28 -> 0 | J23: =B.04!F28 -> 0 | K23: =B.04!G28 -> 0 | L23: =B.04!H28 -> 0 | M23: =B.04!I28 -> 0 | ... T23: =B.04!P28 -> 0
B24: B.05 | C24: Overige kosten Schepen | F24: =SUM(F25:F26) -> 0 | G24: =SUM(G25:G26) -> 0 | H24: =SUM(H25:H26) -> 0 | I24: =SUM(I25:I26) -> 0 | J24: =SUM(J25:J26) -> 0 | K24: =SUM(K25:K26) -> 0 | L24: =SUM(L25:L26) -> 0 | M24: =SUM(M25:M26) -> 0 | ... T24: =SUM(T25:T26) -> 0
B25: B.05.01 | C25: … < specificeren > … | F25: 0 | G25: 0 | H25: 0 | I25: 0 | J25: 0 | K25: 0 | L25: 0 | M25: 0 | N25: 0 | O25: 0 | P25: 0 | Q25: 0 | R25: 0 | S25: 0 | T25: 0
B26: B.05.02 | C26: … < specificeren > … | F26: 0 | G26: 0 | H26: 0 | I26: 0 | J26: 0 | K26: 0 | L26: 0 | M26: 0 | N26: 0 | O26: 0 | P26: 0 | Q26: 0 | R26: 0 | S26: 0 | T26: 0
B29: C | C29: Kosten Productiemiddelen | F29: =SUM(F30:F34) -> 0 | G29: =SUM(G30:G34) -> 0 | H29: =SUM(H30:H34) -> 0 | I29: =SUM(I30:I34) -> 0 | J29: =SUM(J30:J34) -> 0 | K29: =SUM(K30:K34) -> 0 | L29: =SUM(L30:L34) -> 0 | M29: =SUM(M30:M34) -> 0 | ... T29: =SUM(T30:T34) -> 0
B30: C.01 | C30: Vergoeding Productiemiddelen Vastgoedovereenkomst | F30: =0.0685*(F57+F82) -> 0 | G30: =0.0685*(G57+G82) -> 0 | H30: =0.0685*(H57+H82) -> 0 | I30: =0.0685*(I57+I82) -> 0 | J30: =0.0685*(J57+J82) -> 0 | K30: =0.0685*(K57+K82) -> 0 | L30: =0.0685*(L57+L82) -> 0 | M30: =0.0685*(M57+M82) -> 0 | ... T30: =0.0685*(T57+T82) -> 0
B31: C.02 | C31: Kosten opstalrecht Terminalgebouwen | F31: 0 | G31: 0 | H31: 0 | I31: 0 | J31: 0 | K31: 0 | L31: 0 | M31: 0 | N31: 0 | O31: 0 | P31: 0 | Q31: 0 | R31: 0 | S31: 0 | T31: 0
B32: C.03 | C32: Onderhoudskosten Productiemiddelen | D32: C.03 | F32: ='C.03'!$J$9 -> 0 | G32: ='C.03'!$J$10 -> 0 | H32: ='C.03'!$J$11 -> 0 | I32: ='C.03'!$J$12 -> 0 | J32: ='C.03'!$J$13 -> 0 | K32: ='C.03'!$J$14 -> 0 | L32: ='C.03'!$J$15 -> 0 | M32: ='C.03'!$J$16 -> 0 | N32: ='C.03'!$J$17 -> 0 | O32: ='C.03'!$J$18 -> 0 | P32: ='C.03'!$J$19 -> 0 | Q32: ='C.03'!$J$20 -> 0 | R32: ='C.03'!$J$21 -> 0 | S32: ='C.03'!$J$22 -> 0 | T32: ='C.03'!$J$23 -> 0
B33: C.04 | C33: Afschrijvingskosten overige roerende zaken | F33: 0 | G33: 0 | H33: 0 | I33: 0 | J33: 0 | K33: 0 | L33: 0 | M33: 0 | N33: 0 | O33: 0 | P33: 0 | Q33: 0 | R33: 0 | S33: 0 | T33: 0
B34: C.05 | C34: Onderhoudskosten overige roerende zaken | F34: 0 | G34: 0 | H34: 0 | I34: 0 | J34: 0 | K34: 0 | L34: 0 | M34: 0 | N34: 0 | O34: 0 | P34: 0 | Q34: 0 | R34: 0 | S34: 0 | T34: 0
C36: Indirecte kosten
B38: D | C38: Loonkosten indirect personeel | F38: =SUM(F39:F40) -> 0 | G38: =SUM(G39:G40) -> 0 | H38: =SUM(H39:H40) -> 0 | I38: =SUM(I39:I40) -> 0 | J38: =SUM(J39:J40) -> 0 | K38: =SUM(K39:K40) -> 0 | L38: =SUM(L39:L40) -> 0 | M38: =SUM(M39:M40) -> 0 | ... T38: =SUM(T39:T40) -> 0
B39: D.01 | C39: Loonkosten indirect Personeel | D39: D.01 | F39: =D.01!B7 -> 0 | G39: =D.01!C7 -> 0 | H39: =D.01!D7 -> 0 | I39: =D.01!E7 -> 0 | J39: =D.01!F7 -> 0 | K39: =D.01!G7 -> 0 | L39: =D.01!H7 -> 0 | M39: =D.01!I7 -> 0 | ... T39: =D.01!P7 -> 0
B40: D.02 | C40: Overige personeelkst indirect Pers. | F40: =F41+F42 -> 0 | G40: =G41+G42 -> 0 | H40: =H41+H42 -> 0 | I40: =I41+I42 -> 0 | J40: =J41+J42 -> 0 | K40: =K41+K42 -> 0 | L40: =L41+L42 -> 0 | M40: =M41+M42 -> 0 | ... T40: =T41+T42 -> 0
B41: D.02.1 | C41: … < specificeren > … | F41: 0 | G41: 0 | H41: 0 | I41: 0 | J41: 0 | K41: 0 | L41: 0 | M41: 0 | N41: 0 | O41: 0 | P41: 0 | Q41: 0 | R41: 0 | S41: 0 | T41: 0
B42: D.02.2 | C42: … < specificeren > … | F42: 0 | G42: 0 | H42: 0 | I42: 0 | J42: 0 | K42: 0 | L42: 0 | M42: 0 | N42: 0 | O42: 0 | P42: 0 | Q42: 0 | R42: 0 | S42: 0 | T42: 0
B44: E | C44: Overige indirecte kosten | F44: =SUM(F45:F47) -> 0 | G44: =SUM(G45:G47) -> 0 | H44: =SUM(H45:H47) -> 0 | I44: =SUM(I45:I47) -> 0 | J44: =SUM(J45:J47) -> 0 | K44: =SUM(K45:K47) -> 0 | L44: =SUM(L45:L47) -> 0 | M44: =SUM(M45:M47) -> 0 | ... T44: =SUM(T45:T47) -> 0
B45: E.01 | C45: Huisvestingskosten (hoofd)kantoor | F45: 0 | G45: 0 | H45: 0 | I45: 0 | J45: 0 | K45: 0 | L45: 0 | M45: 0 | N45: 0 | O45: 0 | P45: 0 | Q45: 0 | R45: 0 | S45: 0 | T45: 0
B46: E.02 | C46: Implementatie en overdracht | D46: E.02 | F46: =E.02!J36 -> 0 | G46: =E.02!J37 -> 0 | H46: =E.02!J38 -> 0 | I46: =E.02!J39 -> 0 | J46: =E.02!J40 -> 0 | K46: =E.02!J41 -> 0 | L46: =E.02!J42 -> 0 | M46: =E.02!J43 -> 0 | N46: =E.02!J44 -> 0 | O46: =E.02!J45 -> 0 | P46: =E.02!J46 -> 0 | Q46: =E.02!J47 -> 0 | R46: =E.02!J48 -> 0 | S46: =E.02!J49 -> 0 | T46: =E.02!J50 -> 0
B47: E.03 | C47: Overige kosten | F47: =SUM(F48:F49) -> 0 | G47: =SUM(G48:G49) -> 0 | H47: =SUM(H48:H49) -> 0 | I47: =SUM(I48:I49) -> 0 | J47: =SUM(J48:J49) -> 0 | K47: =SUM(K48:K49) -> 0 | L47: =SUM(L48:L49) -> 0 | M47: =SUM(M48:M49) -> 0 | ... T47: =SUM(T48:T49) -> 0
B48: E.03.1 | C48: … < specificeren > … | F48: 0 | G48: 0 | H48: 0 | I48: 0 | J48: 0 | K48: 0 | L48: 0 | M48: 0 | N48: 0 | O48: 0 | P48: 0 | Q48: 0 | R48: 0 | S48: 0 | T48: 0
B49: E.03.2 | C49: … < specificeren > … | F49: 0 | G49: 0 | H49: 0 | I49: 0 | J49: 0 | K49: 0 | L49: 0 | M49: 0 | N49: 0 | O49: 0 | P49: 0 | Q49: 0 | R49: 0 | S49: 0 | T49: 0
B51: F | C51: Totale kosten (A+B+C+D+E) | F51: =F13+F19+F29+F38+F44 -> 0 | G51: =G13+G19+G29+G38+G44 -> 0 | H51: =H13+H19+H29+H38+H44 -> 0 | I51: =I13+I19+I29+I38+I44 -> 0 | J51: =J13+J19+J29+J38+J44 -> 0 | K51: =K13+K19+K29+K38+K44 -> 0 | L51: =L13+L19+L29+L38+L44 -> 0 | M51: =M13+M19+M29+M38+M44 -> 0 | ... T51: =T13+T19+T29+T38+T44 -> 0
B54: G | C54: Opbrengsten | F54: =SUM(F55:F58) -> 0 | G54: =SUM(G55:G58) -> 0 | H54: =SUM(H55:H58) -> 0 | I54: =SUM(I55:I58) -> 0 | J54: =SUM(J55:J58) -> 0 | K54: =SUM(K55:K58) -> 0 | L54: =SUM(L55:L58) -> 0 | M54: =SUM(M55:M58) -> 0 | ... T54: =SUM(T55:T58) -> 0
B55: G.01 | C55: Opbrengsten kaartverkoop Reguliere dienst | D55: G.01 | F55: =G.01!J30 -> 0 | G55: =G.01!J59 -> 0 | H55: =G.01!J88 -> 0 | I55: =G.01!J117 -> 0 | J55: =G.01!J146 -> 0 | K55: =G.01!J175 -> 0 | L55: =G.01!J204 -> 0 | M55: =G.01!J233 -> 0 | N55: =G.01!J262 -> 0 | O55: =G.01!J291 -> 0 | P55: =G.01!J320 -> 0 | Q55: =G.01!J349 -> 0 | R55: =G.01!J378 -> 0 | S55: =G.01!J407 -> 0 | T55: =G.01!J436 -> 0
B56: G.02 | C56: Opbrengsten kaartverkoop Sneldienst | D56: G.02 | F56: =G.02!J12 -> 0 | G56: =G.02!J22 -> 0 | H56: =G.02!J32 -> 0 | I56: =G.02!J42 -> 0 | J56: =G.02!J52 -> 0 | K56: =G.02!J62 -> 0 | L56: =G.02!J72 -> 0 | M56: =G.02!J82 -> 0 | N56: =G.02!J92 -> 0 | O56: =G.02!J102 -> 0 | P56: =G.02!J112 -> 0 | Q56: =G.02!J122 -> 0 | R56: =G.02!J132 -> 0 | S56: =G.02!J142 -> 0 | T56: =G.02!J152 -> 0
B57: G.03 | C57: Opbrengsten uit catering aan boord van de Schepen | F57: 0 | G57: 0 | H57: 0 | I57: 0 | J57: 0 | K57: 0 | L57: 0 | M57: 0 | N57: 0 | O57: 0 | P57: 0 | Q57: 0 | R57: 0 | S57: 0 | T57: 0
B58: G.04 | C58: Opbrengsten Afvaarten Vlieland - Terschelling | D58: G.04 | F58: =G.04!F11 -> 0 | G58: =G.04!M11 -> 0 | H58: =G.04!T11 -> 0 | I58: =G.04!AA11 -> 0 | J58: =G.04!AH11 -> 0 | K58: =G.04!AO11 -> 0 | L58: =G.04!AV11 -> 0 | M58: =G.04!BC11 -> 0 | N58: =G.04!BJ11 -> 0 | O58: =G.04!BQ111 -> 0 | P58: =G.04!BX11 -> 0 | Q58: =G.04!CE11 -> 0 | R58: =G.04!CL11 -> 0 | S58: =G.04!CS11 -> 0 | T58: =G.04!CZ11 -> 0
B62: H | C62: EBITDA | F62: =(F54-F51)+(F20+F33) -> 0 | G62: =(G54-G51)+(G20+G33) -> 0 | H62: =(H54-H51)+(H20+H33) -> 0 | I62: =(I54-I51)+(I20+I33) -> 0 | J62: =(J54-J51)+(J20+J33) -> 0 | K62: =(K54-K51)+(K20+K33) -> 0 | L62: =(L54-L51)+(L20+L33) -> 0 | M62: =(M54-M51)+(M20+M33) -> 0 | ... T62: =(T54-T51)+(T20+T33) -> 0
B64: I | C64: EBIT | F64: =(F54-F51) -> 0 | G64: =(G54-G51) -> 0 | H64: =(H54-H51) -> 0 | I64: =(I54-I51) -> 0 | J64: =(J54-J51) -> 0 | K64: =(K54-K51) -> 0 | L64: =(L54-L51) -> 0 | M64: =(M54-M51) -> 0 | ... T64: =(T54-T51) -> 0
B67: J | C67: Overige lasten | F67: =F68-F69+F72-F73 -> 0 | G67: =G68-G69+G72-G73 -> 0 | H67: =H68-H69+H72-H73 -> 0 | I67: =I68-I69+I72-I73 -> 0 | J67: =J68-J69+J72-J73 -> 0 | K67: =K68-K69+K72-K73 -> 0 | L67: =L68-L69+L72-L73 -> 0 | M67: =M68-M69+M72-M73 -> 0 | ... T67: =T68-T69+T72-T73 -> 0
B68: J.01 | C68: Rentebaten | F68: 0 | G68: 0 | H68: 0 | I68: 0 | J68: 0 | K68: 0 | L68: 0 | M68: 0 | N68: 0 | O68: 0 | P68: 0 | Q68: 0 | R68: 0 | S68: 0 | T68: 0
B69: J.02 | C69: Rentelasten | F69: =SUM(F70:F71) -> 0 | G69: =SUM(G70:G71) -> 0 | H69: =SUM(H70:H71) -> 0 | I69: =SUM(I70:I71) -> 0 | J69: =SUM(J70:J71) -> 0 | K69: =SUM(K70:K71) -> 0 | L69: =SUM(L70:L71) -> 0 | M69: =SUM(M70:M71) -> 0 | ... T69: =SUM(T70:T71) -> 0
B70: J.02.01 | C70: Rentelasten Financial lease Schepen | F70: 0 | G70: 0 | H70: 0 | I70: 0 | J70: 0 | K70: 0 | L70: 0 | M70: 0 | N70: 0 | O70: 0 | P70: 0 | Q70: 0 | R70: 0 | S70: 0 | T70: 0
B71: J.02.02 | C71: Overige rentelasten | F71: 0 | G71: 0 | H71: 0 | I71: 0 | J71: 0 | K71: 0 | L71: 0 | M71: 0 | N71: 0 | O71: 0 | P71: 0 | Q71: 0 | R71: 0 | S71: 0 | T71: 0
B72: J.03 | C72: Resultaat deelneming | F72: 0 | G72: 0 | H72: 0 | I72: 0 | J72: 0 | K72: 0 | L72: 0 | M72: 0 | N72: 0 | O72: 0 | P72: 0 | Q72: 0 | R72: 0 | S72: 0 | T72: 0
B73: J.04 | C73: Vennootschapbelasting | F73: 0 | G73: 0 | H73: 0 | I73: 0 | J73: 0 | K73: 0 | L73: 0 | M73: 0 | N73: 0 | O73: 0 | P73: 0 | Q73: 0 | R73: 0 | S73: 0 | T73: 0
B76: K | C76: Netto resultaat | F76: =F64+F67 -> 0 | G76: =G64+G67 -> 0 | H76: =H64+H67 -> 0 | I76: =I64+I67 -> 0 | J76: =J64+J67 -> 0 | K76: =K64+K67 -> 0 | L76: =L64+L67 -> 0 | M76: =M64+M67 -> 0 | ... T76: =T64+T67 -> 0
B79: L | C79: Gemiddelde rendement over 3 jaar (RONAT) | D79: L.01 | H79: =L.01!E17 -> 0 | I79: =L.01!F17 -> 0 | J79: =L.01!G17 -> 0 | K79: =L.01!H17 -> 0 | L79: =L.01!I17 -> 0 | M79: =L.01!J17 -> 0 | N79: =L.01!K17 -> 0 | O79: =L.01!L17 -> 0 | ... T79: =L.01!Q17 -> 0
B82: M | C82: Beleidsinformatie overige opbrengsten n.v.t. berekening rendement | F82: =SUM(F83:F84) -> 0 | G82: =SUM(G83:G84) -> 0 | H82: =SUM(H83:H84) -> 0 | I82: =SUM(I83:I84) -> 0 | J82: =SUM(J83:J84) -> 0 | K82: =SUM(K83:K84) -> 0 | L82: =SUM(L83:L84) -> 0 | M82: =SUM(M83:M84) -> 0 | ... T82: =SUM(T83:T84) -> 0
B83: M.01 | C83: Horecavoorzieningen aan wal | F83: 0 | G83: 0 | H83: 0 | I83: 0 | J83: 0 | K83: 0 | L83: 0 | M83: 0 | N83: 0 | O83: 0 | P83: 0 | Q83: 0 | R83: 0 | S83: 0 | T83: 0
B84: M.02 | C84: Overige commerciële activiteiten | F84: =SUM(F85:F87) -> 0 | G84: =SUM(G85:G87) -> 0 | H84: =SUM(H85:H87) -> 0 | I84: =SUM(I85:I87) -> 0 | J84: =SUM(J85:J87) -> 0 | K84: =SUM(K85:K87) -> 0 | L84: =SUM(L85:L87) -> 0 | M84: =SUM(M85:M87) -> 0 | ... T84: =SUM(T85:T87) -> 0
B85: M.02.01 | C85: … < specificeren > … | F85: 0 | G85: 0 | H85: 0 | I85: 0 | J85: 0 | K85: 0 | L85: 0 | M85: 0 | N85: 0 | O85: 0 | P85: 0 | Q85: 0 | R85: 0 | S85: 0 | T85: 0
B86: M.02.02 | C86: … < specificeren > … | F86: 0 | G86: 0 | H86: 0 | I86: 0 | J86: 0 | K86: 0 | L86: 0 | M86: 0 | N86: 0 | O86: 0 | P86: 0 | Q86: 0 | R86: 0 | S86: 0 | T86: 0
B87: M.02.03 | C87: … < specificeren > … | F87: 0 | G87: 0 | H87: 0 | I87: 0 | J87: 0 | K87: 0 | L87: 0 | M87: 0 | N87: 0 | O87: 0 | P87: 0 | Q87: 0 | R87: 0 | S87: 0 | T87: 0

Sheet A.01
A1: A.01 Loonkosten direct Personeel | F1: Instructie | G1: Vul de oranje cellen in
A2: terug
A4: Jaar | B4: 2029 | C4: =B4+1 -> 2030 | D4: =C4+1 -> 2031 | E4: =D4+1 -> 2032 | F4: =E4+1 -> 2033 | G4: =F4+1 -> 2034 | H4: =G4+1 -> 2035 | I4: =H4+1 -> 2036 | J4: =I4+1 -> 2037 | ... P4: =O4+1 -> 2043
A5: Gemiddelde jaarloonsom per fte
A6: Aantal fte
A7: Totale loonsom | B7: =B5*B6 -> 0 | C7: =C5*C6 -> 0 | D7: =D5*D6 -> 0 | E7: =E5*E6 -> 0 | F7: =F5*F6 -> 0 | G7: =G5*G6 -> 0 | H7: =H5*H6 -> 0 | I7: =I5*I6 -> 0 | ... P7: =P5*P6 -> 0

Sheet B.01
A1: B.01 Afschrijvingskosten Schepen | F1: Instructie | G1: Vul de oranje cellen in
A2: terug
A5: Omschrijving type schip | B5: Ms Willem Barentsz | C5: Ms Willem de Vlamingh | D5: Ms Friesland | E5: Ms Vlieland | F5: Ms Koegelwieck | G5: Ms Tiger | H5: <Nieuw Schip>
A6: Nieuw/Overname | B6: Overname | C6: Overname | D6: Overname | E6: Overname | F6: Overname | G6: Overname | H6: Nieuw | I6: Nieuw | J6: Nieuw | K6: Nieuw | L6: Nieuw | M6: Nieuw
A7: Component | B7: Totale Schip | C7: Totale Schip | D7: Totale Schip | E7: Totale Schip | F7: Totale Schip | G7: Totale Schip | H7: Casco (hull) | I7: Motoren | J7: Voorstuwing | K7: Hulpsystemen | L7: Elektrische & Nautische installaties | M7: Interieur & passagiers-voorzieningen | N7: Totaal aanschafprijs 1 jan 2029
A8: Aanschafprijs Component | N8: =SUM(B8:M8) -> 0
A9: Bouwjaar
A10: Leeftijd (Lc)
A11: Afschrijvingstermijn (Tc)
A12: Effectieve afschrijvingstermijn (T*c) | B12: =IF(B10="","",MAX(B10+B14,B11)) | C12: =IF(C10="","",MAX(C10+C14,C11)) | D12: =IF(D10="","",MAX(D10+D14,D11)) | E12: =IF(E10="","",MAX(E10+E14,E11)) | F12: =IF(F10="","",MAX(F10+F14,F11)) | G12: =IF(G10="","",MAX(G10+G14,G11)) | H12: =IF(H10="","",MAX(H10+H14,H11)) | I12: =IF(I10="","",MAX(I10+I14,I11)) | ... M12: =IF(M10="","",MAX(M10+M14,M11))
A13: Resterende levensduur (RL*c) | B13: =IF(B10="","",MAX(B11-B10,B14)) | C13: =IF(C10="","",MAX(C11-C10,C14)) | D13: =IF(D10="","",MAX(D11-D10,D14)) | E13: =IF(E10="","",MAX(E11-E10,E14)) | F13: =IF(F10="","",MAX(F11-F10,F14)) | G13: =IF(G10="","",MAX(G11-G10,G14)) | H13: =IF(H10="","",MAX(H11-H10,H14)) | I13: =IF(I10="","",MAX(I11-I10,I14)) | ... M13: =IF(M10="","",MAX(M11-M10,M14))
A14: Effectieve resterende levernsduur (ERLc)
A15: Minimale restwaarde % (r) | H15: 0.05 | I15: 0.05 | J15: 0.05 | K15: 0.05 | L15: 0.05 | M15: 0.05
A16: Minimale restwaarde (RLc) | B16: =IF(B8="","",B15*B8) | C16: =IF(C8="","",C15*C8) | D16: =IF(D8="","",D15*D8) | E16: =IF(E8="","",E15*E8) | F16: =IF(F8="","",F15*F8) | G16: =IF(G8="","",G15*G8) | H16: =IF(H8="","",H15*H8) | I16: =IF(I8="","",I15*I8) | ... M16: =IF(M8="","",M15*M8)
A17: Datum Instroom Concessie
A18: Datum Uitstroom Concessie
A19: Afschrijvingstermijn in dagen totaal Component | B19: =DATEDIF(B17,B18,"D")+1 -> 1 | C19: =DATEDIF(C17,C18,"D")+1 -> 1 | D19: =DATEDIF(D17,D18,"D")+1 -> 1 | E19: =DATEDIF(E17,E18,"D")+1 -> 1 | F19: =DATEDIF(F17,F18,"D")+1 -> 1 | G19: =DATEDIF(G17,G18,"D")+1 -> 1 | H19: =DATEDIF(H17,H18,"D")+1 -> 1 | I19: =DATEDIF(I17,I18,"D")+1 -> 1 | ... M19: =DATEDIF(M17,M18,"D")+1 -> 1
A20: Afschrijving per dag per Component | B20: =IF(OR(B8="",B16="",B12=""),0,(SLN(B8,B16,B12))/365) -> 0 | C20: =IF(OR(C8="",C16="",C12=""),0,(SLN(C8,C16,C12))/365) -> 0 | D20: =IF(OR(D8="",D16="",D12=""),0,(SLN(D8,D16,D12))/365) -> 0 | E20: =IF(OR(E8="",E16="",E12=""),0,(SLN(E8,E16,E12))/365) -> 0 | F20: =IF(OR(F8="",F16="",F12=""),0,(SLN(F8,F16,F12))/365) -> 0 | G20: =IF(OR(G8="",G16="",G12=""),0,(SLN(G8,G16,G12))/365) -> 0 | H20: =IF(OR(H8="",H16="",H12=""),0,(SLN(H8,H16,H12))/365) -> 0 | I20: =IF(OR(I8="",I16="",I12=""),0,(SLN(I8,I16,I12))/365) -> 0 | ... M20: =IF(OR(M8="",M16="",M12=""),0,(SLN(M8,M16,M12))/365) -> 0
A22: Jaarlijkse Afschrijving Component | N22: Totale afschrijving per jaar
A23: 2029 | B23: =IF(AND($A23>YEAR(B$17),$A23<YEAR(B$18)),(DATE($A23,12,31)-DATE($A23,1,0))*B$20,IF(AND($A23=YEAR(B$17),$A23=YEAR(B$18)),(B$18-B$17+1)*B$20,IF($A23=YEAR(B$17),(DATE(YEAR(B$17),12,31)-B$17+1)*B$20,IF($A23=YEAR(B$18),(B$18-DATE(YEAR(B$18),1,1))*B$20,0)))) -> 0 | C23: =IF(AND($A23>YEAR(C$17),$A23<YEAR(C$18)),(DATE($A23,12,31)-DATE($A23,1,0))*C$20,IF(AND($A23=YEAR(C$17),$A23=YEAR(C$18)),(C$18-C$17+1)*C$20,IF($A23=YEAR(C$17),(DATE(YEAR(C$17),12,31)-C$17+1)*C$20,IF($A23=YEAR(C$18),(C$18-DATE(YEAR(C$18),1,1))*C$20,0)))) -> 0 | D23: =IF(AND($A23>YEAR(D$17),$A23<YEAR(D$18)),(DATE($A23,12,31)-DATE($A23,1,0))*D$20,IF(AND($A23=YEAR(D$17),$A23=YEAR(D$18)),(D$18-D$17+1)*D$20,IF($A23=YEAR(D$17),(DATE(YEAR(D$17),12,31)-D$17+1)*D$20,IF($A23=YEAR(D$18),(D$18-DATE(YEAR(D$18),1,1))*D$20,0)))) -> 0 | E23: =IF(AND($A23>YEAR(E$17),$A23<YEAR(E$18)),(DATE($A23,12,31)-DATE($A23,1,0))*E$20,IF(AND($A23=YEAR(E$17),$A23=YEAR(E$18)),(E$18-E$17+1)*E$20,IF($A23=YEAR(E$17),(DATE(YEAR(E$17),12,31)-E$17+1)*E$20,IF($A23=YEAR(E$18),(E$18-DATE(YEAR(E$18),1,1))*E$20,0)))) -> 0 | F23: =IF(AND($A23>YEAR(F$17),$A23<YEAR(F$18)),(DATE($A23,12,31)-DATE($A23,1,0))*F$20,IF(AND($A23=YEAR(F$17),$A23=YEAR(F$18)),(F$18-F$17+1)*F$20,IF($A23=YEAR(F$17),(DATE(YEAR(F$17),12,31)-F$17+1)*F$20,IF($A23=YEAR(F$18),(F$18-DATE(YEAR(F$18),1,1))*F$20,0)))) -> 0 | G23: =IF(AND($A23>YEAR(G$17),$A23<YEAR(G$18)),(DATE($A23,12,31)-DATE($A23,1,0))*G$20,IF(AND($A23=YEAR(G$17),$A23=YEAR(G$18)),(G$18-G$17+1)*G$20,IF($A23=YEAR(G$17),(DATE(YEAR(G$17),12,31)-G$17+1)*G$20,IF($A23=YEAR(G$18),(G$18-DATE(YEAR(G$18),1,1))*G$20,0)))) -> 0 | H23: =IF(AND($A23>YEAR(H$17),$A23<YEAR(H$18)),(DATE($A23,12,31)-DATE($A23,1,0))*H$20,IF(AND($A23=YEAR(H$17),$A23=YEAR(H$18)),(H$18-H$17+1)*H$20,IF($A23=YEAR(H$17),(DATE(YEAR(H$17),12,31)-H$17+1)*H$20,IF($A23=YEAR(H$18),(H$18-DATE(YEAR(H$18),1,1))*H$20,0)))) -> 0 | I23: =IF(AND($A23>YEAR(I$17),$A23<YEAR(I$18)),(DATE($A23,12,31)-DATE($A23,1,0))*I$20,IF(AND($A23=YEAR(I$17),$A23=YEAR(I$18)),(I$18-I$17+1)*I$20,IF($A23=YEAR(I$17),(DATE(YEAR(I$17),12,31)-I$17+1)*I$20,IF($A23=YEAR(I$18),(I$18-DATE(YEAR(I$18),1,1))*I$20,0)))) -> 0 | ... M23: =IF(AND($A23>YEAR(M$17),$A23<YEAR(M$18)),(DATE($A23,12,31)-DATE($A23,1,0))*M$20,IF(AND($A23=YEAR(M$17),$A23=YEAR(M$18)),(M$18-M$17+1)*M$20,IF($A23=YEAR(M$17),(DATE(YEAR(M$17),12,31)-M$17+1)*M$20,IF($A23=YEAR(M$18),(M$18-DATE(YEAR(M$18),1,1))*M$20,0)))) -> 0 | N23: =SUM(B23:J23) -> 0
A24: =A23+1 -> 2030 | B24: =IF(AND($A24>YEAR(B$17),$A24<YEAR(B$18)),(DATE($A24,12,31)-DATE($A24,1,0))*B$20,IF(AND($A24=YEAR(B$17),$A24=YEAR(B$18)),(B$18-B$17+1)*B$20,IF($A24=YEAR(B$17),(DATE(YEAR(B$17),12,31)-B$17+1)*B$20,IF($A24=YEAR(B$18),(B$18-DATE(YEAR(B$18),1,1))*B$20,0)))) -> 0 | C24: =IF(AND($A24>YEAR(C$17),$A24<YEAR(C$18)),(DATE($A24,12,31)-DATE($A24,1,0))*C$20,IF(AND($A24=YEAR(C$17),$A24=YEAR(C$18)),(C$18-C$17+1)*C$20,IF($A24=YEAR(C$17),(DATE(YEAR(C$17),12,31)-C$17+1)*C$20,IF($A24=YEAR(C$18),(C$18-DATE(YEAR(C$18),1,1))*C$20,0)))) -> 0 | D24: =IF(AND($A24>YEAR(D$17),$A24<YEAR(D$18)),(DATE($A24,12,31)-DATE($A24,1,0))*D$20,IF(AND($A24=YEAR(D$17),$A24=YEAR(D$18)),(D$18-D$17+1)*D$20,IF($A24=YEAR(D$17),(DATE(YEAR(D$17),12,31)-D$17+1)*D$20,IF($A24=YEAR(D$18),(D$18-DATE(YEAR(D$18),1,1))*D$20,0)))) -> 0 | E24: =IF(AND($A24>YEAR(E$17),$A24<YEAR(E$18)),(DATE($A24,12,31)-DATE($A24,1,0))*E$20,IF(AND($A24=YEAR(E$17),$A24=YEAR(E$18)),(E$18-E$17+1)*E$20,IF($A24=YEAR(E$17),(DATE(YEAR(E$17),12,31)-E$17+1)*E$20,IF($A24=YEAR(E$18),(E$18-DATE(YEAR(E$18),1,1))*E$20,0)))) -> 0 | F24: =IF(AND($A24>YEAR(F$17),$A24<YEAR(F$18)),(DATE($A24,12,31)-DATE($A24,1,0))*F$20,IF(AND($A24=YEAR(F$17),$A24=YEAR(F$18)),(F$18-F$17+1)*F$20,IF($A24=YEAR(F$17),(DATE(YEAR(F$17),12,31)-F$17+1)*F$20,IF($A24=YEAR(F$18),(F$18-DATE(YEAR(F$18),1,1))*F$20,0)))) -> 0 | G24: =IF(AND($A24>YEAR(G$17),$A24<YEAR(G$18)),(DATE($A24,12,31)-DATE($A24,1,0))*G$20,IF(AND($A24=YEAR(G$17),$A24=YEAR(G$18)),(G$18-G$17+1)*G$20,IF($A24=YEAR(G$17),(DATE(YEAR(G$17),12,31)-G$17+1)*G$20,IF($A24=YEAR(G$18),(G$18-DATE(YEAR(G$18),1,1))*G$20,0)))) -> 0 | H24: =IF(AND($A24>YEAR(H$17),$A24<YEAR(H$18)),(DATE($A24,12,31)-DATE($A24,1,0))*H$20,IF(AND($A24=YEAR(H$17),$A24=YEAR(H$18)),(H$18-H$17+1)*H$20,IF($A24=YEAR(H$17),(DATE(YEAR(H$17),12,31)-H$17+1)*H$20,IF($A24=YEAR(H$18),(H$18-DATE(YEAR(H$18),1,1))*H$20,0)))) -> 0 | I24: =IF(AND($A24>YEAR(I$17),$A24<YEAR(I$18)),(DATE($A24,12,31)-DATE($A24,1,0))*I$20,IF(AND($A24=YEAR(I$17),$A24=YEAR(I$18)),(I$18-I$17+1)*I$20,IF($A24=YEAR(I$17),(DATE(YEAR(I$17),12,31)-I$17+1)*I$20,IF($A24=YEAR(I$18),(I$18-DATE(YEAR(I$18),1,1))*I$20,0)))) -> 0 | ... M24: =IF(AND($A24>YEAR(M$17),$A24<YEAR(M$18)),(DATE($A24,12,31)-DATE($A24,1,0))*M$20,IF(AND($A24=YEAR(M$17),$A24=YEAR(M$18)),(M$18-M$17+1)*M$20,IF($A24=YEAR(M$17),(DATE(YEAR(M$17),12,31)-M$17+1)*M$20,IF($A24=YEAR(M$18),(M$18-DATE(YEAR(M$18),1,1))*M$20,0)))) -> 0 | N24: =SUM(B24:J24) -> 0
A25: =A24+1 -> 2031 | B25: =IF(AND($A25>YEAR(B$17),$A25<YEAR(B$18)),(DATE($A25,12,31)-DATE($A25,1,0))*B$20,IF(AND($A25=YEAR(B$17),$A25=YEAR(B$18)),(B$18-B$17+1)*B$20,IF($A25=YEAR(B$17),(DATE(YEAR(B$17),12,31)-B$17+1)*B$20,IF($A25=YEAR(B$18),(B$18-DATE(YEAR(B$18),1,1))*B$20,0)))) -> 0 | C25: =IF(AND($A25>YEAR(C$17),$A25<YEAR(C$18)),(DATE($A25,12,31)-DATE($A25,1,0))*C$20,IF(AND($A25=YEAR(C$17),$A25=YEAR(C$18)),(C$18-C$17+1)*C$20,IF($A25=YEAR(C$17),(DATE(YEAR(C$17),12,31)-C$17+1)*C$20,IF($A25=YEAR(C$18),(C$18-DATE(YEAR(C$18),1,1))*C$20,0)))) -> 0 | D25: =IF(AND($A25>YEAR(D$17),$A25<YEAR(D$18)),(DATE($A25,12,31)-DATE($A25,1,0))*D$20,IF(AND($A25=YEAR(D$17),$A25=YEAR(D$18)),(D$18-D$17+1)*D$20,IF($A25=YEAR(D$17),(DATE(YEAR(D$17),12,31)-D$17+1)*D$20,IF($A25=YEAR(D$18),(D$18-DATE(YEAR(D$18),1,1))*D$20,0)))) -> 0 | E25: =IF(AND($A25>YEAR(E$17),$A25<YEAR(E$18)),(DATE($A25,12,31)-DATE($A25,1,0))*E$20,IF(AND($A25=YEAR(E$17),$A25=YEAR(E$18)),(E$18-E$17+1)*E$20,IF($A25=YEAR(E$17),(DATE(YEAR(E$17),12,31)-E$17+1)*E$20,IF($A25=YEAR(E$18),(E$18-DATE(YEAR(E$18),1,1))*E$20,0)))) -> 0 | F25: =IF(AND($A25>YEAR(F$17),$A25<YEAR(F$18)),(DATE($A25,12,31)-DATE($A25,1,0))*F$20,IF(AND($A25=YEAR(F$17),$A25=YEAR(F$18)),(F$18-F$17+1)*F$20,IF($A25=YEAR(F$17),(DATE(YEAR(F$17),12,31)-F$17+1)*F$20,IF($A25=YEAR(F$18),(F$18-DATE(YEAR(F$18),1,1))*F$20,0)))) -> 0 | G25: =IF(AND($A25>YEAR(G$17),$A25<YEAR(G$18)),(DATE($A25,12,31)-DATE($A25,1,0))*G$20,IF(AND($A25=YEAR(G$17),$A25=YEAR(G$18)),(G$18-G$17+1)*G$20,IF($A25=YEAR(G$17),(DATE(YEAR(G$17),12,31)-G$17+1)*G$20,IF($A25=YEAR(G$18),(G$18-DATE(YEAR(G$18),1,1))*G$20,0)))) -> 0 | H25: =IF(AND($A25>YEAR(H$17),$A25<YEAR(H$18)),(DATE($A25,12,31)-DATE($A25,1,0))*H$20,IF(AND($A25=YEAR(H$17),$A25=YEAR(H$18)),(H$18-H$17+1)*H$20,IF($A25=YEAR(H$17),(DATE(YEAR(H$17),12,31)-H$17+1)*H$20,IF($A25=YEAR(H$18),(H$18-DATE(YEAR(H$18),1,1))*H$20,0)))) -> 0 | I25: =IF(AND($A25>YEAR(I$17),$A25<YEAR(I$18)),(DATE($A25,12,31)-DATE($A25,1,0))*I$20,IF(AND($A25=YEAR(I$17),$A25=YEAR(I$18)),(I$18-I$17+1)*I$20,IF($A25=YEAR(I$17),(DATE(YEAR(I$17),12,31)-I$17+1)*I$20,IF($A25=YEAR(I$18),(I$18-DATE(YEAR(I$18),1,1))*I$20,0)))) -> 0 | ... M25: =IF(AND($A25>YEAR(M$17),$A25<YEAR(M$18)),(DATE($A25,12,31)-DATE($A25,1,0))*M$20,IF(AND($A25=YEAR(M$17),$A25=YEAR(M$18)),(M$18-M$17+1)*M$20,IF($A25=YEAR(M$17),(DATE(YEAR(M$17),12,31)-M$17+1)*M$20,IF($A25=YEAR(M$18),(M$18-DATE(YEAR(M$18),1,1))*M$20,0)))) -> 0 | N25: =SUM(B25:J25) -> 0
A26: =A25+1 -> 2032 | B26: =IF(AND($A26>YEAR(B$17),$A26<YEAR(B$18)),(DATE($A26,12,31)-DATE($A26,1,0))*B$20,IF(AND($A26=YEAR(B$17),$A26=YEAR(B$18)),(B$18-B$17+1)*B$20,IF($A26=YEAR(B$17),(DATE(YEAR(B$17),12,31)-B$17+1)*B$20,IF($A26=YEAR(B$18),(B$18-DATE(YEAR(B$18),1,1))*B$20,0)))) -> 0 | C26: =IF(AND($A26>YEAR(C$17),$A26<YEAR(C$18)),(DATE($A26,12,31)-DATE($A26,1,0))*C$20,IF(AND($A26=YEAR(C$17),$A26=YEAR(C$18)),(C$18-C$17+1)*C$20,IF($A26=YEAR(C$17),(DATE(YEAR(C$17),12,31)-C$17+1)*C$20,IF($A26=YEAR(C$18),(C$18-DATE(YEAR(C$18),1,1))*C$20,0)))) -> 0 | D26: =IF(AND($A26>YEAR(D$17),$A26<YEAR(D$18)),(DATE($A26,12,31)-DATE($A26,1,0))*D$20,IF(AND($A26=YEAR(D$17),$A26=YEAR(D$18)),(D$18-D$17+1)*D$20,IF($A26=YEAR(D$17),(DATE(YEAR(D$17),12,31)-D$17+1)*D$20,IF($A26=YEAR(D$18),(D$18-DATE(YEAR(D$18),1,1))*D$20,0)))) -> 0 | E26: =IF(AND($A26>YEAR(E$17),$A26<YEAR(E$18)),(DATE($A26,12,31)-DATE($A26,1,0))*E$20,IF(AND($A26=YEAR(E$17),$A26=YEAR(E$18)),(E$18-E$17+1)*E$20,IF($A26=YEAR(E$17),(DATE(YEAR(E$17),12,31)-E$17+1)*E$20,IF($A26=YEAR(E$18),(E$18-DATE(YEAR(E$18),1,1))*E$20,0)))) -> 0 | F26: =IF(AND($A26>YEAR(F$17),$A26<YEAR(F$18)),(DATE($A26,12,31)-DATE($A26,1,0))*F$20,IF(AND($A26=YEAR(F$17),$A26=YEAR(F$18)),(F$18-F$17+1)*F$20,IF($A26=YEAR(F$17),(DATE(YEAR(F$17),12,31)-F$17+1)*F$20,IF($A26=YEAR(F$18),(F$18-DATE(YEAR(F$18),1,1))*F$20,0)))) -> 0 | G26: =IF(AND($A26>YEAR(G$17),$A26<YEAR(G$18)),(DATE($A26,12,31)-DATE($A26,1,0))*G$20,IF(AND($A26=YEAR(G$17),$A26=YEAR(G$18)),(G$18-G$17+1)*G$20,IF($A26=YEAR(G$17),(DATE(YEAR(G$17),12,31)-G$17+1)*G$20,IF($A26=YEAR(G$18),(G$18-DATE(YEAR(G$18),1,1))*G$20,0)))) -> 0 | H26: =IF(AND($A26>YEAR(H$17),$A26<YEAR(H$18)),(DATE($A26,12,31)-DATE($A26,1,0))*H$20,IF(AND($A26=YEAR(H$17),$A26=YEAR(H$18)),(H$18-H$17+1)*H$20,IF($A26=YEAR(H$17),(DATE(YEAR(H$17),12,31)-H$17+1)*H$20,IF($A26=YEAR(H$18),(H$18-DATE(YEAR(H$18),1,1))*H$20,0)))) -> 0 | I26: =IF(AND($A26>YEAR(I$17),$A26<YEAR(I$18)),(DATE($A26,12,31)-DATE($A26,1,0))*I$20,IF(AND($A26=YEAR(I$17),$A26=YEAR(I$18)),(I$18-I$17+1)*I$20,IF($A26=YEAR(I$17),(DATE(YEAR(I$17),12,31)-I$17+1)*I$20,IF($A26=YEAR(I$18),(I$18-DATE(YEAR(I$18),1,1))*I$20,0)))) -> 0 | ... M26: =IF(AND($A26>YEAR(M$17),$A26<YEAR(M$18)),(DATE($A26,12,31)-DATE($A26,1,0))*M$20,IF(AND($A26=YEAR(M$17),$A26=YEAR(M$18)),(M$18-M$17+1)*M$20,IF($A26=YEAR(M$17),(DATE(YEAR(M$17),12,31)-M$17+1)*M$20,IF($A26=YEAR(M$18),(M$18-DATE(YEAR(M$18),1,1))*M$20,0)))) -> 0 | N26: =SUM(B26:J26) -> 0
A27: =A26+1 -> 2033 | B27: =IF(AND($A27>YEAR(B$17),$A27<YEAR(B$18)),(DATE($A27,12,31)-DATE($A27,1,0))*B$20,IF(AND($A27=YEAR(B$17),$A27=YEAR(B$18)),(B$18-B$17+1)*B$20,IF($A27=YEAR(B$17),(DATE(YEAR(B$17),12,31)-B$17+1)*B$20,IF($A27=YEAR(B$18),(B$18-DATE(YEAR(B$18),1,1))*B$20,0)))) -> 0 | C27: =IF(AND($A27>YEAR(C$17),$A27<YEAR(C$18)),(DATE($A27,12,31)-DATE($A27,1,0))*C$20,IF(AND($A27=YEAR(C$17),$A27=YEAR(C$18)),(C$18-C$17+1)*C$20,IF($A27=YEAR(C$17),(DATE(YEAR(C$17),12,31)-C$17+1)*C$20,IF($A27=YEAR(C$18),(C$18-DATE(YEAR(C$18),1,1))*C$20,0)))) -> 0 | D27: =IF(AND($A27>YEAR(D$17),$A27<YEAR(D$18)),(DATE($A27,12,31)-DATE($A27,1,0))*D$20,IF(AND($A27=YEAR(D$17),$A27=YEAR(D$18)),(D$18-D$17+1)*D$20,IF($A27=YEAR(D$17),(DATE(YEAR(D$17),12,31)-D$17+1)*D$20,IF($A27=YEAR(D$18),(D$18-DATE(YEAR(D$18),1,1))*D$20,0)))) -> 0 | E27: =IF(AND($A27>YEAR(E$17),$A27<YEAR(E$18)),(DATE($A27,12,31)-DATE($A27,1,0))*E$20,IF(AND($A27=YEAR(E$17),$A27=YEAR(E$18)),(E$18-E$17+1)*E$20,IF($A27=YEAR(E$17),(DATE(YEAR(E$17),12,31)-E$17+1)*E$20,IF($A27=YEAR(E$18),(E$18-DATE(YEAR(E$18),1,1))*E$20,0)))) -> 0 | F27: =IF(AND($A27>YEAR(F$17),$A27<YEAR(F$18)),(DATE($A27,12,31)-DATE($A27,1,0))*F$20,IF(AND($A27=YEAR(F$17),$A27=YEAR(F$18)),(F$18-F$17+1)*F$20,IF($A27=YEAR(F$17),(DATE(YEAR(F$17),12,31)-F$17+1)*F$20,IF($A27=YEAR(F$18),(F$18-DATE(YEAR(F$18),1,1))*F$20,0)))) -> 0 | G27: =IF(AND($A27>YEAR(G$17),$A27<YEAR(G$18)),(DATE($A27,12,31)-DATE($A27,1,0))*G$20,IF(AND($A27=YEAR(G$17),$A27=YEAR(G$18)),(G$18-G$17+1)*G$20,IF($A27=YEAR(G$17),(DATE(YEAR(G$17),12,31)-G$17+1)*G$20,IF($A27=YEAR(G$18),(G$18-DATE(YEAR(G$18),1,1))*G$20,0)))) -> 0 | H27: =IF(AND($A27>YEAR(H$17),$A27<YEAR(H$18)),(DATE($A27,12,31)-DATE($A27,1,0))*H$20,IF(AND($A27=YEAR(H$17),$A27=YEAR(H$18)),(H$18-H$17+1)*H$20,IF($A27=YEAR(H$17),(DATE(YEAR(H$17),12,31)-H$17+1)*H$20,IF($A27=YEAR(H$18),(H$18-DATE(YEAR(H$18),1,1))*H$20,0)))) -> 0 | I27: =IF(AND($A27>YEAR(I$17),$A27<YEAR(I$18)),(DATE($A27,12,31)-DATE($A27,1,0))*I$20,IF(AND($A27=YEAR(I$17),$A27=YEAR(I$18)),(I$18-I$17+1)*I$20,IF($A27=YEAR(I$17),(DATE(YEAR(I$17),12,31)-I$17+1)*I$20,IF($A27=YEAR(I$18),(I$18-DATE(YEAR(I$18),1,1))*I$20,0)))) -> 0 | ... M27: =IF(AND($A27>YEAR(M$17),$A27<YEAR(M$18)),(DATE($A27,12,31)-DATE($A27,1,0))*M$20,IF(AND($A27=YEAR(M$17),$A27=YEAR(M$18)),(M$18-M$17+1)*M$20,IF($A27=YEAR(M$17),(DATE(YEAR(M$17),12,31)-M$17+1)*M$20,IF($A27=YEAR(M$18),(M$18-DATE(YEAR(M$18),1,1))*M$20,0)))) -> 0 | N27: =SUM(B27:J27) -> 0
A28: =A27+1 -> 2034 | B28: =IF(AND($A28>YEAR(B$17),$A28<YEAR(B$18)),(DATE($A28,12,31)-DATE($A28,1,0))*B$20,IF(AND($A28=YEAR(B$17),$A28=YEAR(B$18)),(B$18-B$17+1)*B$20,IF($A28=YEAR(B$17),(DATE(YEAR(B$17),12,31)-B$17+1)*B$20,IF($A28=YEAR(B$18),(B$18-DATE(YEAR(B$18),1,1))*B$20,0)))) -> 0 | C28: =IF(AND($A28>YEAR(C$17),$A28<YEAR(C$18)),(DATE($A28,12,31)-DATE($A28,1,0))*C$20,IF(AND($A28=YEAR(C$17),$A28=YEAR(C$18)),(C$18-C$17+1)*C$20,IF($A28=YEAR(C$17),(DATE(YEAR(C$17),12,31)-C$17+1)*C$20,IF($A28=YEAR(C$18),(C$18-DATE(YEAR(C$18),1,1))*C$20,0)))) -> 0 | D28: =IF(AND($A28>YEAR(D$17),$A28<YEAR(D$18)),(DATE($A28,12,31)-DATE($A28,1,0))*D$20,IF(AND($A28=YEAR(D$17),$A28=YEAR(D$18)),(D$18-D$17+1)*D$20,IF($A28=YEAR(D$17),(DATE(YEAR(D$17),12,31)-D$17+1)*D$20,IF($A28=YEAR(D$18),(D$18-DATE(YEAR(D$18),1,1))*D$20,0)))) -> 0 | E28: =IF(AND($A28>YEAR(E$17),$A28<YEAR(E$18)),(DATE($A28,12,31)-DATE($A28,1,0))*E$20,IF(AND($A28=YEAR(E$17),$A28=YEAR(E$18)),(E$18-E$17+1)*E$20,IF($A28=YEAR(E$17),(DATE(YEAR(E$17),12,31)-E$17+1)*E$20,IF($A28=YEAR(E$18),(E$18-DATE(YEAR(E$18),1,1))*E$20,0)))) -> 0 | F28: =IF(AND($A28>YEAR(F$17),$A28<YEAR(F$18)),(DATE($A28,12,31)-DATE($A28,1,0))*F$20,IF(AND($A28=YEAR(F$17),$A28=YEAR(F$18)),(F$18-F$17+1)*F$20,IF($A28=YEAR(F$17),(DATE(YEAR(F$17),12,31)-F$17+1)*F$20,IF($A28=YEAR(F$18),(F$18-DATE(YEAR(F$18),1,1))*F$20,0)))) -> 0 | G28: =IF(AND($A28>YEAR(G$17),$A28<YEAR(G$18)),(DATE($A28,12,31)-DATE($A28,1,0))*G$20,IF(AND($A28=YEAR(G$17),$A28=YEAR(G$18)),(G$18-G$17+1)*G$20,IF($A28=YEAR(G$17),(DATE(YEAR(G$17),12,31)-G$17+1)*G$20,IF($A28=YEAR(G$18),(G$18-DATE(YEAR(G$18),1,1))*G$20,0)))) -> 0 | H28: =IF(AND($A28>YEAR(H$17),$A28<YEAR(H$18)),(DATE($A28,12,31)-DATE($A28,1,0))*H$20,IF(AND($A28=YEAR(H$17),$A28=YEAR(H$18)),(H$18-H$17+1)*H$20,IF($A28=YEAR(H$17),(DATE(YEAR(H$17),12,31)-H$17+1)*H$20,IF($A28=YEAR(H$18),(H$18-DATE(YEAR(H$18),1,1))*H$20,0)))) -> 0 | I28: =IF(AND($A28>YEAR(I$17),$A28<YEAR(I$18)),(DATE($A28,12,31)-DATE($A28,1,0))*I$20,IF(AND($A28=YEAR(I$17),$A28=YEAR(I$18)),(I$18-I$17+1)*I$20,IF($A28=YEAR(I$17),(DATE(YEAR(I$17),12,31)-I$17+1)*I$20,IF($A28=YEAR(I$18),(I$18-DATE(YEAR(I$18),1,1))*I$20,0)))) -> 0 | ... M28: =IF(AND($A28>YEAR(M$17),$A28<YEAR(M$18)),(DATE($A28,12,31)-DATE($A28,1,0))*M$20,IF(AND($A28=YEAR(M$17),$A28=YEAR(M$18)),(M$18-M$17+1)*M$20,IF($A28=YEAR(M$17),(DATE(YEAR(M$17),12,31)-M$17+1)*M$20,IF($A28=YEAR(M$18),(M$18-DATE(YEAR(M$18),1,1))*M$20,0)))) -> 0 | N28: =SUM(B28:J28) -> 0
A29: =A28+1 -> 2035 | B29: =IF(AND($A29>YEAR(B$17),$A29<YEAR(B$18)),(DATE($A29,12,31)-DATE($A29,1,0))*B$20,IF(AND($A29=YEAR(B$17),$A29=YEAR(B$18)),(B$18-B$17+1)*B$20,IF($A29=YEAR(B$17),(DATE(YEAR(B$17),12,31)-B$17+1)*B$20,IF($A29=YEAR(B$18),(B$18-DATE(YEAR(B$18),1,1))*B$20,0)))) -> 0 | C29: =IF(AND($A29>YEAR(C$17),$A29<YEAR(C$18)),(DATE($A29,12,31)-DATE($A29,1,0))*C$20,IF(AND($A29=YEAR(C$17),$A29=YEAR(C$18)),(C$18-C$17+1)*C$20,IF($A29=YEAR(C$17),(DATE(YEAR(C$17),12,31)-C$17+1)*C$20,IF($A29=YEAR(C$18),(C$18-DATE(YEAR(C$18),1,1))*C$20,0)))) -> 0 | D29: =IF(AND($A29>YEAR(D$17),$A29<YEAR(D$18)),(DATE($A29,12,31)-DATE($A29,1,0))*D$20,IF(AND($A29=YEAR(D$17),$A29=YEAR(D$18)),(D$18-D$17+1)*D$20,IF($A29=YEAR(D$17),(DATE(YEAR(D$17),12,31)-D$17+1)*D$20,IF($A29=YEAR(D$18),(D$18-DATE(YEAR(D$18),1,1))*D$20,0)))) -> 0 | E29: =IF(AND($A29>YEAR(E$17),$A29<YEAR(E$18)),(DATE($A29,12,31)-DATE($A29,1,0))*E$20,IF(AND($A29=YEAR(E$17),$A29=YEAR(E$18)),(E$18-E$17+1)*E$20,IF($A29=YEAR(E$17),(DATE(YEAR(E$17),12,31)-E$17+1)*E$20,IF($A29=YEAR(E$18),(E$18-DATE(YEAR(E$18),1,1))*E$20,0)))) -> 0 | F29: =IF(AND($A29>YEAR(F$17),$A29<YEAR(F$18)),(DATE($A29,12,31)-DATE($A29,1,0))*F$20,IF(AND($A29=YEAR(F$17),$A29=YEAR(F$18)),(F$18-F$17+1)*F$20,IF($A29=YEAR(F$17),(DATE(YEAR(F$17),12,31)-F$17+1)*F$20,IF($A29=YEAR(F$18),(F$18-DATE(YEAR(F$18),1,1))*F$20,0)))) -> 0 | G29: =IF(AND($A29>YEAR(G$17),$A29<YEAR(G$18)),(DATE($A29,12,31)-DATE($A29,1,0))*G$20,IF(AND($A29=YEAR(G$17),$A29=YEAR(G$18)),(G$18-G$17+1)*G$20,IF($A29=YEAR(G$17),(DATE(YEAR(G$17),12,31)-G$17+1)*G$20,IF($A29=YEAR(G$18),(G$18-DATE(YEAR(G$18),1,1))*G$20,0)))) -> 0 | H29: =IF(AND($A29>YEAR(H$17),$A29<YEAR(H$18)),(DATE($A29,12,31)-DATE($A29,1,0))*H$20,IF(AND($A29=YEAR(H$17),$A29=YEAR(H$18)),(H$18-H$17+1)*H$20,IF($A29=YEAR(H$17),(DATE(YEAR(H$17),12,31)-H$17+1)*H$20,IF($A29=YEAR(H$18),(H$18-DATE(YEAR(H$18),1,1))*H$20,0)))) -> 0 | I29: =IF(AND($A29>YEAR(I$17),$A29<YEAR(I$18)),(DATE($A29,12,31)-DATE($A29,1,0))*I$20,IF(AND($A29=YEAR(I$17),$A29=YEAR(I$18)),(I$18-I$17+1)*I$20,IF($A29=YEAR(I$17),(DATE(YEAR(I$17),12,31)-I$17+1)*I$20,IF($A29=YEAR(I$18),(I$18-DATE(YEAR(I$18),1,1))*I$20,0)))) -> 0 | ... M29: =IF(AND($A29>YEAR(M$17),$A29<YEAR(M$18)),(DATE($A29,12,31)-DATE($A29,1,0))*M$20,IF(AND($A29=YEAR(M$17),$A29=YEAR(M$18)),(M$18-M$17+1)*M$20,IF($A29=YEAR(M$17),(DATE(YEAR(M$17),12,31)-M$17+1)*M$20,IF($A29=YEAR(M$18),(M$18-DATE(YEAR(M$18),1,1))*M$20,0)))) -> 0 | N29: =SUM(B29:J29) -> 0
A30: =A29+1 -> 2036 | B30: =IF(AND($A30>YEAR(B$17),$A30<YEAR(B$18)),(DATE($A30,12,31)-DATE($A30,1,0))*B$20,IF(AND($A30=YEAR(B$17),$A30=YEAR(B$18)),(B$18-B$17+1)*B$20,IF($A30=YEAR(B$17),(DATE(YEAR(B$17),12,31)-B$17+1)*B$20,IF($A30=YEAR(B$18),(B$18-DATE(YEAR(B$18),1,1))*B$20,0)))) -> 0 | C30: =IF(AND($A30>YEAR(C$17),$A30<YEAR(C$18)),(DATE($A30,12,31)-DATE($A30,1,0))*C$20,IF(AND($A30=YEAR(C$17),$A30=YEAR(C$18)),(C$18-C$17+1)*C$20,IF($A30=YEAR(C$17),(DATE(YEAR(C$17),12,31)-C$17+1)*C$20,IF($A30=YEAR(C$18),(C$18-DATE(YEAR(C$18),1,1))*C$20,0)))) -> 0 | D30: =IF(AND($A30>YEAR(D$17),$A30<YEAR(D$18)),(DATE($A30,12,31)-DATE($A30,1,0))*D$20,IF(AND($A30=YEAR(D$17),$A30=YEAR(D$18)),(D$18-D$17+1)*D$20,IF($A30=YEAR(D$17),(DATE(YEAR(D$17),12,31)-D$17+1)*D$20,IF($A30=YEAR(D$18),(D$18-DATE(YEAR(D$18),1,1))*D$20,0)))) -> 0 | E30: =IF(AND($A30>YEAR(E$17),$A30<YEAR(E$18)),(DATE($A30,12,31)-DATE($A30,1,0))*E$20,IF(AND($A30=YEAR(E$17),$A30=YEAR(E$18)),(E$18-E$17+1)*E$20,IF($A30=YEAR(E$17),(DATE(YEAR(E$17),12,31)-E$17+1)*E$20,IF($A30=YEAR(E$18),(E$18-DATE(YEAR(E$18),1,1))*E$20,0)))) -> 0 | F30: =IF(AND($A30>YEAR(F$17),$A30<YEAR(F$18)),(DATE($A30,12,31)-DATE($A30,1,0))*F$20,IF(AND($A30=YEAR(F$17),$A30=YEAR(F$18)),(F$18-F$17+1)*F$20,IF($A30=YEAR(F$17),(DATE(YEAR(F$17),12,31)-F$17+1)*F$20,IF($A30=YEAR(F$18),(F$18-DATE(YEAR(F$18),1,1))*F$20,0)))) -> 0 | G30: =IF(AND($A30>YEAR(G$17),$A30<YEAR(G$18)),(DATE($A30,12,31)-DATE($A30,1,0))*G$20,IF(AND($A30=YEAR(G$17),$A30=YEAR(G$18)),(G$18-G$17+1)*G$20,IF($A30=YEAR(G$17),(DATE(YEAR(G$17),12,31)-G$17+1)*G$20,IF($A30=YEAR(G$18),(G$18-DATE(YEAR(G$18),1,1))*G$20,0)))) -> 0 | H30: =IF(AND($A30>YEAR(H$17),$A30<YEAR(H$18)),(DATE($A30,12,31)-DATE($A30,1,0))*H$20,IF(AND($A30=YEAR(H$17),$A30=YEAR(H$18)),(H$18-H$17+1)*H$20,IF($A30=YEAR(H$17),(DATE(YEAR(H$17),12,31)-H$17+1)*H$20,IF($A30=YEAR(H$18),(H$18-DATE(YEAR(H$18),1,1))*H$20,0)))) -> 0 | I30: =IF(AND($A30>YEAR(I$17),$A30<YEAR(I$18)),(DATE($A30,12,31)-DATE($A30,1,0))*I$20,IF(AND($A30=YEAR(I$17),$A30=YEAR(I$18)),(I$18-I$17+1)*I$20,IF($A30=YEAR(I$17),(DATE(YEAR(I$17),12,31)-I$17+1)*I$20,IF($A30=YEAR(I$18),(I$18-DATE(YEAR(I$18),1,1))*I$20,0)))) -> 0 | ... M30: =IF(AND($A30>YEAR(M$17),$A30<YEAR(M$18)),(DATE($A30,12,31)-DATE($A30,1,0))*M$20,IF(AND($A30=YEAR(M$17),$A30=YEAR(M$18)),(M$18-M$17+1)*M$20,IF($A30=YEAR(M$17),(DATE(YEAR(M$17),12,31)-M$17+1)*M$20,IF($A30=YEAR(M$18),(M$18-DATE(YEAR(M$18),1,1))*M$20,0)))) -> 0 | N30: =SUM(B30:J30) -> 0
A31: =A30+1 -> 2037 | B31: =IF(AND($A31>YEAR(B$17),$A31<YEAR(B$18)),(DATE($A31,12,31)-DATE($A31,1,0))*B$20,IF(AND($A31=YEAR(B$17),$A31=YEAR(B$18)),(B$18-B$17+1)*B$20,IF($A31=YEAR(B$17),(DATE(YEAR(B$17),12,31)-B$17+1)*B$20,IF($A31=YEAR(B$18),(B$18-DATE(YEAR(B$18),1,1))*B$20,0)))) -> 0 | C31: =IF(AND($A31>YEAR(C$17),$A31<YEAR(C$18)),(DATE($A31,12,31)-DATE($A31,1,0))*C$20,IF(AND($A31=YEAR(C$17),$A31=YEAR(C$18)),(C$18-C$17+1)*C$20,IF($A31=YEAR(C$17),(DATE(YEAR(C$17),12,31)-C$17+1)*C$20,IF($A31=YEAR(C$18),(C$18-DATE(YEAR(C$18),1,1))*C$20,0)))) -> 0 | D31: =IF(AND($A31>YEAR(D$17),$A31<YEAR(D$18)),(DATE($A31,12,31)-DATE($A31,1,0))*D$20,IF(AND($A31=YEAR(D$17),$A31=YEAR(D$18)),(D$18-D$17+1)*D$20,IF($A31=YEAR(D$17),(DATE(YEAR(D$17),12,31)-D$17+1)*D$20,IF($A31=YEAR(D$18),(D$18-DATE(YEAR(D$18),1,1))*D$20,0)))) -> 0 | E31: =IF(AND($A31>YEAR(E$17),$A31<YEAR(E$18)),(DATE($A31,12,31)-DATE($A31,1,0))*E$20,IF(AND($A31=YEAR(E$17),$A31=YEAR(E$18)),(E$18-E$17+1)*E$20,IF($A31=YEAR(E$17),(DATE(YEAR(E$17),12,31)-E$17+1)*E$20,IF($A31=YEAR(E$18),(E$18-DATE(YEAR(E$18),1,1))*E$20,0)))) -> 0 | F31: =IF(AND($A31>YEAR(F$17),$A31<YEAR(F$18)),(DATE($A31,12,31)-DATE($A31,1,0))*F$20,IF(AND($A31=YEAR(F$17),$A31=YEAR(F$18)),(F$18-F$17+1)*F$20,IF($A31=YEAR(F$17),(DATE(YEAR(F$17),12,31)-F$17+1)*F$20,IF($A31=YEAR(F$18),(F$18-DATE(YEAR(F$18),1,1))*F$20,0)))) -> 0 | G31: =IF(AND($A31>YEAR(G$17),$A31<YEAR(G$18)),(DATE($A31,12,31)-DATE($A31,1,0))*G$20,IF(AND($A31=YEAR(G$17),$A31=YEAR(G$18)),(G$18-G$17+1)*G$20,IF($A31=YEAR(G$17),(DATE(YEAR(G$17),12,31)-G$17+1)*G$20,IF($A31=YEAR(G$18),(G$18-DATE(YEAR(G$18),1,1))*G$20,0)))) -> 0 | H31: =IF(AND($A31>YEAR(H$17),$A31<YEAR(H$18)),(DATE($A31,12,31)-DATE($A31,1,0))*H$20,IF(AND($A31=YEAR(H$17),$A31=YEAR(H$18)),(H$18-H$17+1)*H$20,IF($A31=YEAR(H$17),(DATE(YEAR(H$17),12,31)-H$17+1)*H$20,IF($A31=YEAR(H$18),(H$18-DATE(YEAR(H$18),1,1))*H$20,0)))) -> 0 | I31: =IF(AND($A31>YEAR(I$17),$A31<YEAR(I$18)),(DATE($A31,12,31)-DATE($A31,1,0))*I$20,IF(AND($A31=YEAR(I$17),$A31=YEAR(I$18)),(I$18-I$17+1)*I$20,IF($A31=YEAR(I$17),(DATE(YEAR(I$17),12,31)-I$17+1)*I$20,IF($A31=YEAR(I$18),(I$18-DATE(YEAR(I$18),1,1))*I$20,0)))) -> 0 | ... M31: =IF(AND($A31>YEAR(M$17),$A31<YEAR(M$18)),(DATE($A31,12,31)-DATE($A31,1,0))*M$20,IF(AND($A31=YEAR(M$17),$A31=YEAR(M$18)),(M$18-M$17+1)*M$20,IF($A31=YEAR(M$17),(DATE(YEAR(M$17),12,31)-M$17+1)*M$20,IF($A31=YEAR(M$18),(M$18-DATE(YEAR(M$18),1,1))*M$20,0)))) -> 0 | N31: =SUM(B31:J31) -> 0
A32: =A31+1 -> 2038 | B32: =IF(AND($A32>YEAR(B$17),$A32<YEAR(B$18)),(DATE($A32,12,31)-DATE($A32,1,0))*B$20,IF(AND($A32=YEAR(B$17),$A32=YEAR(B$18)),(B$18-B$17+1)*B$20,IF($A32=YEAR(B$17),(DATE(YEAR(B$17),12,31)-B$17+1)*B$20,IF($A32=YEAR(B$18),(B$18-DATE(YEAR(B$18),1,1))*B$20,0)))) -> 0 | C32: =IF(AND($A32>YEAR(C$17),$A32<YEAR(C$18)),(DATE($A32,12,31)-DATE($A32,1,0))*C$20,IF(AND($A32=YEAR(C$17),$A32=YEAR(C$18)),(C$18-C$17+1)*C$20,IF($A32=YEAR(C$17),(DATE(YEAR(C$17),12,31)-C$17+1)*C$20,IF($A32=YEAR(C$18),(C$18-DATE(YEAR(C$18),1,1))*C$20,0)))) -> 0 | D32: =IF(AND($A32>YEAR(D$17),$A32<YEAR(D$18)),(DATE($A32,12,31)-DATE($A32,1,0))*D$20,IF(AND($A32=YEAR(D$17),$A32=YEAR(D$18)),(D$18-D$17+1)*D$20,IF($A32=YEAR(D$17),(DATE(YEAR(D$17),12,31)-D$17+1)*D$20,IF($A32=YEAR(D$18),(D$18-DATE(YEAR(D$18),1,1))*D$20,0)))) -> 0 | E32: =IF(AND($A32>YEAR(E$17),$A32<YEAR(E$18)),(DATE($A32,12,31)-DATE($A32,1,0))*E$20,IF(AND($A32=YEAR(E$17),$A32=YEAR(E$18)),(E$18-E$17+1)*E$20,IF($A32=YEAR(E$17),(DATE(YEAR(E$17),12,31)-E$17+1)*E$20,IF($A32=YEAR(E$18),(E$18-DATE(YEAR(E$18),1,1))*E$20,0)))) -> 0 | F32: =IF(AND($A32>YEAR(F$17),$A32<YEAR(F$18)),(DATE($A32,12,31)-DATE($A32,1,0))*F$20,IF(AND($A32=YEAR(F$17),$A32=YEAR(F$18)),(F$18-F$17+1)*F$20,IF($A32=YEAR(F$17),(DATE(YEAR(F$17),12,31)-F$17+1)*F$20,IF($A32=YEAR(F$18),(F$18-DATE(YEAR(F$18),1,1))*F$20,0)))) -> 0 | G32: =IF(AND($A32>YEAR(G$17),$A32<YEAR(G$18)),(DATE($A32,12,31)-DATE($A32,1,0))*G$20,IF(AND($A32=YEAR(G$17),$A32=YEAR(G$18)),(G$18-G$17+1)*G$20,IF($A32=YEAR(G$17),(DATE(YEAR(G$17),12,31)-G$17+1)*G$20,IF($A32=YEAR(G$18),(G$18-DATE(YEAR(G$18),1,1))*G$20,0)))) -> 0 | H32: =IF(AND($A32>YEAR(H$17),$A32<YEAR(H$18)),(DATE($A32,12,31)-DATE($A32,1,0))*H$20,IF(AND($A32=YEAR(H$17),$A32=YEAR(H$18)),(H$18-H$17+1)*H$20,IF($A32=YEAR(H$17),(DATE(YEAR(H$17),12,31)-H$17+1)*H$20,IF($A32=YEAR(H$18),(H$18-DATE(YEAR(H$18),1,1))*H$20,0)))) -> 0 | I32: =IF(AND($A32>YEAR(I$17),$A32<YEAR(I$18)),(DATE($A32,12,31)-DATE($A32,1,0))*I$20,IF(AND($A32=YEAR(I$17),$A32=YEAR(I$18)),(I$18-I$17+1)*I$20,IF($A32=YEAR(I$17),(DATE(YEAR(I$17),12,31)-I$17+1)*I$20,IF($A32=YEAR(I$18),(I$18-DATE(YEAR(I$18),1,1))*I$20,0)))) -> 0 | ... M32: =IF(AND($A32>YEAR(M$17),$A32<YEAR(M$18)),(DATE($A32,12,31)-DATE($A32,1,0))*M$20,IF(AND($A32=YEAR(M$17),$A32=YEAR(M$18)),(M$18-M$17+1)*M$20,IF($A32=YEAR(M$17),(DATE(YEAR(M$17),12,31)-M$17+1)*M$20,IF($A32=YEAR(M$18),(M$18-DATE(YEAR(M$18),1,1))*M$20,0)))) -> 0 | N32: =SUM(B32:J32) -> 0
A33: =A32+1 -> 2039 | B33: =IF(AND($A33>YEAR(B$17),$A33<YEAR(B$18)),(DATE($A33,12,31)-DATE($A33,1,0))*B$20,IF(AND($A33=YEAR(B$17),$A33=YEAR(B$18)),(B$18-B$17+1)*B$20,IF($A33=YEAR(B$17),(DATE(YEAR(B$17),12,31)-B$17+1)*B$20,IF($A33=YEAR(B$18),(B$18-DATE(YEAR(B$18),1,1))*B$20,0)))) -> 0 | C33: =IF(AND($A33>YEAR(C$17),$A33<YEAR(C$18)),(DATE($A33,12,31)-DATE($A33,1,0))*C$20,IF(AND($A33=YEAR(C$17),$A33=YEAR(C$18)),(C$18-C$17+1)*C$20,IF($A33=YEAR(C$17),(DATE(YEAR(C$17),12,31)-C$17+1)*C$20,IF($A33=YEAR(C$18),(C$18-DATE(YEAR(C$18),1,1))*C$20,0)))) -> 0 | D33: =IF(AND($A33>YEAR(D$17),$A33<YEAR(D$18)),(DATE($A33,12,31)-DATE($A33,1,0))*D$20,IF(AND($A33=YEAR(D$17),$A33=YEAR(D$18)),(D$18-D$17+1)*D$20,IF($A33=YEAR(D$17),(DATE(YEAR(D$17),12,31)-D$17+1)*D$20,IF($A33=YEAR(D$18),(D$18-DATE(YEAR(D$18),1,1))*D$20,0)))) -> 0 | E33: =IF(AND($A33>YEAR(E$17),$A33<YEAR(E$18)),(DATE($A33,12,31)-DATE($A33,1,0))*E$20,IF(AND($A33=YEAR(E$17),$A33=YEAR(E$18)),(E$18-E$17+1)*E$20,IF($A33=YEAR(E$17),(DATE(YEAR(E$17),12,31)-E$17+1)*E$20,IF($A33=YEAR(E$18),(E$18-DATE(YEAR(E$18),1,1))*E$20,0)))) -> 0 | F33: =IF(AND($A33>YEAR(F$17),$A33<YEAR(F$18)),(DATE($A33,12,31)-DATE($A33,1,0))*F$20,IF(AND($A33=YEAR(F$17),$A33=YEAR(F$18)),(F$18-F$17+1)*F$20,IF($A33=YEAR(F$17),(DATE(YEAR(F$17),12,31)-F$17+1)*F$20,IF($A33=YEAR(F$18),(F$18-DATE(YEAR(F$18),1,1))*F$20,0)))) -> 0 | G33: =IF(AND($A33>YEAR(G$17),$A33<YEAR(G$18)),(DATE($A33,12,31)-DATE($A33,1,0))*G$20,IF(AND($A33=YEAR(G$17),$A33=YEAR(G$18)),(G$18-G$17+1)*G$20,IF($A33=YEAR(G$17),(DATE(YEAR(G$17),12,31)-G$17+1)*G$20,IF($A33=YEAR(G$18),(G$18-DATE(YEAR(G$18),1,1))*G$20,0)))) -> 0 | H33: =IF(AND($A33>YEAR(H$17),$A33<YEAR(H$18)),(DATE($A33,12,31)-DATE($A33,1,0))*H$20,IF(AND($A33=YEAR(H$17),$A33=YEAR(H$18)),(H$18-H$17+1)*H$20,IF($A33=YEAR(H$17),(DATE(YEAR(H$17),12,31)-H$17+1)*H$20,IF($A33=YEAR(H$18),(H$18-DATE(YEAR(H$18),1,1))*H$20,0)))) -> 0 | I33: =IF(AND($A33>YEAR(I$17),$A33<YEAR(I$18)),(DATE($A33,12,31)-DATE($A33,1,0))*I$20,IF(AND($A33=YEAR(I$17),$A33=YEAR(I$18)),(I$18-I$17+1)*I$20,IF($A33=YEAR(I$17),(DATE(YEAR(I$17),12,31)-I$17+1)*I$20,IF($A33=YEAR(I$18),(I$18-DATE(YEAR(I$18),1,1))*I$20,0)))) -> 0 | ... M33: =IF(AND($A33>YEAR(M$17),$A33<YEAR(M$18)),(DATE($A33,12,31)-DATE($A33,1,0))*M$20,IF(AND($A33=YEAR(M$17),$A33=YEAR(M$18)),(M$18-M$17+1)*M$20,IF($A33=YEAR(M$17),(DATE(YEAR(M$17),12,31)-M$17+1)*M$20,IF($A33=YEAR(M$18),(M$18-DATE(YEAR(M$18),1,1))*M$20,0)))) -> 0 | N33: =SUM(B33:J33) -> 0
A34: =A33+1 -> 2040 | B34: =IF(AND($A34>YEAR(B$17),$A34<YEAR(B$18)),(DATE($A34,12,31)-DATE($A34,1,0))*B$20,IF(AND($A34=YEAR(B$17),$A34=YEAR(B$18)),(B$18-B$17+1)*B$20,IF($A34=YEAR(B$17),(DATE(YEAR(B$17),12,31)-B$17+1)*B$20,IF($A34=YEAR(B$18),(B$18-DATE(YEAR(B$18),1,1))*B$20,0)))) -> 0 | C34: =IF(AND($A34>YEAR(C$17),$A34<YEAR(C$18)),(DATE($A34,12,31)-DATE($A34,1,0))*C$20,IF(AND($A34=YEAR(C$17),$A34=YEAR(C$18)),(C$18-C$17+1)*C$20,IF($A34=YEAR(C$17),(DATE(YEAR(C$17),12,31)-C$17+1)*C$20,IF($A34=YEAR(C$18),(C$18-DATE(YEAR(C$18),1,1))*C$20,0)))) -> 0 | D34: =IF(AND($A34>YEAR(D$17),$A34<YEAR(D$18)),(DATE($A34,12,31)-DATE($A34,1,0))*D$20,IF(AND($A34=YEAR(D$17),$A34=YEAR(D$18)),(D$18-D$17+1)*D$20,IF($A34=YEAR(D$17),(DATE(YEAR(D$17),12,31)-D$17+1)*D$20,IF($A34=YEAR(D$18),(D$18-DATE(YEAR(D$18),1,1))*D$20,0)))) -> 0 | E34: =IF(AND($A34>YEAR(E$17),$A34<YEAR(E$18)),(DATE($A34,12,31)-DATE($A34,1,0))*E$20,IF(AND($A34=YEAR(E$17),$A34=YEAR(E$18)),(E$18-E$17+1)*E$20,IF($A34=YEAR(E$17),(DATE(YEAR(E$17),12,31)-E$17+1)*E$20,IF($A34=YEAR(E$18),(E$18-DATE(YEAR(E$18),1,1))*E$20,0)))) -> 0 | F34: =IF(AND($A34>YEAR(F$17),$A34<YEAR(F$18)),(DATE($A34,12,31)-DATE($A34,1,0))*F$20,IF(AND($A34=YEAR(F$17),$A34=YEAR(F$18)),(F$18-F$17+1)*F$20,IF($A34=YEAR(F$17),(DATE(YEAR(F$17),12,31)-F$17+1)*F$20,IF($A34=YEAR(F$18),(F$18-DATE(YEAR(F$18),1,1))*F$20,0)))) -> 0 | G34: =IF(AND($A34>YEAR(G$17),$A34<YEAR(G$18)),(DATE($A34,12,31)-DATE($A34,1,0))*G$20,IF(AND($A34=YEAR(G$17),$A34=YEAR(G$18)),(G$18-G$17+1)*G$20,IF($A34=YEAR(G$17),(DATE(YEAR(G$17),12,31)-G$17+1)*G$20,IF($A34=YEAR(G$18),(G$18-DATE(YEAR(G$18),1,1))*G$20,0)))) -> 0 | H34: =IF(AND($A34>YEAR(H$17),$A34<YEAR(H$18)),(DATE($A34,12,31)-DATE($A34,1,0))*H$20,IF(AND($A34=YEAR(H$17),$A34=YEAR(H$18)),(H$18-H$17+1)*H$20,IF($A34=YEAR(H$17),(DATE(YEAR(H$17),12,31)-H$17+1)*H$20,IF($A34=YEAR(H$18),(H$18-DATE(YEAR(H$18),1,1))*H$20,0)))) -> 0 | I34: =IF(AND($A34>YEAR(I$17),$A34<YEAR(I$18)),(DATE($A34,12,31)-DATE($A34,1,0))*I$20,IF(AND($A34=YEAR(I$17),$A34=YEAR(I$18)),(I$18-I$17+1)*I$20,IF($A34=YEAR(I$17),(DATE(YEAR(I$17),12,31)-I$17+1)*I$20,IF($A34=YEAR(I$18),(I$18-DATE(YEAR(I$18),1,1))*I$20,0)))) -> 0 | ... M34: =IF(AND($A34>YEAR(M$17),$A34<YEAR(M$18)),(DATE($A34,12,31)-DATE($A34,1,0))*M$20,IF(AND($A34=YEAR(M$17),$A34=YEAR(M$18)),(M$18-M$17+1)*M$20,IF($A34=YEAR(M$17),(DATE(YEAR(M$17),12,31)-M$17+1)*M$20,IF($A34=YEAR(M$18),(M$18-DATE(YEAR(M$18),1,1))*M$20,0)))) -> 0 | N34: =SUM(B34:J34) -> 0
A35: =A34+1 -> 2041 | B35: =IF(AND($A35>YEAR(B$17),$A35<YEAR(B$18)),(DATE($A35,12,31)-DATE($A35,1,0))*B$20,IF(AND($A35=YEAR(B$17),$A35=YEAR(B$18)),(B$18-B$17+1)*B$20,IF($A35=YEAR(B$17),(DATE(YEAR(B$17),12,31)-B$17+1)*B$20,IF($A35=YEAR(B$18),(B$18-DATE(YEAR(B$18),1,1))*B$20,0)))) -> 0 | C35: =IF(AND($A35>YEAR(C$17),$A35<YEAR(C$18)),(DATE($A35,12,31)-DATE($A35,1,0))*C$20,IF(AND($A35=YEAR(C$17),$A35=YEAR(C$18)),(C$18-C$17+1)*C$20,IF($A35=YEAR(C$17),(DATE(YEAR(C$17),12,31)-C$17+1)*C$20,IF($A35=YEAR(C$18),(C$18-DATE(YEAR(C$18),1,1))*C$20,0)))) -> 0 | D35: =IF(AND($A35>YEAR(D$17),$A35<YEAR(D$18)),(DATE($A35,12,31)-DATE($A35,1,0))*D$20,IF(AND($A35=YEAR(D$17),$A35=YEAR(D$18)),(D$18-D$17+1)*D$20,IF($A35=YEAR(D$17),(DATE(YEAR(D$17),12,31)-D$17+1)*D$20,IF($A35=YEAR(D$18),(D$18-DATE(YEAR(D$18),1,1))*D$20,0)))) -> 0 | E35: =IF(AND($A35>YEAR(E$17),$A35<YEAR(E$18)),(DATE($A35,12,31)-DATE($A35,1,0))*E$20,IF(AND($A35=YEAR(E$17),$A35=YEAR(E$18)),(E$18-E$17+1)*E$20,IF($A35=YEAR(E$17),(DATE(YEAR(E$17),12,31)-E$17+1)*E$20,IF($A35=YEAR(E$18),(E$18-DATE(YEAR(E$18),1,1))*E$20,0)))) -> 0 | F35: =IF(AND($A35>YEAR(F$17),$A35<YEAR(F$18)),(DATE($A35,12,31)-DATE($A35,1,0))*F$20,IF(AND($A35=YEAR(F$17),$A35=YEAR(F$18)),(F$18-F$17+1)*F$20,IF($A35=YEAR(F$17),(DATE(YEAR(F$17),12,31)-F$17+1)*F$20,IF($A35=YEAR(F$18),(F$18-DATE(YEAR(F$18),1,1))*F$20,0)))) -> 0 | G35: =IF(AND($A35>YEAR(G$17),$A35<YEAR(G$18)),(DATE($A35,12,31)-DATE($A35,1,0))*G$20,IF(AND($A35=YEAR(G$17),$A35=YEAR(G$18)),(G$18-G$17+1)*G$20,IF($A35=YEAR(G$17),(DATE(YEAR(G$17),12,31)-G$17+1)*G$20,IF($A35=YEAR(G$18),(G$18-DATE(YEAR(G$18),1,1))*G$20,0)))) -> 0 | H35: =IF(AND($A35>YEAR(H$17),$A35<YEAR(H$18)),(DATE($A35,12,31)-DATE($A35,1,0))*H$20,IF(AND($A35=YEAR(H$17),$A35=YEAR(H$18)),(H$18-H$17+1)*H$20,IF($A35=YEAR(H$17),(DATE(YEAR(H$17),12,31)-H$17+1)*H$20,IF($A35=YEAR(H$18),(H$18-DATE(YEAR(H$18),1,1))*H$20,0)))) -> 0 | I35: =IF(AND($A35>YEAR(I$17),$A35<YEAR(I$18)),(DATE($A35,12,31)-DATE($A35,1,0))*I$20,IF(AND($A35=YEAR(I$17),$A35=YEAR(I$18)),(I$18-I$17+1)*I$20,IF($A35=YEAR(I$17),(DATE(YEAR(I$17),12,31)-I$17+1)*I$20,IF($A35=YEAR(I$18),(I$18-DATE(YEAR(I$18),1,1))*I$20,0)))) -> 0 | ... M35: =IF(AND($A35>YEAR(M$17),$A35<YEAR(M$18)),(DATE($A35,12,31)-DATE($A35,1,0))*M$20,IF(AND($A35=YEAR(M$17),$A35=YEAR(M$18)),(M$18-M$17+1)*M$20,IF($A35=YEAR(M$17),(DATE(YEAR(M$17),12,31)-M$17+1)*M$20,IF($A35=YEAR(M$18),(M$18-DATE(YEAR(M$18),1,1))*M$20,0)))) -> 0 | N35: =SUM(B35:J35) -> 0
... A37: =A36+1 -> 2043 | B37: =IF(AND($A37>YEAR(B$17),$A37<YEAR(B$18)),(DATE($A37,12,31)-DATE($A37,1,0))*B$20,IF(AND($A37=YEAR(B$17),$A37=YEAR(B$18)),(B$18-B$17+1)*B$20,IF($A37=YEAR(B$17),(DATE(YEAR(B$17),12,31)-B$17+1)*B$20,IF($A37=YEAR(B$18),(B$18-DATE(YEAR(B$18),1,1))*B$20,0)))) -> 0 | C37: =IF(AND($A37>YEAR(C$17),$A37<YEAR(C$18)),(DATE($A37,12,31)-DATE($A37,1,0))*C$20,IF(AND($A37=YEAR(C$17),$A37=YEAR(C$18)),(C$18-C$17+1)*C$20,IF($A37=YEAR(C$17),(DATE(YEAR(C$17),12,31)-C$17+1)*C$20,IF($A37=YEAR(C$18),(C$18-DATE(YEAR(C$18),1,1))*C$20,0)))) -> 0 | D37: =IF(AND($A37>YEAR(D$17),$A37<YEAR(D$18)),(DATE($A37,12,31)-DATE($A37,1,0))*D$20,IF(AND($A37=YEAR(D$17),$A37=YEAR(D$18)),(D$18-D$17+1)*D$20,IF($A37=YEAR(D$17),(DATE(YEAR(D$17),12,31)-D$17+1)*D$20,IF($A37=YEAR(D$18),(D$18-DATE(YEAR(D$18),1,1))*D$20,0)))) -> 0 | E37: =IF(AND($A37>YEAR(E$17),$A37<YEAR(E$18)),(DATE($A37,12,31)-DATE($A37,1,0))*E$20,IF(AND($A37=YEAR(E$17),$A37=YEAR(E$18)),(E$18-E$17+1)*E$20,IF($A37=YEAR(E$17),(DATE(YEAR(E$17),12,31)-E$17+1)*E$20,IF($A37=YEAR(E$18),(E$18-DATE(YEAR(E$18),1,1))*E$20,0)))) -> 0 | F37: =IF(AND($A37>YEAR(F$17),$A37<YEAR(F$18)),(DATE($A37,12,31)-DATE($A37,1,0))*F$20,IF(AND($A37=YEAR(F$17),$A37=YEAR(F$18)),(F$18-F$17+1)*F$20,IF($A37=YEAR(F$17),(DATE(YEAR(F$17),12,31)-F$17+1)*F$20,IF($A37=YEAR(F$18),(F$18-DATE(YEAR(F$18),1,1))*F$20,0)))) -> 0 | G37: =IF(AND($A37>YEAR(G$17),$A37<YEAR(G$18)),(DATE($A37,12,31)-DATE($A37,1,0))*G$20,IF(AND($A37=YEAR(G$17),$A37=YEAR(G$18)),(G$18-G$17+1)*G$20,IF($A37=YEAR(G$17),(DATE(YEAR(G$17),12,31)-G$17+1)*G$20,IF($A37=YEAR(G$18),(G$18-DATE(YEAR(G$18),1,1))*G$20,0)))) -> 0 | H37: =IF(AND($A37>YEAR(H$17),$A37<YEAR(H$18)),(DATE($A37,12,31)-DATE($A37,1,0))*H$20,IF(AND($A37=YEAR(H$17),$A37=YEAR(H$18)),(H$18-H$17+1)*H$20,IF($A37=YEAR(H$17),(DATE(YEAR(H$17),12,31)-H$17+1)*H$20,IF($A37=YEAR(H$18),(H$18-DATE(YEAR(H$18),1,1))*H$20,0)))) -> 0 | I37: =IF(AND($A37>YEAR(I$17),$A37<YEAR(I$18)),(DATE($A37,12,31)-DATE($A37,1,0))*I$20,IF(AND($A37=YEAR(I$17),$A37=YEAR(I$18)),(I$18-I$17+1)*I$20,IF($A37=YEAR(I$17),(DATE(YEAR(I$17),12,31)-I$17+1)*I$20,IF($A37=YEAR(I$18),(I$18-DATE(YEAR(I$18),1,1))*I$20,0)))) -> 0 | ... M37: =IF(AND($A37>YEAR(M$17),$A37<YEAR(M$18)),(DATE($A37,12,31)-DATE($A37,1,0))*M$20,IF(AND($A37=YEAR(M$17),$A37=YEAR(M$18)),(M$18-M$17+1)*M$20,IF($A37=YEAR(M$17),(DATE(YEAR(M$17),12,31)-M$17+1)*M$20,IF($A37=YEAR(M$18),(M$18-DATE(YEAR(M$18),1,1))*M$20,0)))) -> 0 | N37: =SUM(B37:J37) -> 0
A39: Totaal per Component | B39: =SUM(B23:B37) -> 0 | C39: =SUM(C23:C37) -> 0 | D39: =SUM(D23:D37) -> 0 | E39: =SUM(E23:E37) -> 0 | F39: =SUM(F23:F37) -> 0 | G39: =SUM(G23:G37) -> 0 | H39: =SUM(H23:H37) -> 0 | I39: =SUM(I23:I37) -> 0 | ... M39: =SUM(M23:M37) -> 0
A43: Boekwaarde 31-12 Componenten | N43: Totaal
A44: 2029 | B44: =IF(OR(B$8="",B$10=""),0,MAX(B23*B13+B$16,B$16)) -> 0 | C44: =IF(OR(C$8="",C$10=""),0,MAX(C23*C13+C$16,C$16)) -> 0 | D44: =IF(OR(D$8="",D$10=""),0,MAX(D23*D13+D$16,D$16)) -> 0 | E44: =IF(OR(E$8="",E$10=""),0,MAX(E23*E13+E$16,E$16)) -> 0 | F44: =IF(OR(F$8="",F$10=""),0,MAX(F23*F13+F$16,F$16)) -> 0 | G44: =IF(OR(G$8="",G$10=""),0,MAX(G23*G13+G$16,G$16)) -> 0 | H44: =IF(OR(H$8="",H$10=""),0,MAX(H23*H13+H$16,H$16)) -> 0 | I44: =IF(OR(I$8="",I$10=""),0,MAX(I23*I13+I$16,I$16)) -> 0 | ... M44: =IF(OR(M$8="",M$10=""),0,MAX(M23*M13+M$16,M$16)) -> 0 | N44: =SUM(B44:J44) -> 0
A45: =A44+1 -> 2030 | B45: =IF(OR(B$8="",B$10=""),0,MAX(B44-B24,B$16)) -> 0 | C45: =IF(OR(C$8="",C$10=""),0,MAX(C44-C24,C$16)) -> 0 | D45: =IF(OR(D$8="",D$10=""),0,MAX(D44-D24,D$16)) -> 0 | E45: =IF(OR(E$8="",E$10=""),0,MAX(E44-E24,E$16)) -> 0 | F45: =IF(OR(F$8="",F$10=""),0,MAX(F44-F24,F$16)) -> 0 | G45: =IF(OR(G$8="",G$10=""),0,MAX(G24*G14+G$16,G$16)) -> 0 | H45: =IF(OR(H$8="",H$10=""),0,MAX(H24*H14+H$16,H$16)) -> 0 | I45: =IF(OR(I$8="",I$10=""),0,MAX(I24*I14+I$16,I$16)) -> 0 | J45: =IF(OR(J$8="",J$10=""),0,MAX(J24*J14+J$16,J$16)) -> 0 | K45: =IF(OR(K$8="",K$10=""),0,MAX(K24*K14+K$16,K$16)) -> 0 | L45: =IF(OR(L$8="",L$10=""),0,MAX(L24*L14+L$16,L$16)) -> 0 | M45: =IF(OR(M$8="",M$10=""),0,MAX(M24*M14+M$16,M$16)) -> 0 | N45: =SUM(B45:J45) -> 0
A46: =A45+1 -> 2031 | B46: =IF(OR(B$8="",B$10=""),0,MAX(B45-B25,B$16)) -> 0 | C46: =IF(OR(C$8="",C$10=""),0,MAX(C45-C25,C$16)) -> 0 | D46: =IF(OR(D$8="",D$10=""),0,MAX(D45-D25,D$16)) -> 0 | E46: =IF(OR(E$8="",E$10=""),0,MAX(E45-E25,E$16)) -> 0 | F46: =IF(OR(F$8="",F$10=""),0,MAX(F45-F25,F$16)) -> 0 | G46: =IF(OR(G$8="",G$10=""),0,MAX(G25*G15+G$16,G$16)) -> 0 | H46: =IF(OR(H$8="",H$10=""),0,MAX(H25*H15+H$16,H$16)) -> 0 | I46: =IF(OR(I$8="",I$10=""),0,MAX(I25*I15+I$16,I$16)) -> 0 | J46: =IF(OR(J$8="",J$10=""),0,MAX(J25*J15+J$16,J$16)) -> 0 | K46: =IF(OR(K$8="",K$10=""),0,MAX(K25*K15+K$16,K$16)) -> 0 | L46: =IF(OR(L$8="",L$10=""),0,MAX(L25*L15+L$16,L$16)) -> 0 | M46: =IF(OR(M$8="",M$10=""),0,MAX(M25*M15+M$16,M$16)) -> 0 | N46: =SUM(B46:J46) -> 0
A47: =A46+1 -> 2032 | B47: =IF(OR(B$8="",B$10=""),0,MAX(B46-B26,B$16)) -> 0 | C47: =IF(OR(C$8="",C$10=""),0,MAX(C46-C26,C$16)) -> 0 | D47: =IF(OR(D$8="",D$10=""),0,MAX(D46-D26,D$16)) -> 0 | E47: =IF(OR(E$8="",E$10=""),0,MAX(E46-E26,E$16)) -> 0 | F47: =IF(OR(F$8="",F$10=""),0,MAX(F46-F26,F$16)) -> 0 | G47: =IF(OR(G$8="",G$10=""),0,MAX(G26*G16+G$16,G$16)) -> 0 | H47: =IF(OR(H$8="",H$10=""),0,MAX(H26*H16+H$16,H$16)) -> 0 | I47: =IF(OR(I$8="",I$10=""),0,MAX(I26*I16+I$16,I$16)) -> 0 | J47: =IF(OR(J$8="",J$10=""),0,MAX(J26*J16+J$16,J$16)) -> 0 | K47: =IF(OR(K$8="",K$10=""),0,MAX(K26*K16+K$16,K$16)) -> 0 | L47: =IF(OR(L$8="",L$10=""),0,MAX(L26*L16+L$16,L$16)) -> 0 | M47: =IF(OR(M$8="",M$10=""),0,MAX(M26*M16+M$16,M$16)) -> 0 | N47: =SUM(B47:J47) -> 0
A48: =A47+1 -> 2033 | B48: =IF(OR(B$8="",B$10=""),0,MAX(B47-B27,B$16)) -> 0 | C48: =IF(OR(C$8="",C$10=""),0,MAX(C47-C27,C$16)) -> 0 | D48: =IF(OR(D$8="",D$10=""),0,MAX(D47-D27,D$16)) -> 0 | E48: =IF(OR(E$8="",E$10=""),0,MAX(E47-E27,E$16)) -> 0 | F48: =IF(OR(F$8="",F$10=""),0,MAX(F47-F27,F$16)) -> 0 | G48: =IF(OR(G$8="",G$10=""),0,MAX(G27*G17+G$16,G$16)) -> 0 | H48: =IF(OR(H$8="",H$10=""),0,MAX(H27*H17+H$16,H$16)) -> 0 | I48: =IF(OR(I$8="",I$10=""),0,MAX(I27*I17+I$16,I$16)) -> 0 | J48: =IF(OR(J$8="",J$10=""),0,MAX(J27*J17+J$16,J$16)) -> 0 | K48: =IF(OR(K$8="",K$10=""),0,MAX(K27*K17+K$16,K$16)) -> 0 | L48: =IF(OR(L$8="",L$10=""),0,MAX(L27*L17+L$16,L$16)) -> 0 | M48: =IF(OR(M$8="",M$10=""),0,MAX(M27*M17+M$16,M$16)) -> 0 | N48: =SUM(B48:J48) -> 0
A49: =A48+1 -> 2034 | B49: =IF(OR(B$8="",B$10=""),0,MAX(B48-B28,B$16)) -> 0 | C49: =IF(OR(C$8="",C$10=""),0,MAX(C48-C28,C$16)) -> 0 | D49: =IF(OR(D$8="",D$10=""),0,MAX(D48-D28,D$16)) -> 0 | E49: =IF(OR(E$8="",E$10=""),0,MAX(E48-E28,E$16)) -> 0 | F49: =IF(OR(F$8="",F$10=""),0,MAX(F48-F28,F$16)) -> 0 | G49: =IF(OR(G$8="",G$10=""),0,MAX(G28*G18+G$16,G$16)) -> 0 | H49: =IF(OR(H$8="",H$10=""),0,MAX(H28*H18+H$16,H$16)) -> 0 | I49: =IF(OR(I$8="",I$10=""),0,MAX(I28*I18+I$16,I$16)) -> 0 | J49: =IF(OR(J$8="",J$10=""),0,MAX(J28*J18+J$16,J$16)) -> 0 | K49: =IF(OR(K$8="",K$10=""),0,MAX(K28*K18+K$16,K$16)) -> 0 | L49: =IF(OR(L$8="",L$10=""),0,MAX(L28*L18+L$16,L$16)) -> 0 | M49: =IF(OR(M$8="",M$10=""),0,MAX(M28*M18+M$16,M$16)) -> 0 | N49: =SUM(B49:J49) -> 0
A50: =A49+1 -> 2035 | B50: =IF(OR(B$8="",B$10=""),0,MAX(B49-B29,B$16)) -> 0 | C50: =IF(OR(C$8="",C$10=""),0,MAX(C49-C29,C$16)) -> 0 | D50: =IF(OR(D$8="",D$10=""),0,MAX(D49-D29,D$16)) -> 0 | E50: =IF(OR(E$8="",E$10=""),0,MAX(E49-E29,E$16)) -> 0 | F50: =IF(OR(F$8="",F$10=""),0,MAX(F49-F29,F$16)) -> 0 | G50: =IF(OR(G$8="",G$10=""),0,MAX(G29*G19+G$16,G$16)) -> 0 | H50: =IF(OR(H$8="",H$10=""),0,MAX(H29*H19+H$16,H$16)) -> 0 | I50: =IF(OR(I$8="",I$10=""),0,MAX(I29*I19+I$16,I$16)) -> 0 | J50: =IF(OR(J$8="",J$10=""),0,MAX(J29*J19+J$16,J$16)) -> 0 | K50: =IF(OR(K$8="",K$10=""),0,MAX(K29*K19+K$16,K$16)) -> 0 | L50: =IF(OR(L$8="",L$10=""),0,MAX(L29*L19+L$16,L$16)) -> 0 | M50: =IF(OR(M$8="",M$10=""),0,MAX(M29*M19+M$16,M$16)) -> 0 | N50: =SUM(B50:J50) -> 0
A51: =A50+1 -> 2036 | B51: =IF(OR(B$8="",B$10=""),0,MAX(B50-B30,B$16)) -> 0 | C51: =IF(OR(C$8="",C$10=""),0,MAX(C50-C30,C$16)) -> 0 | D51: =IF(OR(D$8="",D$10=""),0,MAX(D50-D30,D$16)) -> 0 | E51: =IF(OR(E$8="",E$10=""),0,MAX(E50-E30,E$16)) -> 0 | F51: =IF(OR(F$8="",F$10=""),0,MAX(F50-F30,F$16)) -> 0 | G51: =IF(OR(G$8="",G$10=""),0,MAX(G30*G20+G$16,G$16)) -> 0 | H51: =IF(OR(H$8="",H$10=""),0,MAX(H30*H20+H$16,H$16)) -> 0 | I51: =IF(OR(I$8="",I$10=""),0,MAX(I30*I20+I$16,I$16)) -> 0 | J51: =IF(OR(J$8="",J$10=""),0,MAX(J30*J20+J$16,J$16)) -> 0 | K51: =IF(OR(K$8="",K$10=""),0,MAX(K30*K20+K$16,K$16)) -> 0 | L51: =IF(OR(L$8="",L$10=""),0,MAX(L30*L20+L$16,L$16)) -> 0 | M51: =IF(OR(M$8="",M$10=""),0,MAX(M30*M20+M$16,M$16)) -> 0 | N51: =SUM(B51:J51) -> 0
A52: =A51+1 -> 2037 | B52: =IF(OR(B$8="",B$10=""),0,MAX(B51-B31,B$16)) -> 0 | C52: =IF(OR(C$8="",C$10=""),0,MAX(C51-C31,C$16)) -> 0 | D52: =IF(OR(D$8="",D$10=""),0,MAX(D51-D31,D$16)) -> 0 | E52: =IF(OR(E$8="",E$10=""),0,MAX(E51-E31,E$16)) -> 0 | F52: =IF(OR(F$8="",F$10=""),0,MAX(F51-F31,F$16)) -> 0 | G52: =IF(OR(G$8="",G$10=""),0,MAX(G31*G21+G$16,G$16)) -> 0 | H52: =IF(OR(H$8="",H$10=""),0,MAX(H31*H21+H$16,H$16)) -> 0 | I52: =IF(OR(I$8="",I$10=""),0,MAX(I31*I21+I$16,I$16)) -> 0 | J52: =IF(OR(J$8="",J$10=""),0,MAX(J31*J21+J$16,J$16)) -> 0 | K52: =IF(OR(K$8="",K$10=""),0,MAX(K31*K21+K$16,K$16)) -> 0 | L52: =IF(OR(L$8="",L$10=""),0,MAX(L31*L21+L$16,L$16)) -> 0 | M52: =IF(OR(M$8="",M$10=""),0,MAX(M31*M21+M$16,M$16)) -> 0 | N52: =SUM(B52:J52) -> 0
A53: =A52+1 -> 2038 | B53: =IF(OR(B$8="",B$10=""),0,MAX(B52-B32,B$16)) -> 0 | C53: =IF(OR(C$8="",C$10=""),0,MAX(C52-C32,C$16)) -> 0 | D53: =IF(OR(D$8="",D$10=""),0,MAX(D52-D32,D$16)) -> 0 | E53: =IF(OR(E$8="",E$10=""),0,MAX(E52-E32,E$16)) -> 0 | F53: =IF(OR(F$8="",F$10=""),0,MAX(F52-F32,F$16)) -> 0 | G53: =IF(OR(G$8="",G$10=""),0,MAX(G32*G22+G$16,G$16)) -> 0 | H53: =IF(OR(H$8="",H$10=""),0,MAX(H32*H22+H$16,H$16)) -> 0 | I53: =IF(OR(I$8="",I$10=""),0,MAX(I32*I22+I$16,I$16)) -> 0 | J53: =IF(OR(J$8="",J$10=""),0,MAX(J32*J22+J$16,J$16)) -> 0 | K53: =IF(OR(K$8="",K$10=""),0,MAX(K32*K22+K$16,K$16)) -> 0 | L53: =IF(OR(L$8="",L$10=""),0,MAX(L32*L22+L$16,L$16)) -> 0 | M53: =IF(OR(M$8="",M$10=""),0,MAX(M32*M22+M$16,M$16)) -> 0 | N53: =SUM(B53:J53) -> 0
A54: =A53+1 -> 2039 | B54: =IF(OR(B$8="",B$10=""),0,MAX(B53-B33,B$16)) -> 0 | C54: =IF(OR(C$8="",C$10=""),0,MAX(C53-C33,C$16)) -> 0 | D54: =IF(OR(D$8="",D$10=""),0,MAX(D53-D33,D$16)) -> 0 | E54: =IF(OR(E$8="",E$10=""),0,MAX(E53-E33,E$16)) -> 0 | F54: =IF(OR(F$8="",F$10=""),0,MAX(F53-F33,F$16)) -> 0 | G54: =IF(OR(G$8="",G$10=""),0,MAX(G33*G23+G$16,G$16)) -> 0 | H54: =IF(OR(H$8="",H$10=""),0,MAX(H33*H23+H$16,H$16)) -> 0 | I54: =IF(OR(I$8="",I$10=""),0,MAX(I33*I23+I$16,I$16)) -> 0 | J54: =IF(OR(J$8="",J$10=""),0,MAX(J33*J23+J$16,J$16)) -> 0 | K54: =IF(OR(K$8="",K$10=""),0,MAX(K33*K23+K$16,K$16)) -> 0 | L54: =IF(OR(L$8="",L$10=""),0,MAX(L33*L23+L$16,L$16)) -> 0 | M54: =IF(OR(M$8="",M$10=""),0,MAX(M33*M23+M$16,M$16)) -> 0 | N54: =SUM(B54:J54) -> 0
A55: =A54+1 -> 2040 | B55: =IF(OR(B$8="",B$10=""),0,MAX(B54-B34,B$16)) -> 0 | C55: =IF(OR(C$8="",C$10=""),0,MAX(C54-C34,C$16)) -> 0 | D55: =IF(OR(D$8="",D$10=""),0,MAX(D54-D34,D$16)) -> 0 | E55: =IF(OR(E$8="",E$10=""),0,MAX(E54-E34,E$16)) -> 0 | F55: =IF(OR(F$8="",F$10=""),0,MAX(F54-F34,F$16)) -> 0 | G55: =IF(OR(G$8="",G$10=""),0,MAX(G34*G24+G$16,G$16)) -> 0 | H55: =IF(OR(H$8="",H$10=""),0,MAX(H34*H24+H$16,H$16)) -> 0 | I55: =IF(OR(I$8="",I$10=""),0,MAX(I34*I24+I$16,I$16)) -> 0 | J55: =IF(OR(J$8="",J$10=""),0,MAX(J34*J24+J$16,J$16)) -> 0 | K55: =IF(OR(K$8="",K$10=""),0,MAX(K34*K24+K$16,K$16)) -> 0 | L55: =IF(OR(L$8="",L$10=""),0,MAX(L34*L24+L$16,L$16)) -> 0 | M55: =IF(OR(M$8="",M$10=""),0,MAX(M34*M24+M$16,M$16)) -> 0 | N55: =SUM(B55:J55) -> 0
A56: =A55+1 -> 2041 | B56: =IF(OR(B$8="",B$10=""),0,MAX(B55-B35,B$16)) -> 0 | C56: =IF(OR(C$8="",C$10=""),0,MAX(C55-C35,C$16)) -> 0 | D56: =IF(OR(D$8="",D$10=""),0,MAX(D55-D35,D$16)) -> 0 | E56: =IF(OR(E$8="",E$10=""),0,MAX(E55-E35,E$16)) -> 0 | F56: =IF(OR(F$8="",F$10=""),0,MAX(F55-F35,F$16)) -> 0 | G56: =IF(OR(G$8="",G$10=""),0,MAX(G35*G25+G$16,G$16)) -> 0 | H56: =IF(OR(H$8="",H$10=""),0,MAX(H35*H25+H$16,H$16)) -> 0 | I56: =IF(OR(I$8="",I$10=""),0,MAX(I35*I25+I$16,I$16)) -> 0 | J56: =IF(OR(J$8="",J$10=""),0,MAX(J35*J25+J$16,J$16)) -> 0 | K56: =IF(OR(K$8="",K$10=""),0,MAX(K35*K25+K$16,K$16)) -> 0 | L56: =IF(OR(L$8="",L$10=""),0,MAX(L35*L25+L$16,L$16)) -> 0 | M56: =IF(OR(M$8="",M$10=""),0,MAX(M35*M25+M$16,M$16)) -> 0 | N56: =SUM(B56:J56) -> 0
... A58: =A57+1 -> 2043 | B58: =IF(OR(B$8="",B$10=""),0,MAX(B57-B37,B$16)) -> 0 | C58: =IF(OR(C$8="",C$10=""),0,MAX(C57-C37,C$16)) -> 0 | D58: =IF(OR(D$8="",D$10=""),0,MAX(D57-D37,D$16)) -> 0 | E58: =IF(OR(E$8="",E$10=""),0,MAX(E57-E37,E$16)) -> 0 | F58: =IF(OR(F$8="",F$10=""),0,MAX(F57-F37,F$16)) -> 0 | G58: =IF(OR(G$8="",G$10=""),0,MAX(G37*G27+G$16,G$16)) -> 0 | H58: =IF(OR(H$8="",H$10=""),0,MAX(H37*H27+H$16,H$16)) -> 0 | I58: =IF(OR(I$8="",I$10=""),0,MAX(I37*I27+I$16,I$16)) -> 0 | J58: =IF(OR(J$8="",J$10=""),0,MAX(J37*J27+J$16,J$16)) -> 0 | K58: =IF(OR(K$8="",K$10=""),0,MAX(K37*K27+K$16,K$16)) -> 0 | L58: =IF(OR(L$8="",L$10=""),0,MAX(L37*L27+L$16,L$16)) -> 0 | M58: =IF(OR(M$8="",M$10=""),0,MAX(M37*M27+M$16,M$16)) -> 0 | N58: =SUM(B58:J58) -> 0

Sheet B.03
A1: B.03 Reguliere onderhoudskosten Schepen | F1: Instructie | G1: Vul de oranje cellen in
A2: terug
B4: Omschrijving type schip | C4: … | D4: … | E4: … | F4: … | G4: … | H4: … | I4: …
A6: Totaal Onderhoudskosten op jaarbasis
A8: Nr | B8: Kalenderjaar | C8: =C4 -> … | D8: =D4 -> … | E8: =E4 -> … | F8: =F4 -> … | G8: =G4 -> … | H8: =H4 -> … | I8: =I4 -> … | J8: Totaal
A9: 1 | B9: 2029 | J9: =SUM(C9:I9) -> 0
A10: =A9+1 -> 2 | B10: =B9+1 -> 2030 | J10: =SUM(C10:I10) -> 0
A11: =A10+1 -> 3 | B11: =B10+1 -> 2031 | J11: =SUM(C11:I11) -> 0
A12: =A11+1 -> 4 | B12: =B11+1 -> 2032 | J12: =SUM(C12:I12) -> 0
A13: =A12+1 -> 5 | B13: =B12+1 -> 2033 | J13: =SUM(C13:I13) -> 0
A14: =A13+1 -> 6 | B14: =B13+1 -> 2034 | J14: =SUM(C14:I14) -> 0
A15: =A14+1 -> 7 | B15: =B14+1 -> 2035 | J15: =SUM(C15:I15) -> 0
A16: =A15+1 -> 8 | B16: =B15+1 -> 2036 | J16: =SUM(C16:I16) -> 0
A17: =A16+1 -> 9 | B17: =B16+1 -> 2037 | J17: =SUM(C17:I17) -> 0
A18: =A17+1 -> 10 | B18: =B17+1 -> 2038 | J18: =SUM(C18:I18) -> 0
A19: =A18+1 -> 11 | B19: =B18+1 -> 2039 | J19: =SUM(C19:I19) -> 0
A20: =A19+1 -> 12 | B20: =B19+1 -> 2040 | J20: =SUM(C20:I20) -> 0
A21: =A20+1 -> 13 | B21: =B20+1 -> 2041 | J21: =SUM(C21:I21) -> 0
... A23: =A22+1 -> 15 | B23: =B22+1 -> 2043 | J23: =SUM(C23:I23) -> 0
A25: Totaal | C25: =SUM(C9:C23) -> 0 | D25: =SUM(D9:D23) -> 0 | E25: =SUM(E9:E23) -> 0 | F25: =SUM(F9:F23) -> 0 | G25: =SUM(G9:G23) -> 0 | H25: =SUM(H9:H23) -> 0 | I25: =SUM(I9:I23) -> 0 | J25: =SUM(J9:J23) -> 0
A28: Totaal aantal draaiuren op jaarbasis
A30: Nr | B30: Kalenderjaar | C30: =C4 -> … | D30: =D4 -> … | E30: =E4 -> … | F30: =F4 -> … | G30: =G4 -> … | H30: =H4 -> … | I30: =I4 -> … | J30: Totaal
A31: 1 | B31: 2029 | J31: =SUM(C31:I31) -> 0
A32: =A31+1 -> 2 | B32: =B31+1 -> 2030 | J32: =SUM(C32:I32) -> 0
A33: =A32+1 -> 3 | B33: =B32+1 -> 2031 | J33: =SUM(C33:I33) -> 0
A34: =A33+1 -> 4 | B34: =B33+1 -> 2032 | J34: =SUM(C34:I34) -> 0
A35: =A34+1 -> 5 | B35: =B34+1 -> 2033 | J35: =SUM(C35:I35) -> 0
A36: =A35+1 -> 6 | B36: =B35+1 -> 2034 | J36: =SUM(C36:I36) -> 0
A37: =A36+1 -> 7 | B37: =B36+1 -> 2035 | J37: =SUM(C37:I37) -> 0
A38: =A37+1 -> 8 | B38: =B37+1 -> 2036 | J38: =SUM(C38:I38) -> 0
A39: =A38+1 -> 9 | B39: =B38+1 -> 2037 | J39: =SUM(C39:I39) -> 0
A40: =A39+1 -> 10 | B40: =B39+1 -> 2038 | J40: =SUM(C40:I40) -> 0
A41: =A40+1 -> 11 | B41: =B40+1 -> 2039 | J41: =SUM(C41:I41) -> 0
A42: =A41+1 -> 12 | B42: =B41+1 -> 2040 | J42: =SUM(C42:I42) -> 0
A43: =A42+1 -> 13 | B43: =B42+1 -> 2041 | J43: =SUM(C43:I43) -> 0
... A45: =A44+1 -> 15 | B45: =B44+1 -> 2043 | J45: =SUM(C45:I45) -> 0
J46: =SUM(C46:I46) -> 0
A47: Totaal | C47: =SUM(C31:C45) -> 0 | D47: =SUM(D31:D45) -> 0 | E47: =SUM(E31:E45) -> 0 | F47: =SUM(F31:F45) -> 0 | G47: =SUM(G31:G45) -> 0 | H47: =SUM(H31:H45) -> 0 | I47: =SUM(I31:I45) -> 0 | J47: =SUM(C47:I47) -> 0
A49: Gemiddeld onderhoudstarief per draaiuur per jaar
A50: Nr | B50: Kalenderjaar | C50: =C4 -> … | D50: =D4 -> … | E50: =E4 -> … | F50: =F4 -> … | G50: =G4 -> … | H50: =H4 -> … | I50: =I4 -> … | J50: Totaal
A51: 1 | B51: 2029 | C51: =IFERROR(C9/C31,0) -> 0 | D51: =IFERROR(D9/D31,0) -> 0 | E51: =IFERROR(E9/E31,0) -> 0 | F51: =IFERROR(F9/F31,0) -> 0 | G51: =IFERROR(G9/G31,0) -> 0 | H51: =IFERROR(H9/H31,0) -> 0 | I51: =IFERROR(I9/I31,0) -> 0 | J51: =SUM(C51:I51) -> 0
A52: =A51+1 -> 2 | B52: =B51+1 -> 2030 | C52: =IFERROR(C10/C32,0) -> 0 | D52: =IFERROR(D10/D32,0) -> 0 | E52: =IFERROR(E10/E32,0) -> 0 | F52: =IFERROR(F10/F32,0) -> 0 | G52: =IFERROR(G10/G32,0) -> 0 | H52: =IFERROR(H10/H32,0) -> 0 | I52: =IFERROR(I10/I32,0) -> 0 | J52: =SUM(C52:I52) -> 0
A53: =A52+1 -> 3 | B53: =B52+1 -> 2031 | C53: =IFERROR(C11/C33,0) -> 0 | D53: =IFERROR(D11/D33,0) -> 0 | E53: =IFERROR(E11/E33,0) -> 0 | F53: =IFERROR(F11/F33,0) -> 0 | G53: =IFERROR(G11/G33,0) -> 0 | H53: =IFERROR(H11/H33,0) -> 0 | I53: =IFERROR(I11/I33,0) -> 0 | J53: =SUM(C53:I53) -> 0
A54: =A53+1 -> 4 | B54: =B53+1 -> 2032 | C54: =IFERROR(C12/C34,0) -> 0 | D54: =IFERROR(D12/D34,0) -> 0 | E54: =IFERROR(E12/E34,0) -> 0 | F54: =IFERROR(F12/F34,0) -> 0 | G54: =IFERROR(G12/G34,0) -> 0 | H54: =IFERROR(H12/H34,0) -> 0 | I54: =IFERROR(I12/I34,0) -> 0 | J54: =SUM(C54:I54) -> 0
A55: =A54+1 -> 5 | B55: =B54+1 -> 2033 | C55: =IFERROR(C13/C35,0) -> 0 | D55: =IFERROR(D13/D35,0) -> 0 | E55: =IFERROR(E13/E35,0) -> 0 | F55: =IFERROR(F13/F35,0) -> 0 | G55: =IFERROR(G13/G35,0) -> 0 | H55: =IFERROR(H13/H35,0) -> 0 | I55: =IFERROR(I13/I35,0) -> 0 | J55: =SUM(C55:I55) -> 0
A56: =A55+1 -> 6 | B56: =B55+1 -> 2034 | C56: =IFERROR(C14/C36,0) -> 0 | D56: =IFERROR(D14/D36,0) -> 0 | E56: =IFERROR(E14/E36,0) -> 0 | F56: =IFERROR(F14/F36,0) -> 0 | G56: =IFERROR(G14/G36,0) -> 0 | H56: =IFERROR(H14/H36,0) -> 0 | I56: =IFERROR(I14/I36,0) -> 0 | J56: =SUM(C56:I56) -> 0
A57: =A56+1 -> 7 | B57: =B56+1 -> 2035 | C57: =IFERROR(C15/C37,0) -> 0 | D57: =IFERROR(D15/D37,0) -> 0 | E57: =IFERROR(E15/E37,0) -> 0 | F57: =IFERROR(F15/F37,0) -> 0 | G57: =IFERROR(G15/G37,0) -> 0 | H57: =IFERROR(H15/H37,0) -> 0 | I57: =IFERROR(I15/I37,0) -> 0 | J57: =SUM(C57:I57) -> 0
A58: =A57+1 -> 8 | B58: =B57+1 -> 2036 | C58: =IFERROR(C16/C38,0) -> 0 | D58: =IFERROR(D16/D38,0) -> 0 | E58: =IFERROR(E16/E38,0) -> 0 | F58: =IFERROR(F16/F38,0) -> 0 | G58: =IFERROR(G16/G38,0) -> 0 | H58: =IFERROR(H16/H38,0) -> 0 | I58: =IFERROR(I16/I38,0) -> 0 | J58: =SUM(C58:I58) -> 0
A59: =A58+1 -> 9 | B59: =B58+1 -> 2037 | C59: =IFERROR(C17/C39,0) -> 0 | D59: =IFERROR(D17/D39,0) -> 0 | E59: =IFERROR(E17/E39,0) -> 0 | F59: =IFERROR(F17/F39,0) -> 0 | G59: =IFERROR(G17/G39,0) -> 0 | H59: =IFERROR(H17/H39,0) -> 0 | I59: =IFERROR(I17/I39,0) -> 0 | J59: =SUM(C59:I59) -> 0
A60: =A59+1 -> 10 | B60: =B59+1 -> 2038 | C60: =IFERROR(C18/C40,0) -> 0 | D60: =IFERROR(D18/D40,0) -> 0 | E60: =IFERROR(E18/E40,0) -> 0 | F60: =IFERROR(F18/F40,0) -> 0 | G60: =IFERROR(G18/G40,0) -> 0 | H60: =IFERROR(H18/H40,0) -> 0 | I60: =IFERROR(I18/I40,0) -> 0 | J60: =SUM(C60:I60) -> 0
A61: =A60+1 -> 11 | B61: =B60+1 -> 2039 | C61: =IFERROR(C19/C41,0) -> 0 | D61: =IFERROR(D19/D41,0) -> 0 | E61: =IFERROR(E19/E41,0) -> 0 | F61: =IFERROR(F19/F41,0) -> 0 | G61: =IFERROR(G19/G41,0) -> 0 | H61: =IFERROR(H19/H41,0) -> 0 | I61: =IFERROR(I19/I41,0) -> 0 | J61: =SUM(C61:I61) -> 0
A62: =A61+1 -> 12 | B62: =B61+1 -> 2040 | C62: =IFERROR(C20/C42,0) -> 0 | D62: =IFERROR(D20/D42,0) -> 0 | E62: =IFERROR(E20/E42,0) -> 0 | F62: =IFERROR(F20/F42,0) -> 0 | G62: =IFERROR(G20/G42,0) -> 0 | H62: =IFERROR(H20/H42,0) -> 0 | I62: =IFERROR(I20/I42,0) -> 0 | J62: =SUM(C62:I62) -> 0
A63: =A62+1 -> 13 | B63: =B62+1 -> 2041 | C63: =IFERROR(C21/C43,0) -> 0 | D63: =IFERROR(D21/D43,0) -> 0 | E63: =IFERROR(E21/E43,0) -> 0 | F63: =IFERROR(F21/F43,0) -> 0 | G63: =IFERROR(G21/G43,0) -> 0 | H63: =IFERROR(H21/H43,0) -> 0 | I63: =IFERROR(I21/I43,0) -> 0 | J63: =SUM(C63:I63) -> 0
... A65: =A64+1 -> 15 | B65: =B64+1 -> 2043 | C65: =IFERROR(C23/C45,0) -> 0 | D65: =IFERROR(D23/D45,0) -> 0 | E65: =IFERROR(E23/E45,0) -> 0 | F65: =IFERROR(F23/F45,0) -> 0 | G65: =IFERROR(G23/G45,0) -> 0 | H65: =IFERROR(H23/H45,0) -> 0 | I65: =IFERROR(I23/I45,0) -> 0 | J65: =SUM(C65:I65) -> 0
A67: Totaal | C67: =SUM(C51:C65) -> 0 | D67: =SUM(D51:D65) -> 0 | E67: =SUM(E51:E65) -> 0 | F67: =SUM(F51:F65) -> 0 | G67: =SUM(G51:G65) -> 0 | H67: =SUM(H51:H65) -> 0 | I67: =SUM(I51:I65) -> 0 | J67: =SUM(J51:J65) -> 0

Sheet B.04
A1: B.04 Brandstof Schepen | F1: Instructie | G1: Vul de oranje cellen in
A2: terug
A4: Brandstof
A5: Verwacht verbruik in liters | B5: 2029 | C5: =B5+1 -> 2030 | D5: =C5+1 -> 2031 | E5: =D5+1 -> 2032 | F5: =E5+1 -> 2033 | G5: =F5+1 -> 2034 | H5: =G5+1 -> 2035 | I5: =H5+1 -> 2036 | J5: =I5+1 -> 2037 | ... P5: =O5+1 -> 2043
A6: <type schip>
A7: <type schip>
A8: <type schip>
A9: <type schip>
A10: <type schip>
A11: <type schip>
A12: Totaal liters | B12: =SUM(B6:B11) -> 0 | C12: =SUM(C6:C11) -> 0 | D12: =SUM(D6:D11) -> 0 | E12: =SUM(E6:E11) -> 0 | F12: =SUM(F6:F11) -> 0 | G12: =SUM(G6:G11) -> 0 | H12: =SUM(H6:H11) -> 0 | I12: =SUM(I6:I11) -> 0 | ... P12: =SUM(P6:P11) -> 0
A14: Brandstofprijf per liter | B14: 0 | C14: 0 | D14: 0 | E14: 0 | F14: 0 | G14: 0 | H14: 0 | I14: 0 | J14: 0 | K14: 0 | L14: 0 | M14: 0 | N14: 0 | O14: 0 | P14: 0
A15: Kosten brandstofverbruik | B15: =B14*B12 -> 0 | C15: =C14*C12 -> 0 | D15: =D14*D12 -> 0 | E15: =E14*E12 -> 0 | F15: =F14*F12 -> 0 | G15: =G14*G12 -> 0 | H15: =H14*H12 -> 0 | I15: =I14*I12 -> 0 | ... P15: =P14*P12 -> 0
A17: Brandstof
A18: Verwacht verbruik in liters | B18: 2029 | C18: =B18+1 -> 2030 | D18: =C18+1 -> 2031 | E18: =D18+1 -> 2032 | F18: =E18+1 -> 2033 | G18: =F18+1 -> 2034 | H18: =G18+1 -> 2035 | I18: =H18+1 -> 2036 | J18: =I18+1 -> 2037 | ... P18: =O18+1 -> 2043
A19: <type schip>
A20: <type schip>
A21: <type schip>
A22: Totaal liters | B22: =SUM(B19:B21) -> 0 | C22: =SUM(C19:C21) -> 0 | D22: =SUM(D19:D21) -> 0 | E22: =SUM(E19:E21) -> 0 | F22: =SUM(F19:F21) -> 0 | G22: =SUM(G19:G21) -> 0 | H22: =SUM(H19:H21) -> 0 | I22: =SUM(I19:I21) -> 0 | ... P22: =SUM(P19:P21) -> 0
A24: Brandstofprijf per liter | B24: 0 | C24: 0 | D24: 0 | E24: 0 | F24: 0 | G24: 0 | H24: 0 | I24: 0 | J24: 0 | K24: 0 | L24: 0 | M24: 0 | N24: 0 | O24: 0 | P24: 0
A25: Kosten brandstofverbruik | B25: =B24*B22 -> 0 | C25: =C24*C22 -> 0 | D25: =D24*D22 -> 0 | E25: =E24*E22 -> 0 | F25: =F24*F22 -> 0 | G25: =G24*G22 -> 0 | H25: =H24*H22 -> 0 | I25: =I24*I22 -> 0 | ... P25: =P24*P22 -> 0
A28: Totaal | B28: =B15+B25 -> 0 | C28: =C15+C25 -> 0 | D28: =D15+D25 -> 0 | E28: =E15+E25 -> 0 | F28: =F15+F25 -> 0 | G28: =G15+G25 -> 0 | H28: =H15+H25 -> 0 | I28: =I15+I25 -> 0 | ... P28: =P15+P25 -> 0

Sheet C.03
A1: C.03 Onderhoudskosten Productiemiddelen | F1: Instructie | G1: Vul de oranje cellen in
A2: terug
B4: Omschrijving productiemiddel | C4: Productiemiddel X | D4: Productiemiddel X | E4: Productiemiddel X | F4: Productiemiddel X | G4: Productiemiddel X | H4: Productiemiddel X | I4: Productiemiddel X
A6: Totaal Onderhoudskosten op jaarbasis
A8: Nr | B8: Kalenderjaar | C8: =C4 -> Productiemiddel X | D8: =D4 -> Productiemiddel X | E8: =E4 -> Productiemiddel X | F8: =F4 -> Productiemiddel X | G8: =G4 -> Productiemiddel X | H8: =H4 -> Productiemiddel X | I8: =I4 -> Productiemiddel X | J8: Totaal
A9: 1 | B9: 2029 | J9: =SUM(C9:I9) -> 0
A10: =A9+1 -> 2 | B10: =B9+1 -> 2030 | J10: =SUM(C10:I10) -> 0
A11: =A10+1 -> 3 | B11: =B10+1 -> 2031 | J11: =SUM(C11:I11) -> 0
A12: =A11+1 -> 4 | B12: =B11+1 -> 2032 | J12: =SUM(C12:I12) -> 0
A13: =A12+1 -> 5 | B13: =B12+1 -> 2033 | J13: =SUM(C13:I13) -> 0
A14: =A13+1 -> 6 | B14: =B13+1 -> 2034 | J14: =SUM(C14:I14) -> 0
A15: =A14+1 -> 7 | B15: =B14+1 -> 2035 | J15: =SUM(C15:I15) -> 0
A16: =A15+1 -> 8 | B16: =B15+1 -> 2036 | J16: =SUM(C16:I16) -> 0
A17: =A16+1 -> 9 | B17: =B16+1 -> 2037 | J17: =SUM(C17:I17) -> 0
A18: =A17+1 -> 10 | B18: =B17+1 -> 2038 | J18: =SUM(C18:I18) -> 0
A19: =A18+1 -> 11 | B19: =B18+1 -> 2039 | J19: =SUM(C19:I19) -> 0
A20: =A19+1 -> 12 | B20: =B19+1 -> 2040 | J20: =SUM(C20:I20) -> 0
A21: =A20+1 -> 13 | B21: =B20+1 -> 2041 | J21: =SUM(C21:I21) -> 0
... A23: =A22+1 -> 15 | B23: =B22+1 -> 2043 | J23: =SUM(C23:I23) -> 0
A25: Totaal | C25: =SUM(C9:C23) -> 0 | D25: =SUM(D9:D23) -> 0 | E25: =SUM(E9:E23) -> 0 | F25: =SUM(F9:F23) -> 0 | G25: =SUM(G9:G23) -> 0 | H25: =SUM(H9:H23) -> 0 | I25: =SUM(I9:I23) -> 0 | J25: =SUM(J9:J23) -> 0

Sheet D.01
A1: D.01 Loonkosten indirect Personeel | F1: Instructie | G1: Vul de oranje cellen in
A2: terug
A4: Jaar | B4: 2029 | C4: =B4+1 -> 2030 | D4: =C4+1 -> 2031 | E4: =D4+1 -> 2032 | F4: =E4+1 -> 2033 | G4: =F4+1 -> 2034 | H4: =G4+1 -> 2035 | I4: =H4+1 -> 2036 | J4: =I4+1 -> 2037 | ... P4: =O4+1 -> 2043
A5: Gemiddelde jaarloonsom per fte
A6: Aantal fte
A7: Totale loonsom | B7: =B5*B6 -> 0 | C7: =C5*C6 -> 0 | D7: =D5*D6 -> 0 | E7: =E5*E6 -> 0 | F7: =F5*F6 -> 0 | G7: =G5*G6 -> 0 | H7: =H5*H6 -> 0 | I7: =I5*I6 -> 0 | ... P7: =P5*P6 -> 0

Sheet E.02
A1: E.02 Implementatie- en overdracht | F1: Instructie | G1: Vul de oranje cellen in
A2: terug
A4: Omschrijving
A5: Type kosten
A6: …
A7: …
A8: …
A9: …
A10: …
A11: …
A12: …
A13: …
A14: …
... A28: Restwaarde
A29: Totaal investeringen | B29: =(SUM(B6:B27)-B28) -> 0 | C29: =(SUM(C6:C27)-C28) -> 0 | D29: =(SUM(C6:C27)-C28) -> 0 | E29: =(SUM(D6:D27)-D28) -> 0 | F29: =(SUM(E6:E27)-E28) -> 0 | G29: =(SUM(F6:F27)-F28) -> 0 | H29: =(SUM(G6:G27)-G28) -> 0 | I29: =(SUM(H6:H27)-H28) -> 0
A30: Datum start afschrijving
A31: Datum laatste termijn afschrijving
A32: Afschrijvingstermijn in dagen (dagen in concessie) | B32: =DATEDIF(B30,B31,"D") -> 0 | C32: =DATEDIF(C30,C31,"D") -> 0 | D32: =DATEDIF(D30,D31,"D") -> 0 | E32: =DATEDIF(E30,E31,"D") -> 0 | F32: =DATEDIF(F30,F31,"D") -> 0 | G32: =DATEDIF(G30,G31,"D") -> 0 | H32: =DATEDIF(H30,H31,"D") -> 0 | I32: =DATEDIF(I30,I31,"D") -> 0
A33: Afschrijving per dag | B33: =IFERROR(B29/B32,0) -> 0 | C33: =IFERROR(C29/C32,0) -> 0 | D33: =IFERROR(D29/D32,0) -> 0 | E33: =IFERROR(E29/E32,0) -> 0 | F33: =IFERROR(F29/F32,0) -> 0 | G33: =IFERROR(G29/G32,0) -> 0 | H33: =IFERROR(H29/H32,0) -> 0 | I33: =IFERROR(I29/I32,0) -> 0
A35: Jaren | J35: Totaal
A36: 2029 | B36: =IF(AND($A36>YEAR(B$30),$A36<YEAR(B$31)),(DATE($A36,12,31)-DATE($A36,1,0))*B$33,IF(AND($A36=YEAR(B$30),$A36=YEAR(B$31)),(B$31-B$30)*B$33,IF($A36=YEAR(B$30),(DATE(YEAR(B$30),12,31)-B$30)*B$33,IF($A36=YEAR(B$31),(B$31-DATE(YEAR(B$31),1,0))*B$33,0)))) -> 0 | C36: =IF(AND($A36>YEAR(C$30),$A36<YEAR(C$31)),(DATE($A36,12,31)-DATE($A36,1,0))*C$33,IF(AND($A36=YEAR(C$30),$A36=YEAR(C$31)),(C$31-C$30)*C$33,IF($A36=YEAR(C$30),(DATE(YEAR(C$30),12,31)-C$30)*C$33,IF($A36=YEAR(C$31),(C$31-DATE(YEAR(C$31),1,0))*C$33,0)))) -> 0 | D36: =IF(AND($A36>YEAR(D$30),$A36<YEAR(D$31)),(DATE($A36,12,31)-DATE($A36,1,0))*D$33,IF(AND($A36=YEAR(D$30),$A36=YEAR(D$31)),(D$31-D$30)*D$33,IF($A36=YEAR(D$30),(DATE(YEAR(D$30),12,31)-D$30)*D$33,IF($A36=YEAR(D$31),(D$31-DATE(YEAR(D$31),1,0))*D$33,0)))) -> 0 | E36: =IF(AND($A36>YEAR(E$30),$A36<YEAR(E$31)),(DATE($A36,12,31)-DATE($A36,1,0))*E$33,IF(AND($A36=YEAR(E$30),$A36=YEAR(E$31)),(E$31-E$30)*E$33,IF($A36=YEAR(E$30),(DATE(YEAR(E$30),12,31)-E$30)*E$33,IF($A36=YEAR(E$31),(E$31-DATE(YEAR(E$31),1,0))*E$33,0)))) -> 0 | F36: =IF(AND($A36>YEAR(F$30),$A36<YEAR(F$31)),(DATE($A36,12,31)-DATE($A36,1,0))*F$33,IF(AND($A36=YEAR(F$30),$A36=YEAR(F$31)),(F$31-F$30)*F$33,IF($A36=YEAR(F$30),(DATE(YEAR(F$30),12,31)-F$30)*F$33,IF($A36=YEAR(F$31),(F$31-DATE(YEAR(F$31),1,0))*F$33,0)))) -> 0 | G36: =IF(AND($A36>YEAR(G$30),$A36<YEAR(G$31)),(DATE($A36,12,31)-DATE($A36,1,0))*G$33,IF(AND($A36=YEAR(G$30),$A36=YEAR(G$31)),(G$31-G$30)*G$33,IF($A36=YEAR(G$30),(DATE(YEAR(G$30),12,31)-G$30)*G$33,IF($A36=YEAR(G$31),(G$31-DATE(YEAR(G$31),1,0))*G$33,0)))) -> 0 | H36: =IF(AND($A36>YEAR(H$30),$A36<YEAR(H$31)),(DATE($A36,12,31)-DATE($A36,1,0))*H$33,IF(AND($A36=YEAR(H$30),$A36=YEAR(H$31)),(H$31-H$30)*H$33,IF($A36=YEAR(H$30),(DATE(YEAR(H$30),12,31)-H$30)*H$33,IF($A36=YEAR(H$31),(H$31-DATE(YEAR(H$31),1,0))*H$33,0)))) -> 0 | I36: =IF(AND($A36>YEAR(I$30),$A36<YEAR(I$31)),(DATE($A36,12,31)-DATE($A36,1,0))*I$33,IF(AND($A36=YEAR(I$30),$A36=YEAR(I$31)),(I$31-I$30)*I$33,IF($A36=YEAR(I$30),(DATE(YEAR(I$30),12,31)-I$30)*I$33,IF($A36=YEAR(I$31),(I$31-DATE(YEAR(I$31),1,0))*I$33,0)))) -> 0 | J36: =SUM(B36:I36) -> 0
A37: =A36+1 -> 2030 | B37: =IF(AND($A37>YEAR(B$30),$A37<YEAR(B$31)),(DATE($A37,12,31)-DATE($A37,1,0))*B$33,IF(AND($A37=YEAR(B$30),$A37=YEAR(B$31)),(B$31-B$30)*B$33,IF($A37=YEAR(B$30),(DATE(YEAR(B$30),12,31)-B$30)*B$33,IF($A37=YEAR(B$31),(B$31-DATE(YEAR(B$31),1,0))*B$33,0)))) -> 0 | C37: =IF(AND($A37>YEAR(C$30),$A37<YEAR(C$31)),(DATE($A37,12,31)-DATE($A37,1,0))*C$33,IF(AND($A37=YEAR(C$30),$A37=YEAR(C$31)),(C$31-C$30)*C$33,IF($A37=YEAR(C$30),(DATE(YEAR(C$30),12,31)-C$30)*C$33,IF($A37=YEAR(C$31),(C$31-DATE(YEAR(C$31),1,0))*C$33,0)))) -> 0 | D37: =IF(AND($A37>YEAR(D$30),$A37<YEAR(D$31)),(DATE($A37,12,31)-DATE($A37,1,0))*D$33,IF(AND($A37=YEAR(D$30),$A37=YEAR(D$31)),(D$31-D$30)*D$33,IF($A37=YEAR(D$30),(DATE(YEAR(D$30),12,31)-D$30)*D$33,IF($A37=YEAR(D$31),(D$31-DATE(YEAR(D$31),1,0))*D$33,0)))) -> 0 | E37: =IF(AND($A37>YEAR(E$30),$A37<YEAR(E$31)),(DATE($A37,12,31)-DATE($A37,1,0))*E$33,IF(AND($A37=YEAR(E$30),$A37=YEAR(E$31)),(E$31-E$30)*E$33,IF($A37=YEAR(E$30),(DATE(YEAR(E$30),12,31)-E$30)*E$33,IF($A37=YEAR(E$31),(E$31-DATE(YEAR(E$31),1,0))*E$33,0)))) -> 0 | F37: =IF(AND($A37>YEAR(F$30),$A37<YEAR(F$31)),(DATE($A37,12,31)-DATE($A37,1,0))*F$33,IF(AND($A37=YEAR(F$30),$A37=YEAR(F$31)),(F$31-F$30)*F$33,IF($A37=YEAR(F$30),(DATE(YEAR(F$30),12,31)-F$30)*F$33,IF($A37=YEAR(F$31),(F$31-DATE(YEAR(F$31),1,0))*F$33,0)))) -> 0 | G37: =IF(AND($A37>YEAR(G$30),$A37<YEAR(G$31)),(DATE($A37,12,31)-DATE($A37,1,0))*G$33,IF(AND($A37=YEAR(G$30),$A37=YEAR(G$31)),(G$31-G$30)*G$33,IF($A37=YEAR(G$30),(DATE(YEAR(G$30),12,31)-G$30)*G$33,IF($A37=YEAR(G$31),(G$31-DATE(YEAR(G$31),1,0))*G$33,0)))) -> 0 | H37: =IF(AND($A37>YEAR(H$30),$A37<YEAR(H$31)),(DATE($A37,12,31)-DATE($A37,1,0))*H$33,IF(AND($A37=YEAR(H$30),$A37=YEAR(H$31)),(H$31-H$30)*H$33,IF($A37=YEAR(H$30),(DATE(YEAR(H$30),12,31)-H$30)*H$33,IF($A37=YEAR(H$31),(H$31-DATE(YEAR(H$31),1,0))*H$33,0)))) -> 0 | I37: =IF(AND($A37>YEAR(I$30),$A37<YEAR(I$31)),(DATE($A37,12,31)-DATE($A37,1,0))*I$33,IF(AND($A37=YEAR(I$30),$A37=YEAR(I$31)),(I$31-I$30)*I$33,IF($A37=YEAR(I$30),(DATE(YEAR(I$30),12,31)-I$30)*I$33,IF($A37=YEAR(I$31),(I$31-DATE(YEAR(I$31),1,0))*I$33,0)))) -> 0 | J37: =SUM(B37:I37) -> 0
A38: =A37+1 -> 2031 | B38: =IF(AND($A38>YEAR(B$30),$A38<YEAR(B$31)),(DATE($A38,12,31)-DATE($A38,1,0))*B$33,IF(AND($A38=YEAR(B$30),$A38=YEAR(B$31)),(B$31-B$30)*B$33,IF($A38=YEAR(B$30),(DATE(YEAR(B$30),12,31)-B$30)*B$33,IF($A38=YEAR(B$31),(B$31-DATE(YEAR(B$31),1,0))*B$33,0)))) -> 0 | C38: =IF(AND($A38>YEAR(C$30),$A38<YEAR(C$31)),(DATE($A38,12,31)-DATE($A38,1,0))*C$33,IF(AND($A38=YEAR(C$30),$A38=YEAR(C$31)),(C$31-C$30)*C$33,IF($A38=YEAR(C$30),(DATE(YEAR(C$30),12,31)-C$30)*C$33,IF($A38=YEAR(C$31),(C$31-DATE(YEAR(C$31),1,0))*C$33,0)))) -> 0 | D38: =IF(AND($A38>YEAR(D$30),$A38<YEAR(D$31)),(DATE($A38,12,31)-DATE($A38,1,0))*D$33,IF(AND($A38=YEAR(D$30),$A38=YEAR(D$31)),(D$31-D$30)*D$33,IF($A38=YEAR(D$30),(DATE(YEAR(D$30),12,31)-D$30)*D$33,IF($A38=YEAR(D$31),(D$31-DATE(YEAR(D$31),1,0))*D$33,0)))) -> 0 | E38: =IF(AND($A38>YEAR(E$30),$A38<YEAR(E$31)),(DATE($A38,12,31)-DATE($A38,1,0))*E$33,IF(AND($A38=YEAR(E$30),$A38=YEAR(E$31)),(E$31-E$30)*E$33,IF($A38=YEAR(E$30),(DATE(YEAR(E$30),12,31)-E$30)*E$33,IF($A38=YEAR(E$31),(E$31-DATE(YEAR(E$31),1,0))*E$33,0)))) -> 0 | F38: =IF(AND($A38>YEAR(F$30),$A38<YEAR(F$31)),(DATE($A38,12,31)-DATE($A38,1,0))*F$33,IF(AND($A38=YEAR(F$30),$A38=YEAR(F$31)),(F$31-F$30)*F$33,IF($A38=YEAR(F$30),(DATE(YEAR(F$30),12,31)-F$30)*F$33,IF($A38=YEAR(F$31),(F$31-DATE(YEAR(F$31),1,0))*F$33,0)))) -> 0 | G38: =IF(AND($A38>YEAR(G$30),$A38<YEAR(G$31)),(DATE($A38,12,31)-DATE($A38,1,0))*G$33,IF(AND($A38=YEAR(G$30),$A38=YEAR(G$31)),(G$31-G$30)*G$33,IF($A38=YEAR(G$30),(DATE(YEAR(G$30),12,31)-G$30)*G$33,IF($A38=YEAR(G$31),(G$31-DATE(YEAR(G$31),1,0))*G$33,0)))) -> 0 | H38: =IF(AND($A38>YEAR(H$30),$A38<YEAR(H$31)),(DATE($A38,12,31)-DATE($A38,1,0))*H$33,IF(AND($A38=YEAR(H$30),$A38=YEAR(H$31)),(H$31-H$30)*H$33,IF($A38=YEAR(H$30),(DATE(YEAR(H$30),12,31)-H$30)*H$33,IF($A38=YEAR(H$31),(H$31-DATE(YEAR(H$31),1,0))*H$33,0)))) -> 0 | I38: =IF(AND($A38>YEAR(I$30),$A38<YEAR(I$31)),(DATE($A38,12,31)-DATE($A38,1,0))*I$33,IF(AND($A38=YEAR(I$30),$A38=YEAR(I$31)),(I$31-I$30)*I$33,IF($A38=YEAR(I$30),(DATE(YEAR(I$30),12,31)-I$30)*I$33,IF($A38=YEAR(I$31),(I$31-DATE(YEAR(I$31),1,0))*I$33,0)))) -> 0 | J38: =SUM(B38:I38) -> 0
A39: =A38+1 -> 2032 | B39: =IF(AND($A39>YEAR(B$30),$A39<YEAR(B$31)),(DATE($A39,12,31)-DATE($A39,1,0))*B$33,IF(AND($A39=YEAR(B$30),$A39=YEAR(B$31)),(B$31-B$30)*B$33,IF($A39=YEAR(B$30),(DATE(YEAR(B$30),12,31)-B$30)*B$33,IF($A39=YEAR(B$31),(B$31-DATE(YEAR(B$31),1,0))*B$33,0)))) -> 0 | C39: =IF(AND($A39>YEAR(C$30),$A39<YEAR(C$31)),(DATE($A39,12,31)-DATE($A39,1,0))*C$33,IF(AND($A39=YEAR(C$30),$A39=YEAR(C$31)),(C$31-C$30)*C$33,IF($A39=YEAR(C$30),(DATE(YEAR(C$30),12,31)-C$30)*C$33,IF($A39=YEAR(C$31),(C$31-DATE(YEAR(C$31),1,0))*C$33,0)))) -> 0 | D39: =IF(AND($A39>YEAR(D$30),$A39<YEAR(D$31)),(DATE($A39,12,31)-DATE($A39,1,0))*D$33,IF(AND($A39=YEAR(D$30),$A39=YEAR(D$31)),(D$31-D$30)*D$33,IF($A39=YEAR(D$30),(DATE(YEAR(D$30),12,31)-D$30)*D$33,IF($A39=YEAR(D$31),(D$31-DATE(YEAR(D$31),1,0))*D$33,0)))) -> 0 | E39: =IF(AND($A39>YEAR(E$30),$A39<YEAR(E$31)),(DATE($A39,12,31)-DATE($A39,1,0))*E$33,IF(AND($A39=YEAR(E$30),$A39=YEAR(E$31)),(E$31-E$30)*E$33,IF($A39=YEAR(E$30),(DATE(YEAR(E$30),12,31)-E$30)*E$33,IF($A39=YEAR(E$31),(E$31-DATE(YEAR(E$31),1,0))*E$33,0)))) -> 0 | F39: =IF(AND($A39>YEAR(F$30),$A39<YEAR(F$31)),(DATE($A39,12,31)-DATE($A39,1,0))*F$33,IF(AND($A39=YEAR(F$30),$A39=YEAR(F$31)),(F$31-F$30)*F$33,IF($A39=YEAR(F$30),(DATE(YEAR(F$30),12,31)-F$30)*F$33,IF($A39=YEAR(F$31),(F$31-DATE(YEAR(F$31),1,0))*F$33,0)))) -> 0 | G39: =IF(AND($A39>YEAR(G$30),$A39<YEAR(G$31)),(DATE($A39,12,31)-DATE($A39,1,0))*G$33,IF(AND($A39=YEAR(G$30),$A39=YEAR(G$31)),(G$31-G$30)*G$33,IF($A39=YEAR(G$30),(DATE(YEAR(G$30),12,31)-G$30)*G$33,IF($A39=YEAR(G$31),(G$31-DATE(YEAR(G$31),1,0))*G$33,0)))) -> 0 | H39: =IF(AND($A39>YEAR(H$30),$A39<YEAR(H$31)),(DATE($A39,12,31)-DATE($A39,1,0))*H$33,IF(AND($A39=YEAR(H$30),$A39=YEAR(H$31)),(H$31-H$30)*H$33,IF($A39=YEAR(H$30),(DATE(YEAR(H$30),12,31)-H$30)*H$33,IF($A39=YEAR(H$31),(H$31-DATE(YEAR(H$31),1,0))*H$33,0)))) -> 0 | I39: =IF(AND($A39>YEAR(I$30),$A39<YEAR(I$31)),(DATE($A39,12,31)-DATE($A39,1,0))*I$33,IF(AND($A39=YEAR(I$30),$A39=YEAR(I$31)),(I$31-I$30)*I$33,IF($A39=YEAR(I$30),(DATE(YEAR(I$30),12,31)-I$30)*I$33,IF($A39=YEAR(I$31),(I$31-DATE(YEAR(I$31),1,0))*I$33,0)))) -> 0 | J39: =SUM(B39:I39) -> 0
A40: =A39+1 -> 2033 | B40: =IF(AND($A40>YEAR(B$30),$A40<YEAR(B$31)),(DATE($A40,12,31)-DATE($A40,1,0))*B$33,IF(AND($A40=YEAR(B$30),$A40=YEAR(B$31)),(B$31-B$30)*B$33,IF($A40=YEAR(B$30),(DATE(YEAR(B$30),12,31)-B$30)*B$33,IF($A40=YEAR(B$31),(B$31-DATE(YEAR(B$31),1,0))*B$33,0)))) -> 0 | C40: =IF(AND($A40>YEAR(C$30),$A40<YEAR(C$31)),(DATE($A40,12,31)-DATE($A40,1,0))*C$33,IF(AND($A40=YEAR(C$30),$A40=YEAR(C$31)),(C$31-C$30)*C$33,IF($A40=YEAR(C$30),(DATE(YEAR(C$30),12,31)-C$30)*C$33,IF($A40=YEAR(C$31),(C$31-DATE(YEAR(C$31),1,0))*C$33,0)))) -> 0 | D40: =IF(AND($A40>YEAR(D$30),$A40<YEAR(D$31)),(DATE($A40,12,31)-DATE($A40,1,0))*D$33,IF(AND($A40=YEAR(D$30),$A40=YEAR(D$31)),(D$31-D$30)*D$33,IF($A40=YEAR(D$30),(DATE(YEAR(D$30),12,31)-D$30)*D$33,IF($A40=YEAR(D$31),(D$31-DATE(YEAR(D$31),1,0))*D$33,0)))) -> 0 | E40: =IF(AND($A40>YEAR(E$30),$A40<YEAR(E$31)),(DATE($A40,12,31)-DATE($A40,1,0))*E$33,IF(AND($A40=YEAR(E$30),$A40=YEAR(E$31)),(E$31-E$30)*E$33,IF($A40=YEAR(E$30),(DATE(YEAR(E$30),12,31)-E$30)*E$33,IF($A40=YEAR(E$31),(E$31-DATE(YEAR(E$31),1,0))*E$33,0)))) -> 0 | F40: =IF(AND($A40>YEAR(F$30),$A40<YEAR(F$31)),(DATE($A40,12,31)-DATE($A40,1,0))*F$33,IF(AND($A40=YEAR(F$30),$A40=YEAR(F$31)),(F$31-F$30)*F$33,IF($A40=YEAR(F$30),(DATE(YEAR(F$30),12,31)-F$30)*F$33,IF($A40=YEAR(F$31),(F$31-DATE(YEAR(F$31),1,0))*F$33,0)))) -> 0 | G40: =IF(AND($A40>YEAR(G$30),$A40<YEAR(G$31)),(DATE($A40,12,31)-DATE($A40,1,0))*G$33,IF(AND($A40=YEAR(G$30),$A40=YEAR(G$31)),(G$31-G$30)*G$33,IF($A40=YEAR(G$30),(DATE(YEAR(G$30),12,31)-G$30)*G$33,IF($A40=YEAR(G$31),(G$31-DATE(YEAR(G$31),1,0))*G$33,0)))) -> 0 | H40: =IF(AND($A40>YEAR(H$30),$A40<YEAR(H$31)),(DATE($A40,12,31)-DATE($A40,1,0))*H$33,IF(AND($A40=YEAR(H$30),$A40=YEAR(H$31)),(H$31-H$30)*H$33,IF($A40=YEAR(H$30),(DATE(YEAR(H$30),12,31)-H$30)*H$33,IF($A40=YEAR(H$31),(H$31-DATE(YEAR(H$31),1,0))*H$33,0)))) -> 0 | I40: =IF(AND($A40>YEAR(I$30),$A40<YEAR(I$31)),(DATE($A40,12,31)-DATE($A40,1,0))*I$33,IF(AND($A40=YEAR(I$30),$A40=YEAR(I$31)),(I$31-I$30)*I$33,IF($A40=YEAR(I$30),(DATE(YEAR(I$30),12,31)-I$30)*I$33,IF($A40=YEAR(I$31),(I$31-DATE(YEAR(I$31),1,0))*I$33,0)))) -> 0 | J40: =SUM(B40:I40) -> 0
A41: =A40+1 -> 2034 | B41: =IF(AND($A41>YEAR(B$30),$A41<YEAR(B$31)),(DATE($A41,12,31)-DATE($A41,1,0))*B$33,IF(AND($A41=YEAR(B$30),$A41=YEAR(B$31)),(B$31-B$30)*B$33,IF($A41=YEAR(B$30),(DATE(YEAR(B$30),12,31)-B$30)*B$33,IF($A41=YEAR(B$31),(B$31-DATE(YEAR(B$31),1,0))*B$33,0)))) -> 0 | C41: =IF(AND($A41>YEAR(C$30),$A41<YEAR(C$31)),(DATE($A41,12,31)-DATE($A41,1,0))*C$33,IF(AND($A41=YEAR(C$30),$A41=YEAR(C$31)),(C$31-C$30)*C$33,IF($A41=YEAR(C$30),(DATE(YEAR(C$30),12,31)-C$30)*C$33,IF($A41=YEAR(C$31),(C$31-DATE(YEAR(C$31),1,0))*C$33,0)))) -> 0 | D41: =IF(AND($A41>YEAR(D$30),$A41<YEAR(D$31)),(DATE($A41,12,31)-DATE($A41,1,0))*D$33,IF(AND($A41=YEAR(D$30),$A41=YEAR(D$31)),(D$31-D$30)*D$33,IF($A41=YEAR(D$30),(DATE(YEAR(D$30),12,31)-D$30)*D$33,IF($A41=YEAR(D$31),(D$31-DATE(YEAR(D$31),1,0))*D$33,0)))) -> 0 | E41: =IF(AND($A41>YEAR(E$30),$A41<YEAR(E$31)),(DATE($A41,12,31)-DATE($A41,1,0))*E$33,IF(AND($A41=YEAR(E$30),$A41=YEAR(E$31)),(E$31-E$30)*E$33,IF($A41=YEAR(E$30),(DATE(YEAR(E$30),12,31)-E$30)*E$33,IF($A41=YEAR(E$31),(E$31-DATE(YEAR(E$31),1,0))*E$33,0)))) -> 0 | F41: =IF(AND($A41>YEAR(F$30),$A41<YEAR(F$31)),(DATE($A41,12,31)-DATE($A41,1,0))*F$33,IF(AND($A41=YEAR(F$30),$A41=YEAR(F$31)),(F$31-F$30)*F$33,IF($A41=YEAR(F$30),(DATE(YEAR(F$30),12,31)-F$30)*F$33,IF($A41=YEAR(F$31),(F$31-DATE(YEAR(F$31),1,0))*F$33,0)))) -> 0 | G41: =IF(AND($A41>YEAR(G$30),$A41<YEAR(G$31)),(DATE($A41,12,31)-DATE($A41,1,0))*G$33,IF(AND($A41=YEAR(G$30),$A41=YEAR(G$31)),(G$31-G$30)*G$33,IF($A41=YEAR(G$30),(DATE(YEAR(G$30),12,31)-G$30)*G$33,IF($A41=YEAR(G$31),(G$31-DATE(YEAR(G$31),1,0))*G$33,0)))) -> 0 | H41: =IF(AND($A41>YEAR(H$30),$A41<YEAR(H$31)),(DATE($A41,12,31)-DATE($A41,1,0))*H$33,IF(AND($A41=YEAR(H$30),$A41=YEAR(H$31)),(H$31-H$30)*H$33,IF($A41=YEAR(H$30),(DATE(YEAR(H$30),12,31)-H$30)*H$33,IF($A41=YEAR(H$31),(H$31-DATE(YEAR(H$31),1,0))*H$33,0)))) -> 0 | I41: =IF(AND($A41>YEAR(I$30),$A41<YEAR(I$31)),(DATE($A41,12,31)-DATE($A41,1,0))*I$33,IF(AND($A41=YEAR(I$30),$A41=YEAR(I$31)),(I$31-I$30)*I$33,IF($A41=YEAR(I$30),(DATE(YEAR(I$30),12,31)-I$30)*I$33,IF($A41=YEAR(I$31),(I$31-DATE(YEAR(I$31),1,0))*I$33,0)))) -> 0 | J41: =SUM(B41:I41) -> 0
A42: =A41+1 -> 2035 | B42: =IF(AND($A42>YEAR(B$30),$A42<YEAR(B$31)),(DATE($A42,12,31)-DATE($A42,1,0))*B$33,IF(AND($A42=YEAR(B$30),$A42=YEAR(B$31)),(B$31-B$30)*B$33,IF($A42=YEAR(B$30),(DATE(YEAR(B$30),12,31)-B$30)*B$33,IF($A42=YEAR(B$31),(B$31-DATE(YEAR(B$31),1,0))*B$33,0)))) -> 0 | C42: =IF(AND($A42>YEAR(C$30),$A42<YEAR(C$31)),(DATE($A42,12,31)-DATE($A42,1,0))*C$33,IF(AND($A42=YEAR(C$30),$A42=YEAR(C$31)),(C$31-C$30)*C$33,IF($A42=YEAR(C$30),(DATE(YEAR(C$30),12,31)-C$30)*C$33,IF($A42=YEAR(C$31),(C$31-DATE(YEAR(C$31),1,0))*C$33,0)))) -> 0 | D42: =IF(AND($A42>YEAR(D$30),$A42<YEAR(D$31)),(DATE($A42,12,31)-DATE($A42,1,0))*D$33,IF(AND($A42=YEAR(D$30),$A42=YEAR(D$31)),(D$31-D$30)*D$33,IF($A42=YEAR(D$30),(DATE(YEAR(D$30),12,31)-D$30)*D$33,IF($A42=YEAR(D$31),(D$31-DATE(YEAR(D$31),1,0))*D$33,0)))) -> 0 | E42: =IF(AND($A42>YEAR(E$30),$A42<YEAR(E$31)),(DATE($A42,12,31)-DATE($A42,1,0))*E$33,IF(AND($A42=YEAR(E$30),$A42=YEAR(E$31)),(E$31-E$30)*E$33,IF($A42=YEAR(E$30),(DATE(YEAR(E$30),12,31)-E$30)*E$33,IF($A42=YEAR(E$31),(E$31-DATE(YEAR(E$31),1,0))*E$33,0)))) -> 0 | F42: =IF(AND($A42>YEAR(F$30),$A42<YEAR(F$31)),(DATE($A42,12,31)-DATE($A42,1,0))*F$33,IF(AND($A42=YEAR(F$30),$A42=YEAR(F$31)),(F$31-F$30)*F$33,IF($A42=YEAR(F$30),(DATE(YEAR(F$30),12,31)-F$30)*F$33,IF($A42=YEAR(F$31),(F$31-DATE(YEAR(F$31),1,0))*F$33,0)))) -> 0 | G42: =IF(AND($A42>YEAR(G$30),$A42<YEAR(G$31)),(DATE($A42,12,31)-DATE($A42,1,0))*G$33,IF(AND($A42=YEAR(G$30),$A42=YEAR(G$31)),(G$31-G$30)*G$33,IF($A42=YEAR(G$30),(DATE(YEAR(G$30),12,31)-G$30)*G$33,IF($A42=YEAR(G$31),(G$31-DATE(YEAR(G$31),1,0))*G$33,0)))) -> 0 | H42: =IF(AND($A42>YEAR(H$30),$A42<YEAR(H$31)),(DATE($A42,12,31)-DATE($A42,1,0))*H$33,IF(AND($A42=YEAR(H$30),$A42=YEAR(H$31)),(H$31-H$30)*H$33,IF($A42=YEAR(H$30),(DATE(YEAR(H$30),12,31)-H$30)*H$33,IF($A42=YEAR(H$31),(H$31-DATE(YEAR(H$31),1,0))*H$33,0)))) -> 0 | I42: =IF(AND($A42>YEAR(I$30),$A42<YEAR(I$31)),(DATE($A42,12,31)-DATE($A42,1,0))*I$33,IF(AND($A42=YEAR(I$30),$A42=YEAR(I$31)),(I$31-I$30)*I$33,IF($A42=YEAR(I$30),(DATE(YEAR(I$30),12,31)-I$30)*I$33,IF($A42=YEAR(I$31),(I$31-DATE(YEAR(I$31),1,0))*I$33,0)))) -> 0 | J42: =SUM(B42:I42) -> 0
A43: =A42+1 -> 2036 | B43: =IF(AND($A43>YEAR(B$30),$A43<YEAR(B$31)),(DATE($A43,12,31)-DATE($A43,1,0))*B$33,IF(AND($A43=YEAR(B$30),$A43=YEAR(B$31)),(B$31-B$30)*B$33,IF($A43=YEAR(B$30),(DATE(YEAR(B$30),12,31)-B$30)*B$33,IF($A43=YEAR(B$31),(B$31-DATE(YEAR(B$31),1,0))*B$33,0)))) -> 0 | C43: =IF(AND($A43>YEAR(C$30),$A43<YEAR(C$31)),(DATE($A43,12,31)-DATE($A43,1,0))*C$33,IF(AND($A43=YEAR(C$30),$A43=YEAR(C$31)),(C$31-C$30)*C$33,IF($A43=YEAR(C$30),(DATE(YEAR(C$30),12,31)-C$30)*C$33,IF($A43=YEAR(C$31),(C$31-DATE(YEAR(C$31),1,0))*C$33,0)))) -> 0 | D43: =IF(AND($A43>YEAR(D$30),$A43<YEAR(D$31)),(DATE($A43,12,31)-DATE($A43,1,0))*D$33,IF(AND($A43=YEAR(D$30),$A43=YEAR(D$31)),(D$31-D$30)*D$33,IF($A43=YEAR(D$30),(DATE(YEAR(D$30),12,31)-D$30)*D$33,IF($A43=YEAR(D$31),(D$31-DATE(YEAR(D$31),1,0))*D$33,0)))) -> 0 | E43: =IF(AND($A43>YEAR(E$30),$A43<YEAR(E$31)),(DATE($A43,12,31)-DATE($A43,1,0))*E$33,IF(AND($A43=YEAR(E$30),$A43=YEAR(E$31)),(E$31-E$30)*E$33,IF($A43=YEAR(E$30),(DATE(YEAR(E$30),12,31)-E$30)*E$33,IF($A43=YEAR(E$31),(E$31-DATE(YEAR(E$31),1,0))*E$33,0)))) -> 0 | F43: =IF(AND($A43>YEAR(F$30),$A43<YEAR(F$31)),(DATE($A43,12,31)-DATE($A43,1,0))*F$33,IF(AND($A43=YEAR(F$30),$A43=YEAR(F$31)),(F$31-F$30)*F$33,IF($A43=YEAR(F$30),(DATE(YEAR(F$30),12,31)-F$30)*F$33,IF($A43=YEAR(F$31),(F$31-DATE(YEAR(F$31),1,0))*F$33,0)))) -> 0 | G43: =IF(AND($A43>YEAR(G$30),$A43<YEAR(G$31)),(DATE($A43,12,31)-DATE($A43,1,0))*G$33,IF(AND($A43=YEAR(G$30),$A43=YEAR(G$31)),(G$31-G$30)*G$33,IF($A43=YEAR(G$30),(DATE(YEAR(G$30),12,31)-G$30)*G$33,IF($A43=YEAR(G$31),(G$31-DATE(YEAR(G$31),1,0))*G$33,0)))) -> 0 | H43: =IF(AND($A43>YEAR(H$30),$A43<YEAR(H$31)),(DATE($A43,12,31)-DATE($A43,1,0))*H$33,IF(AND($A43=YEAR(H$30),$A43=YEAR(H$31)),(H$31-H$30)*H$33,IF($A43=YEAR(H$30),(DATE(YEAR(H$30),12,31)-H$30)*H$33,IF($A43=YEAR(H$31),(H$31-DATE(YEAR(H$31),1,0))*H$33,0)))) -> 0 | I43: =IF(AND($A43>YEAR(I$30),$A43<YEAR(I$31)),(DATE($A43,12,31)-DATE($A43,1,0))*I$33,IF(AND($A43=YEAR(I$30),$A43=YEAR(I$31)),(I$31-I$30)*I$33,IF($A43=YEAR(I$30),(DATE(YEAR(I$30),12,31)-I$30)*I$33,IF($A43=YEAR(I$31),(I$31-DATE(YEAR(I$31),1,0))*I$33,0)))) -> 0 | J43: =SUM(B43:I43) -> 0
A44: =A43+1 -> 2037 | B44: =IF(AND($A44>YEAR(B$30),$A44<YEAR(B$31)),(DATE($A44,12,31)-DATE($A44,1,0))*B$33,IF(AND($A44=YEAR(B$30),$A44=YEAR(B$31)),(B$31-B$30)*B$33,IF($A44=YEAR(B$30),(DATE(YEAR(B$30),12,31)-B$30)*B$33,IF($A44=YEAR(B$31),(B$31-DATE(YEAR(B$31),1,0))*B$33,0)))) -> 0 | C44: =IF(AND($A44>YEAR(C$30),$A44<YEAR(C$31)),(DATE($A44,12,31)-DATE($A44,1,0))*C$33,IF(AND($A44=YEAR(C$30),$A44=YEAR(C$31)),(C$31-C$30)*C$33,IF($A44=YEAR(C$30),(DATE(YEAR(C$30),12,31)-C$30)*C$33,IF($A44=YEAR(C$31),(C$31-DATE(YEAR(C$31),1,0))*C$33,0)))) -> 0 | D44: =IF(AND($A44>YEAR(D$30),$A44<YEAR(D$31)),(DATE($A44,12,31)-DATE($A44,1,0))*D$33,IF(AND($A44=YEAR(D$30),$A44=YEAR(D$31)),(D$31-D$30)*D$33,IF($A44=YEAR(D$30),(DATE(YEAR(D$30),12,31)-D$30)*D$33,IF($A44=YEAR(D$31),(D$31-DATE(YEAR(D$31),1,0))*D$33,0)))) -> 0 | E44: =IF(AND($A44>YEAR(E$30),$A44<YEAR(E$31)),(DATE($A44,12,31)-DATE($A44,1,0))*E$33,IF(AND($A44=YEAR(E$30),$A44=YEAR(E$31)),(E$31-E$30)*E$33,IF($A44=YEAR(E$30),(DATE(YEAR(E$30),12,31)-E$30)*E$33,IF($A44=YEAR(E$31),(E$31-DATE(YEAR(E$31),1,0))*E$33,0)))) -> 0 | F44: =IF(AND($A44>YEAR(F$30),$A44<YEAR(F$31)),(DATE($A44,12,31)-DATE($A44,1,0))*F$33,IF(AND($A44=YEAR(F$30),$A44=YEAR(F$31)),(F$31-F$30)*F$33,IF($A44=YEAR(F$30),(DATE(YEAR(F$30),12,31)-F$30)*F$33,IF($A44=YEAR(F$31),(F$31-DATE(YEAR(F$31),1,0))*F$33,0)))) -> 0 | G44: =IF(AND($A44>YEAR(G$30),$A44<YEAR(G$31)),(DATE($A44,12,31)-DATE($A44,1,0))*G$33,IF(AND($A44=YEAR(G$30),$A44=YEAR(G$31)),(G$31-G$30)*G$33,IF($A44=YEAR(G$30),(DATE(YEAR(G$30),12,31)-G$30)*G$33,IF($A44=YEAR(G$31),(G$31-DATE(YEAR(G$31),1,0))*G$33,0)))) -> 0 | H44: =IF(AND($A44>YEAR(H$30),$A44<YEAR(H$31)),(DATE($A44,12,31)-DATE($A44,1,0))*H$33,IF(AND($A44=YEAR(H$30),$A44=YEAR(H$31)),(H$31-H$30)*H$33,IF($A44=YEAR(H$30),(DATE(YEAR(H$30),12,31)-H$30)*H$33,IF($A44=YEAR(H$31),(H$31-DATE(YEAR(H$31),1,0))*H$33,0)))) -> 0 | I44: =IF(AND($A44>YEAR(I$30),$A44<YEAR(I$31)),(DATE($A44,12,31)-DATE($A44,1,0))*I$33,IF(AND($A44=YEAR(I$30),$A44=YEAR(I$31)),(I$31-I$30)*I$33,IF($A44=YEAR(I$30),(DATE(YEAR(I$30),12,31)-I$30)*I$33,IF($A44=YEAR(I$31),(I$31-DATE(YEAR(I$31),1,0))*I$33,0)))) -> 0 | J44: =SUM(B44:I44) -> 0
A45: =A44+1 -> 2038 | B45: =IF(AND($A45>YEAR(B$30),$A45<YEAR(B$31)),(DATE($A45,12,31)-DATE($A45,1,0))*B$33,IF(AND($A45=YEAR(B$30),$A45=YEAR(B$31)),(B$31-B$30)*B$33,IF($A45=YEAR(B$30),(DATE(YEAR(B$30),12,31)-B$30)*B$33,IF($A45=YEAR(B$31),(B$31-DATE(YEAR(B$31),1,0))*B$33,0)))) -> 0 | C45: =IF(AND($A45>YEAR(C$30),$A45<YEAR(C$31)),(DATE($A45,12,31)-DATE($A45,1,0))*C$33,IF(AND($A45=YEAR(C$30),$A45=YEAR(C$31)),(C$31-C$30)*C$33,IF($A45=YEAR(C$30),(DATE(YEAR(C$30),12,31)-C$30)*C$33,IF($A45=YEAR(C$31),(C$31-DATE(YEAR(C$31),1,0))*C$33,0)))) -> 0 | D45: =IF(AND($A45>YEAR(D$30),$A45<YEAR(D$31)),(DATE($A45,12,31)-DATE($A45,1,0))*D$33,IF(AND($A45=YEAR(D$30),$A45=YEAR(D$31)),(D$31-D$30)*D$33,IF($A45=YEAR(D$30),(DATE(YEAR(D$30),12,31)-D$30)*D$33,IF($A45=YEAR(D$31),(D$31-DATE(YEAR(D$31),1,0))*D$33,0)))) -> 0 | E45: =IF(AND($A45>YEAR(E$30),$A45<YEAR(E$31)),(DATE($A45,12,31)-DATE($A45,1,0))*E$33,IF(AND($A45=YEAR(E$30),$A45=YEAR(E$31)),(E$31-E$30)*E$33,IF($A45=YEAR(E$30),(DATE(YEAR(E$30),12,31)-E$30)*E$33,IF($A45=YEAR(E$31),(E$31-DATE(YEAR(E$31),1,0))*E$33,0)))) -> 0 | F45: =IF(AND($A45>YEAR(F$30),$A45<YEAR(F$31)),(DATE($A45,12,31)-DATE($A45,1,0))*F$33,IF(AND($A45=YEAR(F$30),$A45=YEAR(F$31)),(F$31-F$30)*F$33,IF($A45=YEAR(F$30),(DATE(YEAR(F$30),12,31)-F$30)*F$33,IF($A45=YEAR(F$31),(F$31-DATE(YEAR(F$31),1,0))*F$33,0)))) -> 0 | G45: =IF(AND($A45>YEAR(G$30),$A45<YEAR(G$31)),(DATE($A45,12,31)-DATE($A45,1,0))*G$33,IF(AND($A45=YEAR(G$30),$A45=YEAR(G$31)),(G$31-G$30)*G$33,IF($A45=YEAR(G$30),(DATE(YEAR(G$30),12,31)-G$30)*G$33,IF($A45=YEAR(G$31),(G$31-DATE(YEAR(G$31),1,0))*G$33,0)))) -> 0 | H45: =IF(AND($A45>YEAR(H$30),$A45<YEAR(H$31)),(DATE($A45,12,31)-DATE($A45,1,0))*H$33,IF(AND($A45=YEAR(H$30),$A45=YEAR(H$31)),(H$31-H$30)*H$33,IF($A45=YEAR(H$30),(DATE(YEAR(H$30),12,31)-H$30)*H$33,IF($A45=YEAR(H$31),(H$31-DATE(YEAR(H$31),1,0))*H$33,0)))) -> 0 | I45: =IF(AND($A45>YEAR(I$30),$A45<YEAR(I$31)),(DATE($A45,12,31)-DATE($A45,1,0))*I$33,IF(AND($A45=YEAR(I$30),$A45=YEAR(I$31)),(I$31-I$30)*I$33,IF($A45=YEAR(I$30),(DATE(YEAR(I$30),12,31)-I$30)*I$33,IF($A45=YEAR(I$31),(I$31-DATE(YEAR(I$31),1,0))*I$33,0)))) -> 0 | J45: =SUM(B45:I45) -> 0
A46: =A45+1 -> 2039 | B46: =IF(AND($A46>YEAR(B$30),$A46<YEAR(B$31)),(DATE($A46,12,31)-DATE($A46,1,0))*B$33,IF(AND($A46=YEAR(B$30),$A46=YEAR(B$31)),(B$31-B$30)*B$33,IF($A46=YEAR(B$30),(DATE(YEAR(B$30),12,31)-B$30)*B$33,IF($A46=YEAR(B$31),(B$31-DATE(YEAR(B$31),1,0))*B$33,0)))) -> 0 | C46: =IF(AND($A46>YEAR(C$30),$A46<YEAR(C$31)),(DATE($A46,12,31)-DATE($A46,1,0))*C$33,IF(AND($A46=YEAR(C$30),$A46=YEAR(C$31)),(C$31-C$30)*C$33,IF($A46=YEAR(C$30),(DATE(YEAR(C$30),12,31)-C$30)*C$33,IF($A46=YEAR(C$31),(C$31-DATE(YEAR(C$31),1,0))*C$33,0)))) -> 0 | D46: =IF(AND($A46>YEAR(D$30),$A46<YEAR(D$31)),(DATE($A46,12,31)-DATE($A46,1,0))*D$33,IF(AND($A46=YEAR(D$30),$A46=YEAR(D$31)),(D$31-D$30)*D$33,IF($A46=YEAR(D$30),(DATE(YEAR(D$30),12,31)-D$30)*D$33,IF($A46=YEAR(D$31),(D$31-DATE(YEAR(D$31),1,0))*D$33,0)))) -> 0 | E46: =IF(AND($A46>YEAR(E$30),$A46<YEAR(E$31)),(DATE($A46,12,31)-DATE($A46,1,0))*E$33,IF(AND($A46=YEAR(E$30),$A46=YEAR(E$31)),(E$31-E$30)*E$33,IF($A46=YEAR(E$30),(DATE(YEAR(E$30),12,31)-E$30)*E$33,IF($A46=YEAR(E$31),(E$31-DATE(YEAR(E$31),1,0))*E$33,0)))) -> 0 | F46: =IF(AND($A46>YEAR(F$30),$A46<YEAR(F$31)),(DATE($A46,12,31)-DATE($A46,1,0))*F$33,IF(AND($A46=YEAR(F$30),$A46=YEAR(F$31)),(F$31-F$30)*F$33,IF($A46=YEAR(F$30),(DATE(YEAR(F$30),12,31)-F$30)*F$33,IF($A46=YEAR(F$31),(F$31-DATE(YEAR(F$31),1,0))*F$33,0)))) -> 0 | G46: =IF(AND($A46>YEAR(G$30),$A46<YEAR(G$31)),(DATE($A46,12,31)-DATE($A46,1,0))*G$33,IF(AND($A46=YEAR(G$30),$A46=YEAR(G$31)),(G$31-G$30)*G$33,IF($A46=YEAR(G$30),(DATE(YEAR(G$30),12,31)-G$30)*G$33,IF($A46=YEAR(G$31),(G$31-DATE(YEAR(G$31),1,0))*G$33,0)))) -> 0 | H46: =IF(AND($A46>YEAR(H$30),$A46<YEAR(H$31)),(DATE($A46,12,31)-DATE($A46,1,0))*H$33,IF(AND($A46=YEAR(H$30),$A46=YEAR(H$31)),(H$31-H$30)*H$33,IF($A46=YEAR(H$30),(DATE(YEAR(H$30),12,31)-H$30)*H$33,IF($A46=YEAR(H$31),(H$31-DATE(YEAR(H$31),1,0))*H$33,0)))) -> 0 | I46: =IF(AND($A46>YEAR(I$30),$A46<YEAR(I$31)),(DATE($A46,12,31)-DATE($A46,1,0))*I$33,IF(AND($A46=YEAR(I$30),$A46=YEAR(I$31)),(I$31-I$30)*I$33,IF($A46=YEAR(I$30),(DATE(YEAR(I$30),12,31)-I$30)*I$33,IF($A46=YEAR(I$31),(I$31-DATE(YEAR(I$31),1,0))*I$33,0)))) -> 0 | J46: =SUM(B46:I46) -> 0
A47: =A46+1 -> 2040 | B47: =IF(AND($A47>YEAR(B$30),$A47<YEAR(B$31)),(DATE($A47,12,31)-DATE($A47,1,0))*B$33,IF(AND($A47=YEAR(B$30),$A47=YEAR(B$31)),(B$31-B$30)*B$33,IF($A47=YEAR(B$30),(DATE(YEAR(B$30),12,31)-B$30)*B$33,IF($A47=YEAR(B$31),(B$31-DATE(YEAR(B$31),1,0))*B$33,0)))) -> 0 | C47: =IF(AND($A47>YEAR(C$30),$A47<YEAR(C$31)),(DATE($A47,12,31)-DATE($A47,1,0))*C$33,IF(AND($A47=YEAR(C$30),$A47=YEAR(C$31)),(C$31-C$30)*C$33,IF($A47=YEAR(C$30),(DATE(YEAR(C$30),12,31)-C$30)*C$33,IF($A47=YEAR(C$31),(C$31-DATE(YEAR(C$31),1,0))*C$33,0)))) -> 0 | D47: =IF(AND($A47>YEAR(D$30),$A47<YEAR(D$31)),(DATE($A47,12,31)-DATE($A47,1,0))*D$33,IF(AND($A47=YEAR(D$30),$A47=YEAR(D$31)),(D$31-D$30)*D$33,IF($A47=YEAR(D$30),(DATE(YEAR(D$30),12,31)-D$30)*D$33,IF($A47=YEAR(D$31),(D$31-DATE(YEAR(D$31),1,0))*D$33,0)))) -> 0 | E47: =IF(AND($A47>YEAR(E$30),$A47<YEAR(E$31)),(DATE($A47,12,31)-DATE($A47,1,0))*E$33,IF(AND($A47=YEAR(E$30),$A47=YEAR(E$31)),(E$31-E$30)*E$33,IF($A47=YEAR(E$30),(DATE(YEAR(E$30),12,31)-E$30)*E$33,IF($A47=YEAR(E$31),(E$31-DATE(YEAR(E$31),1,0))*E$33,0)))) -> 0 | F47: =IF(AND($A47>YEAR(F$30),$A47<YEAR(F$31)),(DATE($A47,12,31)-DATE($A47,1,0))*F$33,IF(AND($A47=YEAR(F$30),$A47=YEAR(F$31)),(F$31-F$30)*F$33,IF($A47=YEAR(F$30),(DATE(YEAR(F$30),12,31)-F$30)*F$33,IF($A47=YEAR(F$31),(F$31-DATE(YEAR(F$31),1,0))*F$33,0)))) -> 0 | G47: =IF(AND($A47>YEAR(G$30),$A47<YEAR(G$31)),(DATE($A47,12,31)-DATE($A47,1,0))*G$33,IF(AND($A47=YEAR(G$30),$A47=YEAR(G$31)),(G$31-G$30)*G$33,IF($A47=YEAR(G$30),(DATE(YEAR(G$30),12,31)-G$30)*G$33,IF($A47=YEAR(G$31),(G$31-DATE(YEAR(G$31),1,0))*G$33,0)))) -> 0 | H47: =IF(AND($A47>YEAR(H$30),$A47<YEAR(H$31)),(DATE($A47,12,31)-DATE($A47,1,0))*H$33,IF(AND($A47=YEAR(H$30),$A47=YEAR(H$31)),(H$31-H$30)*H$33,IF($A47=YEAR(H$30),(DATE(YEAR(H$30),12,31)-H$30)*H$33,IF($A47=YEAR(H$31),(H$31-DATE(YEAR(H$31),1,0))*H$33,0)))) -> 0 | I47: =IF(AND($A47>YEAR(I$30),$A47<YEAR(I$31)),(DATE($A47,12,31)-DATE($A47,1,0))*I$33,IF(AND($A47=YEAR(I$30),$A47=YEAR(I$31)),(I$31-I$30)*I$33,IF($A47=YEAR(I$30),(DATE(YEAR(I$30),12,31)-I$30)*I$33,IF($A47=YEAR(I$31),(I$31-DATE(YEAR(I$31),1,0))*I$33,0)))) -> 0 | J47: =SUM(B47:I47) -> 0
A48: =A47+1 -> 2041 | B48: =IF(AND($A48>YEAR(B$30),$A48<YEAR(B$31)),(DATE($A48,12,31)-DATE($A48,1,0))*B$33,IF(AND($A48=YEAR(B$30),$A48=YEAR(B$31)),(B$31-B$30)*B$33,IF($A48=YEAR(B$30),(DATE(YEAR(B$30),12,31)-B$30)*B$33,IF($A48=YEAR(B$31),(B$31-DATE(YEAR(B$31),1,0))*B$33,0)))) -> 0 | C48: =IF(AND($A48>YEAR(C$30),$A48<YEAR(C$31)),(DATE($A48,12,31)-DATE($A48,1,0))*C$33,IF(AND($A48=YEAR(C$30),$A48=YEAR(C$31)),(C$31-C$30)*C$33,IF($A48=YEAR(C$30),(DATE(YEAR(C$30),12,31)-C$30)*C$33,IF($A48=YEAR(C$31),(C$31-DATE(YEAR(C$31),1,0))*C$33,0)))) -> 0 | D48: =IF(AND($A48>YEAR(D$30),$A48<YEAR(D$31)),(DATE($A48,12,31)-DATE($A48,1,0))*D$33,IF(AND($A48=YEAR(D$30),$A48=YEAR(D$31)),(D$31-D$30)*D$33,IF($A48=YEAR(D$30),(DATE(YEAR(D$30),12,31)-D$30)*D$33,IF($A48=YEAR(D$31),(D$31-DATE(YEAR(D$31),1,0))*D$33,0)))) -> 0 | E48: =IF(AND($A48>YEAR(E$30),$A48<YEAR(E$31)),(DATE($A48,12,31)-DATE($A48,1,0))*E$33,IF(AND($A48=YEAR(E$30),$A48=YEAR(E$31)),(E$31-E$30)*E$33,IF($A48=YEAR(E$30),(DATE(YEAR(E$30),12,31)-E$30)*E$33,IF($A48=YEAR(E$31),(E$31-DATE(YEAR(E$31),1,0))*E$33,0)))) -> 0 | F48: =IF(AND($A48>YEAR(F$30),$A48<YEAR(F$31)),(DATE($A48,12,31)-DATE($A48,1,0))*F$33,IF(AND($A48=YEAR(F$30),$A48=YEAR(F$31)),(F$31-F$30)*F$33,IF($A48=YEAR(F$30),(DATE(YEAR(F$30),12,31)-F$30)*F$33,IF($A48=YEAR(F$31),(F$31-DATE(YEAR(F$31),1,0))*F$33,0)))) -> 0 | G48: =IF(AND($A48>YEAR(G$30),$A48<YEAR(G$31)),(DATE($A48,12,31)-DATE($A48,1,0))*G$33,IF(AND($A48=YEAR(G$30),$A48=YEAR(G$31)),(G$31-G$30)*G$33,IF($A48=YEAR(G$30),(DATE(YEAR(G$30),12,31)-G$30)*G$33,IF($A48=YEAR(G$31),(G$31-DATE(YEAR(G$31),1,0))*G$33,0)))) -> 0 | H48: =IF(AND($A48>YEAR(H$30),$A48<YEAR(H$31)),(DATE($A48,12,31)-DATE($A48,1,0))*H$33,IF(AND($A48=YEAR(H$30),$A48=YEAR(H$31)),(H$31-H$30)*H$33,IF($A48=YEAR(H$30),(DATE(YEAR(H$30),12,31)-H$30)*H$33,IF($A48=YEAR(H$31),(H$31-DATE(YEAR(H$31),1,0))*H$33,0)))) -> 0 | I48: =IF(AND($A48>YEAR(I$30),$A48<YEAR(I$31)),(DATE($A48,12,31)-DATE($A48,1,0))*I$33,IF(AND($A48=YEAR(I$30),$A48=YEAR(I$31)),(I$31-I$30)*I$33,IF($A48=YEAR(I$30),(DATE(YEAR(I$30),12,31)-I$30)*I$33,IF($A48=YEAR(I$31),(I$31-DATE(YEAR(I$31),1,0))*I$33,0)))) -> 0 | J48: =SUM(B48:I48) -> 0
... A50: =A49+1 -> 2043 | B50: =IF(AND($A50>YEAR(B$30),$A50<YEAR(B$31)),(DATE($A50,12,31)-DATE($A50,1,0))*B$33,IF(AND($A50=YEAR(B$30),$A50=YEAR(B$31)),(B$31-B$30)*B$33,IF($A50=YEAR(B$30),(DATE(YEAR(B$30),12,31)-B$30)*B$33,IF($A50=YEAR(B$31),(B$31-DATE(YEAR(B$31),1,0))*B$33,0)))) -> 0 | C50: =IF(AND($A50>YEAR(C$30),$A50<YEAR(C$31)),(DATE($A50,12,31)-DATE($A50,1,0))*C$33,IF(AND($A50=YEAR(C$30),$A50=YEAR(C$31)),(C$31-C$30)*C$33,IF($A50=YEAR(C$30),(DATE(YEAR(C$30),12,31)-C$30)*C$33,IF($A50=YEAR(C$31),(C$31-DATE(YEAR(C$31),1,0))*C$33,0)))) -> 0 | D50: =IF(AND($A50>YEAR(D$30),$A50<YEAR(D$31)),(DATE($A50,12,31)-DATE($A50,1,0))*D$33,IF(AND($A50=YEAR(D$30),$A50=YEAR(D$31)),(D$31-D$30)*D$33,IF($A50=YEAR(D$30),(DATE(YEAR(D$30),12,31)-D$30)*D$33,IF($A50=YEAR(D$31),(D$31-DATE(YEAR(D$31),1,0))*D$33,0)))) -> 0 | E50: =IF(AND($A50>YEAR(E$30),$A50<YEAR(E$31)),(DATE($A50,12,31)-DATE($A50,1,0))*E$33,IF(AND($A50=YEAR(E$30),$A50=YEAR(E$31)),(E$31-E$30)*E$33,IF($A50=YEAR(E$30),(DATE(YEAR(E$30),12,31)-E$30)*E$33,IF($A50=YEAR(E$31),(E$31-DATE(YEAR(E$31),1,0))*E$33,0)))) -> 0 | F50: =IF(AND($A50>YEAR(F$30),$A50<YEAR(F$31)),(DATE($A50,12,31)-DATE($A50,1,0))*F$33,IF(AND($A50=YEAR(F$30),$A50=YEAR(F$31)),(F$31-F$30)*F$33,IF($A50=YEAR(F$30),(DATE(YEAR(F$30),12,31)-F$30)*F$33,IF($A50=YEAR(F$31),(F$31-DATE(YEAR(F$31),1,0))*F$33,0)))) -> 0 | G50: =IF(AND($A50>YEAR(G$30),$A50<YEAR(G$31)),(DATE($A50,12,31)-DATE($A50,1,0))*G$33,IF(AND($A50=YEAR(G$30),$A50=YEAR(G$31)),(G$31-G$30)*G$33,IF($A50=YEAR(G$30),(DATE(YEAR(G$30),12,31)-G$30)*G$33,IF($A50=YEAR(G$31),(G$31-DATE(YEAR(G$31),1,0))*G$33,0)))) -> 0 | H50: =IF(AND($A50>YEAR(H$30),$A50<YEAR(H$31)),(DATE($A50,12,31)-DATE($A50,1,0))*H$33,IF(AND($A50=YEAR(H$30),$A50=YEAR(H$31)),(H$31-H$30)*H$33,IF($A50=YEAR(H$30),(DATE(YEAR(H$30),12,31)-H$30)*H$33,IF($A50=YEAR(H$31),(H$31-DATE(YEAR(H$31),1,0))*H$33,0)))) -> 0 | I50: =IF(AND($A50>YEAR(I$30),$A50<YEAR(I$31)),(DATE($A50,12,31)-DATE($A50,1,0))*I$33,IF(AND($A50=YEAR(I$30),$A50=YEAR(I$31)),(I$31-I$30)*I$33,IF($A50=YEAR(I$30),(DATE(YEAR(I$30),12,31)-I$30)*I$33,IF($A50=YEAR(I$31),(I$31-DATE(YEAR(I$31),1,0))*I$33,0)))) -> 0 | J50: =SUM(B50:I50) -> 0
A52: Totaal | B52: =SUM(B36:B50) -> 0 | C52: =SUM(C36:C50) -> 0 | D52: =SUM(D36:D50) -> 0 | E52: =SUM(E36:E50) -> 0 | F52: =SUM(F36:F50) -> 0 | G52: =SUM(G36:G50) -> 0 | H52: =SUM(H36:H50) -> 0 | I52: =SUM(I36:I50) -> 0

Sheet G.01
A1: G.01 Opbrengsten kaartverkoop Reguliere dienst | F1: Instructie | I1: Vul de oranje cellen in
A2: terug
A4: Jaar | B4: 2029
B5: Aantal | C5: Wintertarief | D5: Aantal | E5: Zomertarief | F5: Aantal | G5: Eilandbewoner wintertarief | H5: Aantal | I5: Eilandbewoner Zomertarief | J5: Totaal Opbrengsten
A6: Soort Reisproduct personen
A7: Reguliere dienst kind 4 tot 11 jaar | C7: 0 | E7: 0 | G7: 0 | I7: 0 | J7: =(B7*C7)+(D7*E7)+(F7*G7)+(H7*I7) -> 0
A8: Reguliere dienst vanaf 11 jaar | C8: 0 | E8: 0 | G8: 0 | I8: 0 | J8: =(B8*C8)+(D8*E8)+(F8*G8)+(H8*I8) -> 0
A9: <tekst> | C9: 0 | E9: 0 | G9: 0 | I9: 0 | J9: =(B9*C9)+(D9*E9)+(F9*G9)+(H9*I9) -> 0
A10: <tekst> | C10: 0 | E10: 0 | G10: 0 | I10: 0 | J10: =(B10*C10)+(D10*E10)+(F10*G10)+(H10*I10) -> 0
A11: Totaal Reisproduct personen | J11: =SUM(J7:J10) -> 0
A13: Soort Reisproduct voertuigen
A14: Personenauto | C14: 0 | E14: 0 | G14: 0 | J14: =(B14*C14)+(D14*E14)+(F14*G14)+(H14*I14) -> 0
A15: Personenauto + aanhangwagen | C15: 0 | E15: 0 | G15: 0 | J15: =(B15*C15)+(D15*E15)+(F15*G15)+(H15*I15) -> 0
A16: Motor | C16: 0 | E16: 0 | G16: 0 | J16: =(B16*C16)+(D16*E16)+(F16*G16)+(H16*I16) -> 0
A17: Brommer | C17: 0 | E17: 0 | G17: 0 | J17: =(B17*C17)+(D17*E17)+(F17*G17)+(H17*I17) -> 0
A18: Fiets | C18: 0 | E18: 0 | G18: 0 | J18: =(B18*C18)+(D18*E18)+(F18*G18)+(H18*I18) -> 0
A19: <tekst> | C19: 0 | E19: 0 | G19: 0 | J19: =(B19*C19)+(D19*E19)+(F19*G19)+(H19*I19) -> 0
A20: <tekst> | C20: 0 | E20: 0 | G20: 0 | J20: =(B20*C20)+(D20*E20)+(F20*G20)+(H20*I20) -> 0
A21: Totaal Reisproduct voertuigen | J21: =SUM(J14:J20) -> 0
A23: Totaal Reisproduct Vrachtwagens | C23: 0 | E23: 0 | G23: 0 | I23: 0 | J23: =(B23*C23)+(D23*E23)+(F23*G23)+(H23*I23) -> 0
A25: Soort Reisproduct overig
A26: <tekst> | C26: 0 | E26: 0 | G26: 0 | I26: 0 | J26: =(B26*C26)+(D26*E26)+(F26*G26)+(H26*I26) -> 0
A27: <tekst> | C27: 0 | E27: 0 | G27: 0 | I27: 0 | J27: =(B27*C27)+(D27*E27)+(F27*G27)+(H27*I27) -> 0
A28: Totaal Reisproduct overig | J28: =SUM(J26:J27) -> 0
A30: Totaal Opbrengsten | J30: =J11+J21+J23+J28 -> 0
A33: Jaar | B33: 2030
B34: Aantal | C34: Wintertarief | D34: Aantal | E34: Zomertarief | F34: Aantal | G34: Eilandbewoner wintertarief | H34: Aantal | I34: Eilandbewoner Zomertarief | J34: Totaal Opbrengsten
A35: Soort Reisproduct personen
A36: Reguliere dienst kind 4 tot 11 jaar | C36: 0 | E36: 0 | G36: 0 | I36: 0 | J36: =(B36*C36)+(D36*E36)+(F36*G36)+(H36*I36) -> 0
A37: Reguliere dienst vanaf 11 jaar | C37: 0 | E37: 0 | G37: 0 | I37: 0 | J37: =(B37*C37)+(D37*E37)+(F37*G37)+(H37*I37) -> 0
A38: Sneldienst toeslag | C38: 0 | E38: 0 | G38: 0 | I38: 0 | J38: =(B38*C38)+(D38*E38)+(F38*G38)+(H38*I38) -> 0
A39: <tekst> | C39: 0 | E39: 0 | G39: 0 | I39: 0 | J39: =(B39*C39)+(D39*E39)+(F39*G39)+(H39*I39) -> 0
A40: Totaal Reisproduct personen | J40: =SUM(J36:J39) -> 0
A42: Soort Reisproduct voertuigen
A43: Personenauto | C43: 0 | E43: 0 | G43: 0 | J43: =(B43*C43)+(D43*E43)+(F43*G43)+(H43*I43) -> 0
A44: Personenauto + aanhangwagen | C44: 0 | E44: 0 | G44: 0 | J44: =(B44*C44)+(D44*E44)+(F44*G44)+(H44*I44) -> 0
A45: Motor | C45: 0 | E45: 0 | G45: 0 | J45: =(B45*C45)+(D45*E45)+(F45*G45)+(H45*I45) -> 0
A46: Brommer | C46: 0 | E46: 0 | G46: 0 | J46: =(B46*C46)+(D46*E46)+(F46*G46)+(H46*I46) -> 0
A47: Fiets | C47: 0 | E47: 0 | G47: 0 | J47: =(B47*C47)+(D47*E47)+(F47*G47)+(H47*I47) -> 0
A48: <tekst> | C48: 0 | E48: 0 | G48: 0 | J48: =(B48*C48)+(D48*E48)+(F48*G48)+(H48*I48) -> 0
A49: <tekst> | C49: 0 | E49: 0 | G49: 0 | J49: =(B49*C49)+(D49*E49)+(F49*G49)+(H49*I49) -> 0
A50: Totaal Reisproduct voertuigen | J50: =SUM(J43:J49) -> 0
A52: Totaal Reisproduct Vrachtwagens | C52: 0 | E52: 0 | G52: 0 | I52: 0 | J52: =(B52*C52)+(D52*E52)+(F52*G52)+(H52*I52) -> 0
A54: Soort Reisproduct overig
A55: <tekst> | C55: 0 | E55: 0 | G55: 0 | I55: 0 | J55: =(B55*C55)+(D55*E55)+(F55*G55)+(H55*I55) -> 0
A56: <tekst> | C56: 0 | E56: 0 | G56: 0 | I56: 0 | J56: =(B56*C56)+(D56*E56)+(F56*G56)+(H56*I56) -> 0
A57: Totaal Reisproduct overig | J57: =SUM(J55:J56) -> 0
A59: Totaal Opbrengsten | J59: =J40+J50+J52+J57 -> 0
A62: Jaar | B62: 2031
B63: Aantal | C63: Wintertarief | D63: Aantal | E63: Zomertarief | F63: Aantal | G63: Eilandbewoner wintertarief | H63: Aantal | I63: Eilandbewoner Zomertarief | J63: Totaal Opbrengsten
A64: Soort Reisproduct personen
A65: Reguliere dienst kind 4 tot 11 jaar | C65: 0 | E65: 0 | G65: 0 | I65: 0 | J65: =(B65*C65)+(D65*E65)+(F65*G65)+(H65*I65) -> 0
A66: Reguliere dienst vanaf 11 jaar | C66: 0 | E66: 0 | G66: 0 | I66: 0 | J66: =(B66*C66)+(D66*E66)+(F66*G66)+(H66*I66) -> 0
A67: Sneldienst toeslag | C67: 0 | E67: 0 | G67: 0 | I67: 0 | J67: =(B67*C67)+(D67*E67)+(F67*G67)+(H67*I67) -> 0
A68: <tekst> | C68: 0 | E68: 0 | G68: 0 | I68: 0 | J68: =(B68*C68)+(D68*E68)+(F68*G68)+(H68*I68) -> 0
A69: Totaal Reisproduct personen | J69: =SUM(J65:J68) -> 0
A71: Soort Reisproduct voertuigen
A72: Personenauto | C72: 0 | E72: 0 | G72: 0 | J72: =(B72*C72)+(D72*E72)+(F72*G72)+(H72*I72) -> 0
A73: Personenauto + aanhangwagen | C73: 0 | E73: 0 | G73: 0 | J73: =(B73*C73)+(D73*E73)+(F73*G73)+(H73*I73) -> 0
A74: Motor | C74: 0 | E74: 0 | G74: 0 | J74: =(B74*C74)+(D74*E74)+(F74*G74)+(H74*I74) -> 0
A75: Brommer | C75: 0 | E75: 0 | G75: 0 | J75: =(B75*C75)+(D75*E75)+(F75*G75)+(H75*I75) -> 0
A76: Fiets | C76: 0 | E76: 0 | G76: 0 | J76: =(B76*C76)+(D76*E76)+(F76*G76)+(H76*I76) -> 0
A77: <tekst> | C77: 0 | E77: 0 | G77: 0 | J77: =(B77*C77)+(D77*E77)+(F77*G77)+(H77*I77) -> 0
A78: <tekst> | C78: 0 | E78: 0 | G78: 0 | J78: =(B78*C78)+(D78*E78)+(F78*G78)+(H78*I78) -> 0
A79: Totaal Reisproduct voertuigen | J79: =SUM(J72:J78) -> 0
A81: Totaal Reisproduct Vrachtwagens | C81: 0 | E81: 0 | G81: 0 | I81: 0 | J81: =(B81*C81)+(D81*E81)+(F81*G81)+(H81*I81) -> 0
A83: Soort Reisproduct overig
A84: <tekst> | C84: 0 | E84: 0 | G84: 0 | I84: 0 | J84: =(B84*C84)+(D84*E84)+(F84*G84)+(H84*I84) -> 0
A85: <tekst> | C85: 0 | E85: 0 | G85: 0 | I85: 0 | J85: =(B85*C85)+(D85*E85)+(F85*G85)+(H85*I85) -> 0
A86: Totaal Reisproduct overig | J86: =SUM(J84:J85) -> 0
A88: Totaal Opbrengsten | J88: =J69+J79+J81+J86 -> 0
A91: Jaar | B91: 2032
B92: Aantal | C92: Wintertarief | D92: Aantal | E92: Zomertarief | F92: Aantal | G92: Eilandbewoner wintertarief | H92: Aantal | I92: Eilandbewoner Zomertarief | J92: Totaal Opbrengsten
A93: Soort Reisproduct personen
A94: Reguliere dienst kind 4 tot 11 jaar | C94: 0 | E94: 0 | G94: 0 | I94: 0 | J94: =(B94*C94)+(D94*E94)+(F94*G94)+(H94*I94) -> 0
A95: Reguliere dienst vanaf 11 jaar | C95: 0 | E95: 0 | G95: 0 | I95: 0 | J95: =(B95*C95)+(D95*E95)+(F95*G95)+(H95*I95) -> 0
A96: Sneldienst toeslag | C96: 0 | E96: 0 | G96: 0 | I96: 0 | J96: =(B96*C96)+(D96*E96)+(F96*G96)+(H96*I96) -> 0
A97: <tekst> | C97: 0 | E97: 0 | G97: 0 | I97: 0 | J97: =(B97*C97)+(D97*E97)+(F97*G97)+(H97*I97) -> 0
A98: Totaal Reisproduct personen | J98: =SUM(J94:J97) -> 0
A100: Soort Reisproduct voertuigen
A101: Personenauto | C101: 0 | E101: 0 | G101: 0 | J101: =(B101*C101)+(D101*E101)+(F101*G101)+(H101*I101) -> 0
A102: Personenauto + aanhangwagen | C102: 0 | E102: 0 | G102: 0 | J102: =(B102*C102)+(D102*E102)+(F102*G102)+(H102*I102) -> 0
A103: Motor | C103: 0 | E103: 0 | G103: 0 | J103: =(B103*C103)+(D103*E103)+(F103*G103)+(H103*I103) -> 0
A104: Brommer | C104: 0 | E104: 0 | G104: 0 | J104: =(B104*C104)+(D104*E104)+(F104*G104)+(H104*I104) -> 0
A105: Fiets | C105: 0 | E105: 0 | G105: 0 | J105: =(B105*C105)+(D105*E105)+(F105*G105)+(H105*I105) -> 0
A106: <tekst> | C106: 0 | E106: 0 | G106: 0 | J106: =(B106*C106)+(D106*E106)+(F106*G106)+(H106*I106) -> 0
A107: <tekst> | C107: 0 | E107: 0 | G107: 0 | J107: =(B107*C107)+(D107*E107)+(F107*G107)+(H107*I107) -> 0
A108: Totaal Reisproduct voertuigen | J108: =SUM(J101:J107) -> 0
A110: Totaal Reisproduct Vrachtwagens | C110: 0 | E110: 0 | G110: 0 | I110: 0 | J110: =(B110*C110)+(D110*E110)+(F110*G110)+(H110*I110) -> 0
A112: Soort Reisproduct overig
A113: <tekst> | C113: 0 | E113: 0 | G113: 0 | I113: 0 | J113: =(B113*C113)+(D113*E113)+(F113*G113)+(H113*I113) -> 0
A114: <tekst> | C114: 0 | E114: 0 | G114: 0 | I114: 0 | J114: =(B114*C114)+(D114*E114)+(F114*G114)+(H114*I114) -> 0
A115: Totaal Reisproduct overig | J115: =SUM(J113:J114) -> 0
A117: Totaal Opbrengsten | J117: =J98+J108+J110+J115 -> 0
A120: Jaar | B120: 2033
B121: Aantal | C121: Wintertarief | D121: Aantal | E121: Zomertarief | F121: Aantal | G121: Eilandbewoner wintertarief | H121: Aantal | I121: Eilandbewoner Zomertarief | J121: Totaal Opbrengsten
A122: Soort Reisproduct personen
A123: Reguliere dienst kind 4 tot 11 jaar | C123: 0 | E123: 0 | G123: 0 | I123: 0 | J123: =(B123*C123)+(D123*E123)+(F123*G123)+(H123*I123) -> 0
A124: Reguliere dienst vanaf 11 jaar | C124: 0 | E124: 0 | G124: 0 | I124: 0 | J124: =(B124*C124)+(D124*E124)+(F124*G124)+(H124*I124) -> 0
A125: Sneldienst toeslag | C125: 0 | E125: 0 | G125: 0 | I125: 0 | J125: =(B125*C125)+(D125*E125)+(F125*G125)+(H125*I125) -> 0
...

Sheet G.02
A1: G.02 Opbrengsten kaartverkoop Sneldienst | F1: Instructie | G1: Vul de oranje cellen in
A2: terug
A5: Jaar | B5: 2029
B6: Aantal | C6: Wintertarief | D6: Aantal | E6: Zomertarief | F6: Aantal | G6: Eilandbewoner wintertarief | H6: Aantal | I6: Eilandbewoner zomertarief | J6: Totaal opbrengsten
A7: Soort Reisproduct Sneldienst
A8: Sneldienst kind tot 4 jaar | C8: 0 | E8: 0 | G8: 0 | I8: 0 | J8: =(B8*C8)+(D8*E8)+(F8*G8)+(H8*I8) -> 0
A9: Sneldienst kind 4 tot 11 jaar | C9: 0 | E9: 0 | G9: 0 | I9: 0 | J9: =(B9*C9)+(D9*E9)+(F9*G9)+(H9*I9) -> 0
A10: Sneldienst vanaf 11 jaar | C10: 0 | E10: 0 | G10: 0 | I10: 0 | J10: =(B10*C10)+(D10*E10)+(F10*G10)+(H10*I10) -> 0
A11: <tekst> | C11: 0 | E11: 0 | G11: 0 | I11: 0 | J11: =(B11*C11)+(D11*E11)+(F11*G11)+(H11*I11) -> 0
A12: Totaal Opbrengsten Sneldienst | J12: =SUM(J8:J11) -> 0
A15: Jaar | B15: 2030
B16: Aantal | C16: Wintertarief | D16: Aantal | E16: Zomertarief | F16: Aantal | G16: Eilandbewoner wintertarief | H16: Aantal | I16: Eilandbewoner zomertarief | J16: Totaal opbrengsten
A17: Soort Reisproduct Sneldienst
A18: Sneldienst kind tot 4 jaar | C18: 0 | E18: 0 | G18: 0 | I18: 0 | J18: =(B18*C18)+(D18*E18)+(F18*G18)+(H18*I18) -> 0
A19: Sneldienst kind 4 tot 11 jaar | C19: 0 | E19: 0 | G19: 0 | I19: 0 | J19: =(B19*C19)+(D19*E19)+(F19*G19)+(H19*I19) -> 0
A20: Sneldienst vanaf 11 jaar | C20: 0 | E20: 0 | G20: 0 | I20: 0 | J20: =(B20*C20)+(D20*E20)+(F20*G20)+(H20*I20) -> 0
A21: <tekst> | C21: 0 | E21: 0 | G21: 0 | I21: 0 | J21: =(B21*C21)+(D21*E21)+(F21*G21)+(H21*I21) -> 0
A22: Totaal Opbrengsten Sneldienst | J22: =SUM(J18:J21) -> 0
A25: Jaar | B25: 2031
B26: Aantal | C26: Wintertarief | D26: Aantal | E26: Zomertarief | F26: Aantal | G26: Eilandbewoner wintertarief | H26: Aantal | I26: Eilandbewoner zomertarief | J26: Totaal opbrengsten
A27: Soort Reisproduct Sneldienst
A28: Sneldienst kind tot 4 jaar | C28: 0 | E28: 0 | G28: 0 | I28: 0 | J28: =(B28*C28)+(D28*E28)+(F28*G28)+(H28*I28) -> 0
A29: Sneldienst kind 4 tot 11 jaar | C29: 0 | E29: 0 | G29: 0 | I29: 0 | J29: =(B29*C29)+(D29*E29)+(F29*G29)+(H29*I29) -> 0
A30: Sneldienst vanaf 11 jaar | C30: 0 | E30: 0 | G30: 0 | I30: 0 | J30: =(B30*C30)+(D30*E30)+(F30*G30)+(H30*I30) -> 0
A31: <tekst> | C31: 0 | E31: 0 | G31: 0 | I31: 0 | J31: =(B31*C31)+(D31*E31)+(F31*G31)+(H31*I31) -> 0
A32: Totaal Opbrengsten Sneldienst | J32: =SUM(J28:J31) -> 0
A35: Jaar | B35: 2032
B36: Aantal | C36: Wintertarief | D36: Aantal | E36: Zomertarief | F36: Aantal | G36: Eilandbewoner wintertarief | H36: Aantal | I36: Eilandbewoner zomertarief | J36: Totaal opbrengsten
A37: Soort Reisproduct Sneldienst
A38: Sneldienst kind tot 4 jaar | C38: 0 | E38: 0 | G38: 0 | I38: 0 | J38: =(B38*C38)+(D38*E38)+(F38*G38)+(H38*I38) -> 0
A39: Sneldienst kind 4 tot 11 jaar | C39: 0 | E39: 0 | G39: 0 | I39: 0 | J39: =(B39*C39)+(D39*E39)+(F39*G39)+(H39*I39) -> 0
A40: Sneldienst vanaf 11 jaar | C40: 0 | E40: 0 | G40: 0 | I40: 0 | J40: =(B40*C40)+(D40*E40)+(F40*G40)+(H40*I40) -> 0
A41: <tekst> | C41: 0 | E41: 0 | G41: 0 | I41: 0 | J41: =(B41*C41)+(D41*E41)+(F41*G41)+(H41*I41) -> 0
A42: Totaal Opbrengsten Sneldienst | J42: =SUM(J38:J41) -> 0
A45: Jaar | B45: 2033
B46: Aantal | C46: Wintertarief | D46: Aantal | E46: Zomertarief | F46: Aantal | G46: Eilandbewoner wintertarief | H46: Aantal | I46: Eilandbewoner zomertarief | J46: Totaal opbrengsten
A47: Soort Reisproduct Sneldienst
A48: Sneldienst kind tot 4 jaar | C48: 0 | E48: 0 | G48: 0 | I48: 0 | J48: =(B48*C48)+(D48*E48)+(F48*G48)+(H48*I48) -> 0
A49: Sneldienst kind 4 tot 11 jaar | C49: 0 | E49: 0 | G49: 0 | I49: 0 | J49: =(B49*C49)+(D49*E49)+(F49*G49)+(H49*I49) -> 0
A50: Sneldienst vanaf 11 jaar | C50: 0 | E50: 0 | G50: 0 | I50: 0 | J50: =(B50*C50)+(D50*E50)+(F50*G50)+(H50*I50) -> 0
A51: <tekst> | C51: 0 | E51: 0 | G51: 0 | I51: 0 | J51: =(B51*C51)+(D51*E51)+(F51*G51)+(H51*I51) -> 0
A52: Totaal Opbrengsten Sneldienst | J52: =SUM(J48:J51) -> 0
A55: Jaar | B55: 2034
B56: Aantal | C56: Wintertarief | D56: Aantal | E56: Zomertarief | F56: Aantal | G56: Eilandbewoner wintertarief | H56: Aantal | I56: Eilandbewoner zomertarief | J56: Totaal opbrengsten
A57: Soort Reisproduct Sneldienst
A58: Sneldienst kind tot 4 jaar | C58: 0 | E58: 0 | G58: 0 | I58: 0 | J58: =(B58*C58)+(D58*E58)+(F58*G58)+(H58*I58) -> 0
A59: Sneldienst kind 4 tot 11 jaar | C59: 0 | E59: 0 | G59: 0 | I59: 0 | J59: =(B59*C59)+(D59*E59)+(F59*G59)+(H59*I59) -> 0
A60: Sneldienst vanaf 11 jaar | C60: 0 | E60: 0 | G60: 0 | I60: 0 | J60: =(B60*C60)+(D60*E60)+(F60*G60)+(H60*I60) -> 0
A61: <tekst> | C61: 0 | E61: 0 | G61: 0 | I61: 0 | J61: =(B61*C61)+(D61*E61)+(F61*G61)+(H61*I61) -> 0
A62: Totaal Opbrengsten Sneldienst | J62: =SUM(J58:J61) -> 0
A65: Jaar | B65: 2035
B66: Aantal | C66: Wintertarief | D66: Aantal | E66: Zomertarief | F66: Aantal | G66: Eilandbewoner wintertarief | H66: Aantal | I66: Eilandbewoner zomertarief | J66: Totaal opbrengsten
A67: Soort Reisproduct Sneldienst
A68: Sneldienst kind tot 4 jaar | C68: 0 | E68: 0 | G68: 0 | I68: 0 | J68: =(B68*C68)+(D68*E68)+(F68*G68)+(H68*I68) -> 0
A69: Sneldienst kind 4 tot 11 jaar | C69: 0 | E69: 0 | G69: 0 | I69: 0 | J69: =(B69*C69)+(D69*E69)+(F69*G69)+(H69*I69) -> 0
A70: Sneldienst vanaf 11 jaar | C70: 0 | E70: 0 | G70: 0 | I70: 0 | J70: =(B70*C70)+(D70*E70)+(F70*G70)+(H70*I70) -> 0
A71: <tekst> | C71: 0 | E71: 0 | G71: 0 | I71: 0 | J71: =(B71*C71)+(D71*E71)+(F71*G71)+(H71*I71) -> 0
A72: Totaal Opbrengsten Sneldienst | J72: =SUM(J68:J71) -> 0
A75: Jaar | B75: 2036
B76: Aantal | C76: Wintertarief | D76: Aantal | E76: Zomertarief | F76: Aantal | G76: Eilandbewoner wintertarief | H76: Aantal | I76: Eilandbewoner zomertarief | J76: Totaal opbrengsten
A77: Soort Reisproduct Sneldienst
A78: Sneldienst kind tot 4 jaar | C78: 0 | E78: 0 | G78: 0 | I78: 0 | J78: =(B78*C78)+(D78*E78)+(F78*G78)+(H78*I78) -> 0
A79: Sneldienst kind 4 tot 11 jaar | C79: 0 | E79: 0 | G79: 0 | I79: 0 | J79: =(B79*C79)+(D79*E79)+(F79*G79)+(H79*I79) -> 0
A80: Sneldienst vanaf 11 jaar | C80: 0 | E80: 0 | G80: 0 | I80: 0 | J80: =(B80*C80)+(D80*E80)+(F80*G80)+(H80*I80) -> 0
A81: <tekst> | C81: 0 | E81: 0 | G81: 0 | I81: 0 | J81: =(B81*C81)+(D81*E81)+(F81*G81)+(H81*I81) -> 0
A82: Totaal Opbrengsten Sneldienst | J82: =SUM(J78:J81) -> 0
A85: Jaar | B85: 2037
B86: Aantal | C86: Wintertarief | D86: Aantal | E86: Zomertarief | F86: Aantal | G86: Eilandbewoner wintertarief | H86: Aantal | I86: Eilandbewoner zomertarief | J86: Totaal opbrengsten
A87: Soort Reisproduct Sneldienst
A88: Sneldienst kind tot 4 jaar | C88: 0 | E88: 0 | G88: 0 | I88: 0 | J88: =(B88*C88)+(D88*E88)+(F88*G88)+(H88*I88) -> 0
A89: Sneldienst kind 4 tot 11 jaar | C89: 0 | E89: 0 | G89: 0 | I89: 0 | J89: =(B89*C89)+(D89*E89)+(F89*G89)+(H89*I89) -> 0
A90: Sneldienst vanaf 11 jaar | C90: 0 | E90: 0 | G90: 0 | I90: 0 | J90: =(B90*C90)+(D90*E90)+(F90*G90)+(H90*I90) -> 0
A91: <tekst> | C91: 0 | E91: 0 | G91: 0 | I91: 0 | J91: =(B91*C91)+(D91*E91)+(F91*G91)+(H91*I91) -> 0
A92: Totaal Opbrengsten Sneldienst | J92: =SUM(J88:J91) -> 0
A95: Jaar | B95: 2038
B96: Aantal | C96: Wintertarief | D96: Aantal | E96: Zomertarief | F96: Aantal | G96: Eilandbewoner wintertarief | H96: Aantal | I96: Eilandbewoner zomertarief | J96: Totaal opbrengsten
A97: Soort Reisproduct Sneldienst
A98: Sneldienst kind tot 4 jaar | C98: 0 | E98: 0 | G98: 0 | I98: 0 | J98: =(B98*C98)+(D98*E98)+(F98*G98)+(H98*I98) -> 0
A99: Sneldienst kind 4 tot 11 jaar | C99: 0 | E99: 0 | G99: 0 | I99: 0 | J99: =(B99*C99)+(D99*E99)+(F99*G99)+(H99*I99) -> 0
A100: Sneldienst vanaf 11 jaar | C100: 0 | E100: 0 | G100: 0 | I100: 0 | J100: =(B100*C100)+(D100*E100)+(F100*G100)+(H100*I100) -> 0
A101: <tekst> | C101: 0 | E101: 0 | G101: 0 | I101: 0 | J101: =(B101*C101)+(D101*E101)+(F101*G101)+(H101*I101) -> 0
A102: Totaal Opbrengsten Sneldienst | J102: =SUM(J98:J101) -> 0
A105: Jaar | B105: 2039
B106: Aantal | C106: Wintertarief | D106: Aantal | E106: Zomertarief | F106: Aantal | G106: Eilandbewoner wintertarief | H106: Aantal | I106: Eilandbewoner zomertarief | J106: Totaal opbrengsten
A107: Soort Reisproduct Sneldienst
A108: Sneldienst kind tot 4 jaar | C108: 0 | E108: 0 | G108: 0 | I108: 0 | J108: =(B108*C108)+(D108*E108)+(F108*G108)+(H108*I108) -> 0
A109: Sneldienst kind 4 tot 11 jaar | C109: 0 | E109: 0 | G109: 0 | I109: 0 | J109: =(B109*C109)+(D109*E109)+(F109*G109)+(H109*I109) -> 0
A110: Sneldienst vanaf 11 jaar | C110: 0 | E110: 0 | G110: 0 | I110: 0 | J110: =(B110*C110)+(D110*E110)+(F110*G110)+(H110*I110) -> 0
A111: <tekst> | C111: 0 | E111: 0 | G111: 0 | I111: 0 | J111: =(B111*C111)+(D111*E111)+(F111*G111)+(H111*I111) -> 0
A112: Totaal Opbrengsten Sneldienst | J112: =SUM(J108:J111) -> 0
A115: Jaar | B115: 2040
B116: Aantal | C116: Wintertarief | D116: Aantal | E116: Zomertarief | F116: Aantal | G116: Eilandbewoner wintertarief | H116: Aantal | I116: Eilandbewoner zomertarief | J116: Totaal opbrengsten
A117: Soort Reisproduct Sneldienst
A118: Sneldienst kind tot 4 jaar | C118: 0 | E118: 0 | G118: 0 | I118: 0 | J118: =(B118*C118)+(D118*E118)+(F118*G118)+(H118*I118) -> 0
A119: Sneldienst kind 4 tot 11 jaar | C119: 0 | E119: 0 | G119: 0 | I119: 0 | J119: =(B119*C119)+(D119*E119)+(F119*G119)+(H119*I119) -> 0
A120: Sneldienst vanaf 11 jaar | C120: 0 | E120: 0 | G120: 0 | I120: 0 | J120: =(B120*C120)+(D120*E120)+(F120*G120)+(H120*I120) -> 0
A121: <tekst> | C121: 0 | E121: 0 | G121: 0 | I121: 0 | J121: =(B121*C121)+(D121*E121)+(F121*G121)+(H121*I121) -> 0
A122: Totaal Opbrengsten Sneldienst | J122: =SUM(J118:J121) -> 0
A125: Jaar | B125: 2041
B126: Aantal | C126: Wintertarief | D126: Aantal | E126: Zomertarief | F126: Aantal | G126: Eilandbewoner wintertarief | H126: Aantal | I126: Eilandbewoner zomertarief | J126: Totaal opbrengsten
...

Sheet G.04
A1: G.04 Opbrengsten Afvaarten Vlieland - Terschelling | E1: Instructie | F1: Vul de oranje cellen in
A2: terug
A4: Jaar | B4: 2029 | H4: Jaar | I4: 2030 | O4: Jaar | P4: 2031 | V4: Jaar | W4: 2032 | AC4: Jaar | AD4: 2033 | AJ4: Jaar | AK4: 2034 | AQ4: Jaar | AR4: 2035 | AX4: Jaar | AY4: 2036 | BE4: Jaar | BF4: 2037 | BL4: Jaar | BM4: 2038 | BS4: Jaar | BT4: 2039 | BZ4: Jaar | CA4: 2040 | CG4: Jaar | CH4: 2041 | CN4: Jaar | CO4: 2042 | CU4: Jaar | CV4: 2043
B5: Aantal regulier tarief | C5: Regulier tarief | D5: Aantal Eilandbewoners Scholieren tarief | E5: Eilandbewoners scholieren tarief | F5: Totaal opbrengsten | I5: Aantal regulier tarief | J5: Regulier tarief | K5: Aantal Eilandbewoners Scholieren tarief | L5: Eilandbewoners scholieren tarief | M5: Totaal opbrengsten | P5: Aantal regulier tarief | Q5: Regulier tarief | R5: Aantal Eilandbewoners Scholieren tarief | S5: Eilandbewoners scholieren tarief | T5: Totaal opbrengsten | W5: Aantal regulier tarief | X5: Regulier tarief | Y5: Aantal Eilandbewoners Scholieren tarief | Z5: Eilandbewoners scholieren tarief | AA5: Totaal opbrengsten | AD5: Aantal regulier tarief | AE5: Regulier tarief | AF5: Aantal Eilandbewoners Scholieren tarief | AG5: Eilandbewoners scholieren tarief | AH5: Totaal opbrengsten | AK5: Aantal regulier tarief | AL5: Regulier tarief | AM5: Aantal Eilandbewoners Scholieren tarief | AN5: Eilandbewoners scholieren tarief | AO5: Totaal opbrengsten | AR5: Aantal regulier tarief | AS5: Regulier tarief | AT5: Aantal Eilandbewoners Scholieren tarief | AU5: Eilandbewoners scholieren tarief | AV5: Totaal opbrengsten | AY5: Aantal regulier tarief | AZ5: Regulier tarief | BA5: Aantal Eilandbewoners Scholieren tarief | BB5: Eilandbewoners scholieren tarief | BC5: Totaal opbrengsten | BF5: Aantal regulier tarief | BG5: Regulier tarief | BH5: Aantal Eilandbewoners Scholieren tarief | BI5: Eilandbewoners scholieren tarief | BJ5: Totaal opbrengsten | BM5: Aantal regulier tarief | BN5: Regulier tarief | BO5: Aantal Eilandbewoners Scholieren tarief | BP5: Eilandbewoners scholieren tarief | BQ5: Totaal opbrengsten | BT5: Aantal regulier tarief | BU5: Regulier tarief | BV5: Aantal Eilandbewoners Scholieren tarief | BW5: Eilandbewoners scholieren tarief | BX5: Totaal opbrengsten | CA5: Aantal regulier tarief | CB5: Regulier tarief | CC5: Aantal Eilandbewoners Scholieren tarief | CD5: Eilandbewoners scholieren tarief | CE5: Totaal opbrengsten | CH5: Aantal regulier tarief | CI5: Regulier tarief | CJ5: Aantal Eilandbewoners Scholieren tarief | CK5: Eilandbewoners scholieren tarief | CL5: Totaal opbrengsten | CO5: Aantal regulier tarief | CP5: Regulier tarief | CQ5: Aantal Eilandbewoners Scholieren tarief | CR5: Eilandbewoners scholieren tarief | CS5: Totaal opbrengsten | CV5: Aantal regulier tarief | CW5: Regulier tarief | CX5: Aantal Eilandbewoners Scholieren tarief | CY5: Eilandbewoners scholieren tarief | CZ5: Totaal opbrengsten
A6: Soort reisproduct sneldienst | H6: Soort reisproduct sneldienst | O6: Soort reisproduct sneldienst | V6: Soort reisproduct sneldienst | AC6: Soort reisproduct sneldienst | AJ6: Soort reisproduct sneldienst | AQ6: Soort reisproduct sneldienst | AX6: Soort reisproduct sneldienst | BE6: Soort reisproduct sneldienst | BL6: Soort reisproduct sneldienst | BS6: Soort reisproduct sneldienst | BZ6: Soort reisproduct sneldienst | CG6: Soort reisproduct sneldienst | CN6: Soort reisproduct sneldienst | CU6: Soort reisproduct sneldienst
A7: <tekst> | F7: =(B7*C7)+(D7*E7) -> 0 | H7: <tekst> | M7: =(I7*J7)+(K7*L7) -> 0 | O7: <tekst> | T7: =(P7*Q7)+(R7*S7) -> 0 | V7: <tekst> | AA7: =(W7*X7)+(Y7*Z7) -> 0 | AC7: <tekst> | AH7: =(AD7*AE7)+(AF7*AG7) -> 0 | AJ7: <tekst> | AO7: =(AK7*AL7)+(AM7*AN7) -> 0 | AQ7: <tekst> | AV7: =(AR7*AS7)+(AT7*AU7) -> 0 | AX7: <tekst> | BC7: =(AY7*AZ7)+(BA7*BB7) -> 0 | BE7: <tekst> | BJ7: =(BF7*BG7)+(BH7*BI7) -> 0 | BL7: <tekst> | BQ7: =(BM7*BN7)+(BO7*BP7) -> 0 | BS7: <tekst> | BX7: =(BT7*BU7)+(BV7*BW7) -> 0 | BZ7: <tekst> | CE7: =(CA7*CB7)+(CC7*CD7) -> 0 | CG7: <tekst> | CL7: =(CH7*CI7)+(CJ7*CK7) -> 0 | CN7: <tekst> | CS7: =(CO7*CP7)+(CQ7*CR7) -> 0 | CU7: <tekst> | CZ7: =(CV7*CW7)+(CX7*CY7) -> 0
A8: <tekst> | F8: =(B8*C8)+(D8*E8) -> 0 | H8: <tekst> | M8: =(I8*J8)+(K8*L8) -> 0 | O8: <tekst> | T8: =(P8*Q8)+(R8*S8) -> 0 | V8: <tekst> | AA8: =(W8*X8)+(Y8*Z8) -> 0 | AC8: <tekst> | AH8: =(AD8*AE8)+(AF8*AG8) -> 0 | AJ8: <tekst> | AO8: =(AK8*AL8)+(AM8*AN8) -> 0 | AQ8: <tekst> | AV8: =(AR8*AS8)+(AT8*AU8) -> 0 | AX8: <tekst> | BC8: =(AY8*AZ8)+(BA8*BB8) -> 0 | BE8: <tekst> | BJ8: =(BF8*BG8)+(BH8*BI8) -> 0 | BL8: <tekst> | BQ8: =(BM8*BN8)+(BO8*BP8) -> 0 | BS8: <tekst> | BX8: =(BT8*BU8)+(BV8*BW8) -> 0 | BZ8: <tekst> | CE8: =(CA8*CB8)+(CC8*CD8) -> 0 | CG8: <tekst> | CL8: =(CH8*CI8)+(CJ8*CK8) -> 0 | CN8: <tekst> | CS8: =(CO8*CP8)+(CQ8*CR8) -> 0 | CU8: <tekst> | CZ8: =(CV8*CW8)+(CX8*CY8) -> 0
A9: <tekst> | F9: =(B9*C9)+(D9*E9) -> 0 | H9: <tekst> | M9: =(I9*J9)+(K9*L9) -> 0 | O9: <tekst> | T9: =(P9*Q9)+(R9*S9) -> 0 | V9: <tekst> | AA9: =(W9*X9)+(Y9*Z9) -> 0 | AC9: <tekst> | AH9: =(AD9*AE9)+(AF9*AG9) -> 0 | AJ9: <tekst> | AO9: =(AK9*AL9)+(AM9*AN9) -> 0 | AQ9: <tekst> | AV9: =(AR9*AS9)+(AT9*AU9) -> 0 | AX9: <tekst> | BC9: =(AY9*AZ9)+(BA9*BB9) -> 0 | BE9: <tekst> | BJ9: =(BF9*BG9)+(BH9*BI9) -> 0 | BL9: <tekst> | BQ9: =(BM9*BN9)+(BO9*BP9) -> 0 | BS9: <tekst> | BX9: =(BT9*BU9)+(BV9*BW9) -> 0 | BZ9: <tekst> | CE9: =(CA9*CB9)+(CC9*CD9) -> 0 | CG9: <tekst> | CL9: =(CH9*CI9)+(CJ9*CK9) -> 0 | CN9: <tekst> | CS9: =(CO9*CP9)+(CQ9*CR9) -> 0 | CU9: <tekst> | CZ9: =(CV9*CW9)+(CX9*CY9) -> 0
A10: <tekst> | F10: =(B10*C10)+(D10*E10) -> 0 | H10: <tekst> | M10: =(I10*J10)+(K10*L10) -> 0 | O10: <tekst> | T10: =(P10*Q10)+(R10*S10) -> 0 | V10: <tekst> | AA10: =(W10*X10)+(Y10*Z10) -> 0 | AC10: <tekst> | AH10: =(AD10*AE10)+(AF10*AG10) -> 0 | AJ10: <tekst> | AO10: =(AK10*AL10)+(AM10*AN10) -> 0 | AQ10: <tekst> | AV10: =(AR10*AS10)+(AT10*AU10) -> 0 | AX10: <tekst> | BC10: =(AY10*AZ10)+(BA10*BB10) -> 0 | BE10: <tekst> | BJ10: =(BF10*BG10)+(BH10*BI10) -> 0 | BL10: <tekst> | BQ10: =(BM10*BN10)+(BO10*BP10) -> 0 | BS10: <tekst> | BX10: =(BT10*BU10)+(BV10*BW10) -> 0 | BZ10: <tekst> | CE10: =(CA10*CB10)+(CC10*CD10) -> 0 | CG10: <tekst> | CL10: =(CH10*CI10)+(CJ10*CK10) -> 0 | CN10: <tekst> | CS10: =(CO10*CP10)+(CQ10*CR10) -> 0 | CU10: <tekst> | CZ10: =(CV10*CW10)+(CX10*CY10) -> 0
A11: Totaal opbrengsten Afvaarten Vlieland - Terschelling | F11: =SUM(F7:F10) -> 0 | H11: Totaal opbrengsten Afvaarten Vlieland - Terschelling | M11: =SUM(M7:M10) -> 0 | O11: Totaal opbrengsten Afvaarten Vlieland - Terschelling | T11: =SUM(T7:T10) -> 0 | V11: Totaal opbrengsten Afvaarten Vlieland - Terschelling | AA11: =SUM(AA7:AA10) -> 0 | AC11: Totaal opbrengsten Afvaarten Vlieland - Terschelling | AH11: =SUM(AH7:AH10) -> 0 | AJ11: Totaal opbrengsten Afvaarten Vlieland - Terschelling | AO11: =SUM(AO7:AO10) -> 0 | AQ11: Totaal opbrengsten Afvaarten Vlieland - Terschelling | AV11: =SUM(AV7:AV10) -> 0 | AX11: Totaal opbrengsten Afvaarten Vlieland - Terschelling | BC11: =SUM(BC7:BC10) -> 0 | BE11: Totaal opbrengsten Afvaarten Vlieland - Terschelling | BJ11: =SUM(BJ7:BJ10) -> 0 | BL11: Totaal opbrengsten Afvaarten Vlieland - Terschelling | BQ11: =SUM(BQ7:BQ10) -> 0 | BS11: Totaal opbrengsten Afvaarten Vlieland - Terschelling | BX11: =SUM(BX7:BX10) -> 0 | BZ11: Totaal opbrengsten Afvaarten Vlieland - Terschelling | CE11: =SUM(CE7:CE10) -> 0 | CG11: Totaal opbrengsten Afvaarten Vlieland - Terschelling | CL11: =SUM(CL7:CL10) -> 0 | CN11: Totaal opbrengsten Afvaarten Vlieland - Terschelling | CS11: =SUM(CS7:CS10) -> 0 | CU11: Totaal opbrengsten Afvaarten Vlieland - Terschelling | CZ11: =SUM(CZ7:CZ10) -> 0

Sheet L.01
A1: M.01 Gemiddelde rendement over 3 jaar (RONA) | G1: Instructie | H1: Vul de oranje cellen in
A2: terug
B3: 2029 1 jan | C3: 2029 | D3: =C3+1 -> 2030 | E3: =D3+1 -> 2031 | F3: =E3+1 -> 2032 | G3: =F3+1 -> 2033 | H3: =G3+1 -> 2034 | I3: =H3+1 -> 2035 | J3: =I3+1 -> 2036 | K3: =J3+1 -> 2037 | ... Q3: =P3+1 -> 2043
A4: EBIT | C4: ='Winst en verlies rekening'!F64 -> 0 | D4: ='Winst en verlies rekening'!G64 -> 0 | E4: ='Winst en verlies rekening'!H64 -> 0 | F4: ='Winst en verlies rekening'!I64 -> 0 | G4: ='Winst en verlies rekening'!J64 -> 0 | H4: ='Winst en verlies rekening'!K64 -> 0 | I4: ='Winst en verlies rekening'!L64 -> 0 | J4: ='Winst en verlies rekening'!M64 -> 0 | ... N4: ='Winst en verlies rekening'!Q64 -> 0 | O4: =L.01!S89 -> 0 | P4: =L.01!T89 -> 0 | Q4: =L.01!U89 -> 0
A6: Materiele vaste activa | B6: =Balans!B11 -> 0 | C6: =Balans!C11 -> 0 | D6: =Balans!D11 -> 0 | E6: =Balans!E11 -> 0 | F6: =Balans!F11 -> 0 | G6: =Balans!G11 -> 0 | H6: =Balans!H11 -> 0 | I6: =Balans!I11 -> 0 | ... Q6: =Balans!Q11 -> 0
A7: Vorderingen deelnemingen
A8: Vlottende activa | B8: =Balans!B15 -> 0 | C8: =Balans!C15 -> 0 | D8: =Balans!D15 -> 0 | E8: =Balans!E15 -> 0 | F8: =Balans!F15 -> 0 | G8: =Balans!G15 -> 0 | H8: =Balans!H15 -> 0 | I8: =Balans!I15 -> 0 | ... Q8: =Balans!Q15 -> 0
A9: Liquide middelen | B9: =Balans!B17 -> 0 | C9: =Balans!C17 -> 0 | D9: =Balans!D17 -> 0 | E9: =Balans!E17 -> 0 | F9: =Balans!F17 -> 0 | G9: =Balans!G17 -> 0 | H9: =Balans!H17 -> 0 | I9: =Balans!I17 -> 0 | ... Q9: =Balans!Q17 -> 0
A10: Correctie excess cash
A11: Kortlopende schulden | B11: =Balans!B34 -> 0 | C11: =Balans!C34 -> 0 | D11: =Balans!D34 -> 0 | E11: =Balans!E34 -> 0 | F11: =Balans!F34 -> 0 | G11: =Balans!G34 -> 0 | H11: =Balans!H34 -> 0 | I11: =Balans!I34 -> 0 | ... Q11: =Balans!Q34 -> 0
A13: Netto activa waarde | B13: =SUM(B6:B11) -> 0 | C13: =SUM(C6:C11) -> 0 | D13: =SUM(D6:D11) -> 0 | E13: =SUM(E6:E11) -> 0 | F13: =SUM(F6:F11) -> 0 | G13: =SUM(G6:G11) -> 0 | H13: =SUM(H6:H11) -> 0 | I13: =SUM(I6:I11) -> 0 | ... Q13: =SUM(Q6:Q11) -> 0
A15: Genormaliseerde activawaarde | E15: =(((B13+C13)/2)+((C13+D13)/2)+((D13+E13)/2))/3 -> 0 | F15: =(((C13+D13)/2)+((D13+E13)/2)+((E13+F13)/2))/3 -> 0 | G15: =(((D13+E13)/2)+((E13+F13)/2)+((F13+G13)/2))/3 -> 0 | H15: =(((E13+F13)/2)+((F13+G13)/2)+((G13+H13)/2))/3 -> 0 | I15: =(((F13+G13)/2)+((G13+H13)/2)+((H13+I13)/2))/3 -> 0 | J15: =(((G13+H13)/2)+((H13+I13)/2)+((I13+J13)/2))/3 -> 0 | K15: =(((H13+I13)/2)+((I13+J13)/2)+((J13+K13)/2))/3 -> 0 | L15: =(((I13+J13)/2)+((J13+K13)/2)+((K13+L13)/2))/3 -> 0 | ... Q15: =(((N13+O13)/2)+((O13+P13)/2)+((P13+Q13)/2))/3 -> 0
A17: Gemiddelde rendement jaar T (RONA) | E17: =IFERROR(((C4+D4+E4)/3) /((((B13+C13)/2) +((C13+D13)/2) + ((D13+E13)/2) ) / 3), 0) -> 0 | F17: =IFERROR(((D4+E4+F4)/3) /((((C13+D13)/2) +((D13+E13)/2) + ((E13+F13)/2) ) / 3), 0) -> 0 | G17: =IFERROR(((E4+F4+G4)/3) /((((D13+E13)/2) +((E13+F13)/2) + ((F13+G13)/2) ) / 3), 0) -> 0 | H17: =IFERROR(((F4+G4+H4)/3) /((((E13+F13)/2) +((F13+G13)/2) + ((G13+H13)/2) ) / 3), 0) -> 0 | I17: =IFERROR(((G4+H4+I4)/3) /((((F13+G13)/2) +((G13+H13)/2) + ((H13+I13)/2) ) / 3), 0) -> 0 | J17: =IFERROR(((H4+I4+J4)/3) /((((G13+H13)/2) +((H13+I13)/2) + ((I13+J13)/2) ) / 3), 0) -> 0 | K17: =IFERROR(((I4+J4+K4)/3) /((((H13+I13)/2) +((I13+J13)/2) + ((J13+K13)/2) ) / 3), 0) -> 0 | L17: =IFERROR(((J4+K4+L4)/3) /((((I13+J13)/2) +((J13+K13)/2) + ((K13+L13)/2) ) / 3), 0) -> 0 | ... Q17: =IFERROR(((O4+P4+Q4)/3) /((((N13+O13)/2) +((O13+P13)/2) + ((P13+Q13)/2) ) / 3), 0) -> 0
A19: Maximale rendement | E19: 0.13 | F19: 0.13 | G19: 0.13 | H19: 0.13 | I19: 0.13 | J19: 0.13 | K19: 0.13 | L19: 0.13 | M19: 0.13 | N19: 0.13 | O19: 0.13 | P19: 0.13 | Q19: 0.13

Sheet Balans
A1: Balans 31 december | F1: Instructie | G1: Vul de oranje cellen in
A2: Terug
A4: Activa | B4: 2029 1 jan | C4: 2029 | D4: =C4+1 -> 2030 | E4: =D4+1 -> 2031 | F4: =E4+1 -> 2032 | G4: =F4+1 -> 2033 | H4: =G4+1 -> 2034 | I4: =H4+1 -> 2035 | J4: =I4+1 -> 2036 | K4: =J4+1 -> 2037 | ... Q4: =P4+1 -> 2043
A5: Materiële vaste activa
A6: Gebouwen en terreinen
A7: Schepen | B7: =B.01!N8 -> 0 | C7: =(B.01!N44) -> 0 | D7: =(B.01!N45) -> 0 | E7: =(B.01!N46) -> 0 | F7: =(B.01!N47) -> 0 | G7: =(B.01!N48) -> 0 | H7: =(B.01!N49) -> 0 | I7: =(B.01!N50) -> 0 | J7: =(B.01!N51) -> 0 | K7: =(B.01!N52) -> 0 | L7: =(B.01!N53) -> 0 | M7: =(B.01!N54) -> 0 | N7: =(B.01!N55) -> 0 | O7: =(B.01!N56) -> 0 | P7: =(B.01!N57) -> 0 | Q7: =(B.01!N58) -> 0
A8: Installaties
A9: Inrichting
A10: Overige bedrijfsmiddelen
A11: Totaal materiële vaste activa | B11: =SUM(B6:B10) -> 0 | C11: =SUM(C6:C10) -> 0 | D11: =SUM(D6:D10) -> 0 | E11: =SUM(E6:E10) -> 0 | F11: =SUM(F6:F10) -> 0 | G11: =SUM(G6:G10) -> 0 | H11: =SUM(H6:H10) -> 0 | I11: =SUM(I6:I10) -> 0 | ... Q11: =SUM(Q6:Q10) -> 0
A13: Financiële vaste activa
A15: Vlottende activa
A17: Liquide middelen
A19: Totaal activa | B19: =B11+B13+B15+B17 -> 0 | C19: =C11+C13+C15+C17 -> 0 | D19: =D11+D13+D15+D17 -> 0 | E19: =E11+E13+E15+E17 -> 0 | F19: =F11+F13+F15+F17 -> 0 | G19: =G11+G13+G15+G17 -> 0 | H19: =H11+H13+H15+H17 -> 0 | I19: =I11+I13+I15+I17 -> 0 | ... Q19: =Q11+Q13+Q15+Q17 -> 0
A21: Credit (passiva) | B21: 2029 | C21: 2029 | D21: =C21+1 -> 2030 | E21: =D21+1 -> 2031 | F21: =E21+1 -> 2032 | G21: =F21+1 -> 2033 | H21: =G21+1 -> 2034 | I21: =H21+1 -> 2035 | J21: =I21+1 -> 2036 | K21: =J21+1 -> 2037 | ... Q21: =P21+1 -> 2043
A22: Eigen vermogen
A23: Kapitaal en reserves
A24: Herwaarderingsreserve
A25: Totaal eigen vermogen | B25: =SUM(B23:B24) -> 0 | C25: =SUM(C23:C24) -> 0 | D25: =SUM(D23:D24) -> 0 | E25: =SUM(E23:E24) -> 0 | F25: =SUM(F23:F24) -> 0 | G25: =SUM(G23:G24) -> 0 | H25: =SUM(H23:H24) -> 0 | I25: =SUM(I23:I24) -> 0 | ... Q25: =SUM(Q23:Q24) -> 0
A27: Lang vreemd vermogen
A28: Belastinglatentie
A29: Voorzieningen
A30: Langlopende schulden
A31: Aflossingsverplichting
A32: Totaal lang vreemd vermogen | B32: =SUM(B28:B31) -> 0 | C32: =SUM(C28:C31) -> 0 | D32: =SUM(D28:D31) -> 0 | E32: =SUM(E28:E31) -> 0 | F32: =SUM(F28:F31) -> 0 | G32: =SUM(G28:G31) -> 0 | H32: =SUM(H28:H31) -> 0 | I32: =SUM(I28:I31) -> 0 | ... Q32: =SUM(Q28:Q31) -> 0
A34: Kort vreemd vermogen
A36: Totaal Passiva | B36: =(B25+B32+B34) -> 0 | C36: =(C25+C32+C34) -> 0 | D36: =(D25+D32+D34) -> 0 | E36: =(E25+E32+E34) -> 0 | F36: =(F25+F32+F34) -> 0 | G36: =(G25+G32+G34) -> 0 | H36: =(H25+H32+H34) -> 0 | I36: =(I25+I32+I34) -> 0 | ... Q36: =(Q25+Q32+Q34) -> 0
A38: Controle | B38: =B19-B36 -> 0 | C38: =C19-C36 -> 0 | D38: =D19-D36 -> 0 | E38: =E19-E36 -> 0 | F38: =F19-F36 -> 0 | G38: =G19-G36 -> 0 | H38: =H19-H36 -> 0 | I38: =I19-I36 -> 0 | ... Q38: =Q19-Q36 -> 0

Sheet Kasstromenoverzicht
A1: Kasstromenoverzicht 31 december | F1: Instructie | G1: Vul de oranje cellen in
A2: terug
A4: Jaar | B4: 2029 | C4: =B4+1 -> 2030 | D4: =C4+1 -> 2031 | E4: =D4+1 -> 2032 | F4: =E4+1 -> 2033 | G4: =F4+1 -> 2034 | H4: =G4+1 -> 2035 | I4: =H4+1 -> 2036 | J4: =I4+1 -> 2037 | ... P4: =O4+1 -> 2043
A5: EBIT | B5: ='Winst en verlies rekening'!F64 -> 0 | C5: ='Winst en verlies rekening'!G64 -> 0 | D5: ='Winst en verlies rekening'!H64 -> 0 | E5: ='Winst en verlies rekening'!I64 -> 0 | F5: ='Winst en verlies rekening'!J64 -> 0 | G5: ='Winst en verlies rekening'!K64 -> 0 | H5: ='Winst en verlies rekening'!L64 -> 0 | I5: ='Winst en verlies rekening'!M64 -> 0 | ... P5: ='Winst en verlies rekening'!T64 -> 0
A7: Afschrijvingen schepen | B7: =B.01!N23 -> 0 | C7: =B.01!N24 -> 0 | D7: =B.01!N25 -> 0 | E7: =B.01!N26 -> 0 | F7: =B.01!N27 -> 0 | G7: =B.01!N28 -> 0 | H7: =B.01!N29 -> 0 | I7: =B.01!N30 -> 0 | J7: =B.01!N31 -> 0 | K7: =B.01!N32 -> 0 | L7: =B.01!N33 -> 0 | M7: =B.01!N34 -> 0 | N7: =B.01!N35 -> 0 | O7: =B.01!N36 -> 0 | P7: =B.01!N37 -> 0
A8: Afschrijvingen installaties op locaties
A9: Afschrijvingen inrichting van locaties
A10: Mutaties
A11: <tekst>
A12: <tekst>
A13: Kastroom uit bedrijfsoperaties | B13: =B5+SUM(B7:B9)+SUM(B11:B12) -> 0 | C13: =C5+SUM(C7:C9)+SUM(C11:C12) -> 0 | D13: =D5+SUM(D7:D9)+SUM(D11:D12) -> 0 | E13: =E5+SUM(E7:E9)+SUM(E11:E12) -> 0 | F13: =F5+SUM(F7:F9)+SUM(F11:F12) -> 0 | G13: =G5+SUM(G7:G9)+SUM(G11:G12) -> 0 | H13: =H5+SUM(H7:H9)+SUM(H11:H12) -> 0 | I13: =I5+SUM(I7:I9)+SUM(I11:I12) -> 0 | ... P13: =P5+SUM(P7:P9)+SUM(P11:P12) -> 0
A15: Ontvangen interest
A16: Betaalde interest
A17: Betaalde vennootschapbelasting
A18: Kasstroom uit operationele activiteiten | B18: =B13+B15+B16+B17 -> 0 | C18: =C13+C15+C16+C17 -> 0 | D18: =D13+D15+D16+D17 -> 0 | E18: =E13+E15+E16+E17 -> 0 | F18: =F13+F15+F16+F17 -> 0 | G18: =G13+G15+G16+G17 -> 0 | H18: =H13+H15+H16+H17 -> 0 | I18: =I13+I15+I16+I17 -> 0 | ... P18: =P13+P15+P16+P17 -> 0
A20: Verstrekte langlopende leningen
A21: Investeringen materiële vaste activa
A22: Mutaties
A23: <tekst>
A24: <tekst>
A25: Kasstroom uit investeringsactiviteiten | B25: =SUM(B20:B24) -> 0 | C25: =SUM(C20:C24) -> 0 | D25: =SUM(D20:D24) -> 0 | E25: =SUM(E20:E24) -> 0 | F25: =SUM(F20:F24) -> 0 | G25: =SUM(G20:G24) -> 0 | H25: =SUM(H20:H24) -> 0 | I25: =SUM(I20:I24) -> 0 | ... P25: =SUM(P20:P24) -> 0
A27: Aflossingen langlopende schulden
A28: Kastroom uit financieringsactiviteiten | B28: =B27 -> 0 | C28: =C27 -> 0 | D28: =D27 -> 0 | E28: =E27 -> 0 | F28: =F27 -> 0 | G28: =G27 -> 0 | H28: =H27 -> 0 | I28: =I27 -> 0 | ... P28: =P27 -> 0
A30: Nettokasstroom | B30: =B18+B25+B28 -> 0 | C30: =C18+C25+C28 -> 0 | D30: =D18+D25+D28 -> 0 | E30: =E18+E25+E28 -> 0 | F30: =F18+F25+F28 -> 0 | G30: =G18+G25+G28 -> 0 | H30: =H18+H25+H28 -> 0 | I30: =I18+I25+I28 -> 0 | ... P30: =P18+P25+P28 -> 0

Sheet Verwachte afvaarten 
A1: Verwachte afvaarten | F1: Instructie | G1: Vul de oranje cellen in
A2: terug
A4: Terschelling - Harlingen v.v
B5: 2029 | C5: =B5+1 -> 2030 | D5: =C5+1 -> 2031 | E5: =D5+1 -> 2032 | F5: =E5+1 -> 2033 | G5: =F5+1 -> 2034 | H5: =G5+1 -> 2035 | I5: =H5+1 -> 2036 | J5: =I5+1 -> 2037 | ... P5: =O5+1 -> 2043
A6: Reguliere Dienst | B6: =SUM(B7:B9) -> 0 | C6: =SUM(C7:C9) -> 0 | D6: =SUM(D7:D9) -> 0 | E6: =SUM(E7:E9) -> 0 | F6: =SUM(F7:F9) -> 0 | G6: =SUM(G7:G9) -> 0 | H6: =SUM(H7:H9) -> 0 | I6: =SUM(I7:I9) -> 0 | ... P6: =SUM(P7:P9) -> 0
A7: <Schip>
A8: <Schip>
A9: <Schip>
A10: Sneldienst | B10: =SUM(B11:B12) -> 0 | C10: =SUM(C11:C12) -> 0 | D10: =SUM(D11:D12) -> 0 | E10: =SUM(E11:E12) -> 0 | F10: =SUM(F11:F12) -> 0 | G10: =SUM(G11:G12) -> 0 | H10: =SUM(H11:H12) -> 0 | I10: =SUM(I11:I12) -> 0 | ... P10: =SUM(P11:P12) -> 0
A11: <Schip>
A12: <Schip>
A13: Extra Reguliere Dienst | B13: =SUM(B14:B16) -> 0 | C13: =SUM(C14:C16) -> 0 | D13: =SUM(D14:D16) -> 0 | E13: =SUM(E14:E16) -> 0 | F13: =SUM(F14:F16) -> 0 | G13: =SUM(G14:G16) -> 0 | H13: =SUM(H14:H16) -> 0 | I13: =SUM(I14:I16) -> 0 | ... P13: =SUM(P14:P16) -> 0
A14: <Schip>
A15: <Schip>
A16: <Schip>
A17: Extra Sneldienst | B17: =SUM(B18:B19) -> 0 | C17: =SUM(C18:C19) -> 0 | D17: =SUM(D18:D19) -> 0 | E17: =SUM(E18:E19) -> 0 | F17: =SUM(F18:F19) -> 0 | G17: =SUM(G18:G19) -> 0 | H17: =SUM(H18:H19) -> 0 | I17: =SUM(I18:I19) -> 0 | ... P17: =SUM(P18:P19) -> 0
A18: <Schip>
A19: <Schip>
A20: Totaal | B20: =B6+B10+B13+B17 -> 0 | C20: =C6+C10+C13+C17 -> 0 | D20: =D6+D10+D13+D17 -> 0 | E20: =E6+E10+E13+E17 -> 0 | F20: =F6+F10+F13+F17 -> 0 | G20: =G6+G10+G13+G17 -> 0 | H20: =H6+H10+H13+H17 -> 0 | I20: =I6+I10+I13+I17 -> 0 | ... P20: =P6+P10+P13+P17 -> 0
A23: Vlieland - Harlingen v.v.
B24: 2029 | C24: =B24+1 -> 2030 | D24: =C24+1 -> 2031 | E24: =D24+1 -> 2032 | F24: =E24+1 -> 2033 | G24: =F24+1 -> 2034 | H24: =G24+1 -> 2035 | I24: =H24+1 -> 2036 | J24: =I24+1 -> 2037 | ... P24: =O24+1 -> 2043
A25: Reguliere Dienst | B25: =SUM(B26:B28) -> 0 | C25: =SUM(C26:C28) -> 0 | D25: =SUM(D26:D28) -> 0 | E25: =SUM(E26:E28) -> 0 | F25: =SUM(F26:F28) -> 0 | G25: =SUM(G26:G28) -> 0 | H25: =SUM(H26:H28) -> 0 | I25: =SUM(I26:I28) -> 0 | ... P25: =SUM(P26:P28) -> 0
A26: <Schip>
A27: <Schip>
A28: <Schip>
A29: Sneldienst | B29: =SUM(B30:B31) -> 0 | C29: =SUM(C30:C31) -> 0 | D29: =SUM(D30:D31) -> 0 | E29: =SUM(E30:E31) -> 0 | F29: =SUM(F30:F31) -> 0 | G29: =SUM(G30:G31) -> 0 | H29: =SUM(H30:H31) -> 0 | I29: =SUM(I30:I31) -> 0 | ... P29: =SUM(P30:P31) -> 0
A30: <Schip>
A31: <Schip>
A32: Extra Reguliere Dienst | B32: =SUM(B33:B35) -> 0 | C32: =SUM(C33:C35) -> 0 | D32: =SUM(D33:D35) -> 0 | E32: =SUM(E33:E35) -> 0 | F32: =SUM(F33:F35) -> 0 | G32: =SUM(G33:G35) -> 0 | H32: =SUM(H33:H35) -> 0 | I32: =SUM(I33:I35) -> 0 | ... P32: =SUM(P33:P35) -> 0
A33: <Schip>
A34: <Schip>
A35: <Schip>
A36: Extra Sneldienst | B36: =SUM(B37:B38) -> 0 | C36: =SUM(C37:C38) -> 0 | D36: =SUM(D37:D38) -> 0 | E36: =SUM(E37:E38) -> 0 | F36: =SUM(F37:F38) -> 0 | G36: =SUM(G37:G38) -> 0 | H36: =SUM(H37:H38) -> 0 | I36: =SUM(I37:I38) -> 0 | ... P36: =SUM(P37:P38) -> 0
A37: <Schip>
A38: <Schip>
A39: Totaal | B39: =B25+B29+B32+B36 -> 0 | C39: =C25+C29+C32+C36 -> 0 | D39: =D25+D29+D32+D36 -> 0 | E39: =E25+E29+E32+E36 -> 0 | F39: =F25+F29+F32+F36 -> 0 | G39: =G25+G29+G32+G36 -> 0 | H39: =H25+H29+H32+H36 -> 0 | I39: =I25+I29+I32+I36 -> 0 | ... P39: =P25+P29+P32+P36 -> 0
A42: Vlieland - Terschelling v.v.
B43: 2029 | C43: =B43+1 -> 2030 | D43: =C43+1 -> 2031 | E43: =D43+1 -> 2032 | F43: =E43+1 -> 2033 | G43: =F43+1 -> 2034 | H43: =G43+1 -> 2035 | I43: =H43+1 -> 2036 | J43: =I43+1 -> 2037 | ... P43: =O43+1 -> 2043
A44: <Schip>
A45: Totaal | B45: =SUM(B44) -> 0 | C45: =SUM(C44) -> 0 | D45: =SUM(D44) -> 0 | E45: =SUM(E44) -> 0 | F45: =SUM(F44) -> 0 | G45: =SUM(G44) -> 0 | H45: =SUM(H44) -> 0 | I45: =SUM(I44) -> 0 | ... P45: =SUM(P44) -> 0
